Workbook
Name Años: Tablas!$B$5:$B$21
Name Cuentas: OFFSET(Tablas!$H$4,1,0,COUNTA(Tablas!$H$5:$H$5000),1)
Name Tipo_Gastos: Tablas!$F$5:$F$10

Sheet Plantilla gastos
G2: ▼ gráficos | K2: Gastos ►
D5: NOMBRE EMPRESA | G5: GASTOS ANUALES | M5: Moneda: | N5: Soles | O5: Año: | P5: 2016
D7: INGRESOS/Cobros | E7: Total | F7: % | G7: Enero | H7: Febrero | I7: Marzo | J7: Abril | K7: Mayo | L7: Junio | M7: Julio | N7: Agosto | O7: Septiembre | P7: Octubre | Q7: Noviembre | R7: Diciembre
D9: Ingresos por ventas | E9: =SUM(G9:R9) -> 276000 | F9: =IFERROR(E9/$E$10,0) -> 1 | G9: 23000 | H9: 23000 | I9: 23000 | J9: 23000 | K9: 23000 | L9: 23000 | M9: 23000 | N9: 23000 | O9: 23000 | P9: 23000 | Q9: 23000 | R9: 23000
D10: Ingresos/Cobros NETOS | E10: =SUM(E9:E9) -> 276000 | F10: =SUM(F9:F9) -> 1 | G10: =SUM(G9:G9) -> 23000 | H10: =SUM(H9:H9) -> 23000 | I10: =SUM(I9:I9) -> 23000 | J10: =SUM(J9:J9) -> 23000 | K10: =SUM(K9:K9) -> 23000 | L10: =SUM(L9:L9) -> 23000 | ... R10: =SUM(R9:R9) -> 23000
G11: =+G10 -> 23000 | H11: =+G11+H10 -> 46000 | I11: =+H11+I10 -> 69000 | J11: =+I11+J10 -> 92000 | K11: =+J11+K10 -> 115000 | L11: =+K11+L10 -> 138000 | M11: =+L11+M10 -> 161000 | N11: =+M11+N10 -> 184000 | O11: =+N11+O10 -> 207000 | ... R11: =+Q11+R10 -> 276000
D12: GASTOS/Pagos | E12: =E7 -> Total | F12: % | G12: =G7 -> Enero | H12: =H7 -> Febrero | I12: =I7 -> Marzo | J12: =J7 -> Abril | K12: =K7 -> Mayo | L12: =L7 -> Junio | M12: =M7 -> Julio | N12: =N7 -> Agosto | ... R12: =R7 -> Diciembre
C14: 1 | D14: GASTOS DE PERSONAL | E14: =SUM(E15:E44) -> 75535 | F14: =IFERROR(E14/$E$207,0) -> 0.27012577 | G14: =SUM(G15:G44) -> 17662 | H14: =SUM(H15:H44) -> 6299 | I14: =SUM(I15:I44) -> 0 | J14: =SUM(J15:J44) -> 23080 | K14: =SUM(K15:K44) -> 18675 | L14: =SUM(L15:L44) -> 9819 | M14: =SUM(M15:M44) -> 0 | N14: =SUM(N15:N44) -> 0 | ... R14: =SUM(R15:R44) -> 0
C15: 1 | D15: =IFERROR(INDEX(Tablas!$H$5:$H$1048576,MATCH(CONCATENATE(C14,".",$C15),Tablas!$L$5:$L$1048576,0),1),"") -> Consumos | E15: =SUM(G15:R15) -> 3153 | F15: =IFERROR(E15/E14,"") -> 0.041742239 | G15: =SUMIFS(Tabla7[Monto],Tabla7[Moneda],$N$5,Tabla7[Mes],G$12,Tabla7[Cuenta asociada],$D15) -> 3153 | H15: =SUMIFS(Tabla7[Monto],Tabla7[Moneda],$N$5,Tabla7[Mes],H$12,Tabla7[Cuenta asociada],$D15) -> 0 | I15: =SUMIFS(Tabla7[Monto],Tabla7[Moneda],$N$5,Tabla7[Mes],I$12,Tabla7[Cuenta asociada],$D15) -> 0 | J15: =SUMIFS(Tabla7[Monto],Tabla7[Moneda],$N$5,Tabla7[Mes],J$12,Tabla7[Cuenta asociada],$D15) -> 0 | K15: =SUMIFS(Tabla7[Monto],Tabla7[Moneda],$N$5,Tabla7[Mes],K$12,Tabla7[Cuenta asociada],$D15) -> 0 | L15: =SUMIFS(Tabla7[Monto],Tabla7[Moneda],$N$5,Tabla7[Mes],L$12,Tabla7[Cuenta asociada],$D15) -> 0 | M15: =SUMIFS(Tabla7[Monto],Tabla7[Moneda],$N$5,Tabla7[Mes],M$12,Tabla7[Cuenta asociada],$D15) -> 0 | N15: =SUMIFS(Tabla7[Monto],Tabla7[Moneda],$N$5,Tabla7[Mes],N$12,Tabla7[Cuenta asociada],$D15) -> 0 | ... R15: =SUMIFS(Tabla7[Monto],Tabla7[Moneda],$N$5,Tabla7[Mes],R$12,Tabla7[Cuenta asociada],$D15) -> 0
C16: 2 | D16: =IFERROR(INDEX(Tablas!$H$5:$H$1048576,MATCH(CONCATENATE(C14,".",$C16),Tablas!$L$5:$L$1048576,0),1),"") -> Sueldos | E16: =SUM(G16:R16) -> 5203 | F16: =IFERROR(E16/E14,"") -> 0.068881975 | G16: =SUMIFS(Tabla7[Monto],Tabla7[Moneda],$N$5,Tabla7[Mes],G$12,Tabla7[Cuenta asociada],$D16) -> 0 | H16: =SUMIFS(Tabla7[Monto],Tabla7[Moneda],$N$5,Tabla7[Mes],H$12,Tabla7[Cuenta asociada],$D16) -> 5203 | I16: =SUMIFS(Tabla7[Monto],Tabla7[Moneda],$N$5,Tabla7[Mes],I$12,Tabla7[Cuenta asociada],$D16) -> 0 | J16: =SUMIFS(Tabla7[Monto],Tabla7[Moneda],$N$5,Tabla7[Mes],J$12,Tabla7[Cuenta asociada],$D16) -> 0 | K16: =SUMIFS(Tabla7[Monto],Tabla7[Moneda],$N$5,Tabla7[Mes],K$12,Tabla7[Cuenta asociada],$D16) -> 0 | L16: =SUMIFS(Tabla7[Monto],Tabla7[Moneda],$N$5,Tabla7[Mes],L$12,Tabla7[Cuenta asociada],$D16) -> 0 | M16: =SUMIFS(Tabla7[Monto],Tabla7[Moneda],$N$5,Tabla7[Mes],M$12,Tabla7[Cuenta asociada],$D16) -> 0 | N16: =SUMIFS(Tabla7[Monto],Tabla7[Moneda],$N$5,Tabla7[Mes],N$12,Tabla7[Cuenta asociada],$D16) -> 0 | ... R16: =SUMIFS(Tabla7[Monto],Tabla7[Moneda],$N$5,Tabla7[Mes],R$12,Tabla7[Cuenta asociada],$D16) -> 0
C17: 3 | D17: =IFERROR(INDEX(Tablas!$H$5:$H$1048576,MATCH(CONCATENATE(C14,".",$C17),Tablas!$L$5:$L$1048576,0),1),"") -> Gratif. Ordinarias Empleados | E17: =SUM(G17:R17) -> 8210 | F17: =IFERROR(E17/E14,"") -> 0.10869134 | G17: =SUMIFS(Tabla7[Monto],Tabla7[Moneda],$N$5,Tabla7[Mes],G$12,Tabla7[Cuenta asociada],$D17) -> 0 | H17: =SUMIFS(Tabla7[Monto],Tabla7[Moneda],$N$5,Tabla7[Mes],H$12,Tabla7[Cuenta asociada],$D17) -> 0 | I17: =SUMIFS(Tabla7[Monto],Tabla7[Moneda],$N$5,Tabla7[Mes],I$12,Tabla7[Cuenta asociada],$D17) -> 0 | J17: =SUMIFS(Tabla7[Monto],Tabla7[Moneda],$N$5,Tabla7[Mes],J$12,Tabla7[Cuenta asociada],$D17) -> 8210 | K17: =SUMIFS(Tabla7[Monto],Tabla7[Moneda],$N$5,Tabla7[Mes],K$12,Tabla7[Cuenta asociada],$D17) -> 0 | L17: =SUMIFS(Tabla7[Monto],Tabla7[Moneda],$N$5,Tabla7[Mes],L$12,Tabla7[Cuenta asociada],$D17) -> 0 | M17: =SUMIFS(Tabla7[Monto],Tabla7[Moneda],$N$5,Tabla7[Mes],M$12,Tabla7[Cuenta asociada],$D17) -> 0 | N17: =SUMIFS(Tabla7[Monto],Tabla7[Moneda],$N$5,Tabla7[Mes],N$12,Tabla7[Cuenta asociada],$D17) -> 0 | ... R17: =SUMIFS(Tabla7[Monto],Tabla7[Moneda],$N$5,Tabla7[Mes],R$12,Tabla7[Cuenta asociada],$D17) -> 0
C18: 4 | D18: =IFERROR(INDEX(Tablas!$H$5:$H$1048576,MATCH(CONCATENATE(C14,".",$C18),Tablas!$L$5:$L$1048576,0),1),"") -> Gratificaciones Extraordinarias Empleados | E18: =SUM(G18:R18) -> 5992 | F18: =IFERROR(E18/E14,"") -> 0.079327464 | G18: =SUMIFS(Tabla7[Monto],Tabla7[Moneda],$N$5,Tabla7[Mes],G$12,Tabla7[Cuenta asociada],$D18) -> 0 | H18: =SUMIFS(Tabla7[Monto],Tabla7[Moneda],$N$5,Tabla7[Mes],H$12,Tabla7[Cuenta asociada],$D18) -> 0 | I18: =SUMIFS(Tabla7[Monto],Tabla7[Moneda],$N$5,Tabla7[Mes],I$12,Tabla7[Cuenta asociada],$D18) -> 0 | J18: =SUMIFS(Tabla7[Monto],Tabla7[Moneda],$N$5,Tabla7[Mes],J$12,Tabla7[Cuenta asociada],$D18) -> 5992 | K18: =SUMIFS(Tabla7[Monto],Tabla7[Moneda],$N$5,Tabla7[Mes],K$12,Tabla7[Cuenta asociada],$D18) -> 0 | L18: =SUMIFS(Tabla7[Monto],Tabla7[Moneda],$N$5,Tabla7[Mes],L$12,Tabla7[Cuenta asociada],$D18) -> 0 | M18: =SUMIFS(Tabla7[Monto],Tabla7[Moneda],$N$5,Tabla7[Mes],M$12,Tabla7[Cuenta asociada],$D18) -> 0 | N18: =SUMIFS(Tabla7[Monto],Tabla7[Moneda],$N$5,Tabla7[Mes],N$12,Tabla7[Cuenta asociada],$D18) -> 0 | ... R18: =SUMIFS(Tabla7[Monto],Tabla7[Moneda],$N$5,Tabla7[Mes],R$12,Tabla7[Cuenta asociada],$D18) -> 0
C19: 5 | D19: =IFERROR(INDEX(Tablas!$H$5:$H$1048576,MATCH(CONCATENATE(C14,".",$C19),Tablas!$L$5:$L$1048576,0),1),"") -> Vacaciones | E19: =SUM(G19:R19) -> 5565 | F19: =IFERROR(E19/E14,"") -> 0.073674456 | G19: =SUMIFS(Tabla7[Monto],Tabla7[Moneda],$N$5,Tabla7[Mes],G$12,Tabla7[Cuenta asociada],$D19) -> 5565 | H19: =SUMIFS(Tabla7[Monto],Tabla7[Moneda],$N$5,Tabla7[Mes],H$12,Tabla7[Cuenta asociada],$D19) -> 0 | I19: =SUMIFS(Tabla7[Monto],Tabla7[Moneda],$N$5,Tabla7[Mes],I$12,Tabla7[Cuenta asociada],$D19) -> 0 | J19: =SUMIFS(Tabla7[Monto],Tabla7[Moneda],$N$5,Tabla7[Mes],J$12,Tabla7[Cuenta asociada],$D19) -> 0 | K19: =SUMIFS(Tabla7[Monto],Tabla7[Moneda],$N$5,Tabla7[Mes],K$12,Tabla7[Cuenta asociada],$D19) -> 0 | L19: =SUMIFS(Tabla7[Monto],Tabla7[Moneda],$N$5,Tabla7[Mes],L$12,Tabla7[Cuenta asociada],$D19) -> 0 | M19: =SUMIFS(Tabla7[Monto],Tabla7[Moneda],$N$5,Tabla7[Mes],M$12,Tabla7[Cuenta asociada],$D19) -> 0 | N19: =SUMIFS(Tabla7[Monto],Tabla7[Moneda],$N$5,Tabla7[Mes],N$12,Tabla7[Cuenta asociada],$D19) -> 0 | ... R19: =SUMIFS(Tabla7[Monto],Tabla7[Moneda],$N$5,Tabla7[Mes],R$12,Tabla7[Cuenta asociada],$D19) -> 0
C20: 6 | D20: =IFERROR(INDEX(Tablas!$H$5:$H$1048576,MATCH(CONCATENATE(C14,".",$C20),Tablas!$L$5:$L$1048576,0),1),"") -> Descanso medico | E20: =SUM(G20:R20) -> 3394 | F20: =IFERROR(E20/E14,"") -> 0.044932813 | G20: =SUMIFS(Tabla7[Monto],Tabla7[Moneda],$N$5,Tabla7[Mes],G$12,Tabla7[Cuenta asociada],$D20) -> 0 | H20: =SUMIFS(Tabla7[Monto],Tabla7[Moneda],$N$5,Tabla7[Mes],H$12,Tabla7[Cuenta asociada],$D20) -> 0 | I20: =SUMIFS(Tabla7[Monto],Tabla7[Moneda],$N$5,Tabla7[Mes],I$12,Tabla7[Cuenta asociada],$D20) -> 0 | J20: =SUMIFS(Tabla7[Monto],Tabla7[Moneda],$N$5,Tabla7[Mes],J$12,Tabla7[Cuenta asociada],$D20) -> 0 | K20: =SUMIFS(Tabla7[Monto],Tabla7[Moneda],$N$5,Tabla7[Mes],K$12,Tabla7[Cuenta asociada],$D20) -> 3394 | L20: =SUMIFS(Tabla7[Monto],Tabla7[Moneda],$N$5,Tabla7[Mes],L$12,Tabla7[Cuenta asociada],$D20) -> 0 | M20: =SUMIFS(Tabla7[Monto],Tabla7[Moneda],$N$5,Tabla7[Mes],M$12,Tabla7[Cuenta asociada],$D20) -> 0 | N20: =SUMIFS(Tabla7[Monto],Tabla7[Moneda],$N$5,Tabla7[Mes],N$12,Tabla7[Cuenta asociada],$D20) -> 0 | ... R20: =SUMIFS(Tabla7[Monto],Tabla7[Moneda],$N$5,Tabla7[Mes],R$12,Tabla7[Cuenta asociada],$D20) -> 0
C21: 7 | D21: =IFERROR(INDEX(Tablas!$H$5:$H$1048576,MATCH(CONCATENATE(C14,".",$C21),Tablas!$L$5:$L$1048576,0),1),"") -> Movilidad y/o servicio de Transporte | E21: =SUM(G21:R21) -> 3248 | F21: =IFERROR(E21/E14,"") -> 0.042999934 | G21: =SUMIFS(Tabla7[Monto],Tabla7[Moneda],$N$5,Tabla7[Mes],G$12,Tabla7[Cuenta asociada],$D21) -> 0 | H21: =SUMIFS(Tabla7[Monto],Tabla7[Moneda],$N$5,Tabla7[Mes],H$12,Tabla7[Cuenta asociada],$D21) -> 0 | I21: =SUMIFS(Tabla7[Monto],Tabla7[Moneda],$N$5,Tabla7[Mes],I$12,Tabla7[Cuenta asociada],$D21) -> 0 | J21: =SUMIFS(Tabla7[Monto],Tabla7[Moneda],$N$5,Tabla7[Mes],J$12,Tabla7[Cuenta asociada],$D21) -> 0 | K21: =SUMIFS(Tabla7[Monto],Tabla7[Moneda],$N$5,Tabla7[Mes],K$12,Tabla7[Cuenta asociada],$D21) -> 3248 | L21: =SUMIFS(Tabla7[Monto],Tabla7[Moneda],$N$5,Tabla7[Mes],L$12,Tabla7[Cuenta asociada],$D21) -> 0 | M21: =SUMIFS(Tabla7[Monto],Tabla7[Moneda],$N$5,Tabla7[Mes],M$12,Tabla7[Cuenta asociada],$D21) -> 0 | N21: =SUMIFS(Tabla7[Monto],Tabla7[Moneda],$N$5,Tabla7[Mes],N$12,Tabla7[Cuenta asociada],$D21) -> 0 | ... R21: =SUMIFS(Tabla7[Monto],Tabla7[Moneda],$N$5,Tabla7[Mes],R$12,Tabla7[Cuenta asociada],$D21) -> 0
C22: 8 | D22: =IFERROR(INDEX(Tablas!$H$5:$H$1048576,MATCH(CONCATENATE(C14,".",$C22),Tablas!$L$5:$L$1048576,0),1),"") -> Uniformes | E22: =SUM(G22:R22) -> 928 | F22: =IFERROR(E22/E14,"") -> 0.012285695 | G22: =SUMIFS(Tabla7[Monto],Tabla7[Moneda],$N$5,Tabla7[Mes],G$12,Tabla7[Cuenta asociada],$D22) -> 0 | H22: =SUMIFS(Tabla7[Monto],Tabla7[Moneda],$N$5,Tabla7[Mes],H$12,Tabla7[Cuenta asociada],$D22) -> 0 | I22: =SUMIFS(Tabla7[Monto],Tabla7[Moneda],$N$5,Tabla7[Mes],I$12,Tabla7[Cuenta asociada],$D22) -> 0 | J22: =SUMIFS(Tabla7[Monto],Tabla7[Moneda],$N$5,Tabla7[Mes],J$12,Tabla7[Cuenta asociada],$D22) -> 0 | K22: =SUMIFS(Tabla7[Monto],Tabla7[Moneda],$N$5,Tabla7[Mes],K$12,Tabla7[Cuenta asociada],$D22) -> 0 | L22: =SUMIFS(Tabla7[Monto],Tabla7[Moneda],$N$5,Tabla7[Mes],L$12,Tabla7[Cuenta asociada],$D22) -> 928 | M22: =SUMIFS(Tabla7[Monto],Tabla7[Moneda],$N$5,Tabla7[Mes],M$12,Tabla7[Cuenta asociada],$D22) -> 0 | N22: =SUMIFS(Tabla7[Monto],Tabla7[Moneda],$N$5,Tabla7[Mes],N$12,Tabla7[Cuenta asociada],$D22) -> 0 | ... R22: =SUMIFS(Tabla7[Monto],Tabla7[Moneda],$N$5,Tabla7[Mes],R$12,Tabla7[Cuenta asociada],$D22) -> 0
C23: 9 | D23: =IFERROR(INDEX(Tablas!$H$5:$H$1048576,MATCH(CONCATENATE(C14,".",$C23),Tablas!$L$5:$L$1048576,0),1),"") -> Atenciones y obsequios al personal | E23: =SUM(G23:R23) -> 1642 | F23: =IFERROR(E23/E14,"") -> 0.021738267 | G23: =SUMIFS(Tabla7[Monto],Tabla7[Moneda],$N$5,Tabla7[Mes],G$12,Tabla7[Cuenta asociada],$D23) -> 0 | H23: =SUMIFS(Tabla7[Monto],Tabla7[Moneda],$N$5,Tabla7[Mes],H$12,Tabla7[Cuenta asociada],$D23) -> 0 | I23: =SUMIFS(Tabla7[Monto],Tabla7[Moneda],$N$5,Tabla7[Mes],I$12,Tabla7[Cuenta asociada],$D23) -> 0 | J23: =SUMIFS(Tabla7[Monto],Tabla7[Moneda],$N$5,Tabla7[Mes],J$12,Tabla7[Cuenta asociada],$D23) -> 1642 | K23: =SUMIFS(Tabla7[Monto],Tabla7[Moneda],$N$5,Tabla7[Mes],K$12,Tabla7[Cuenta asociada],$D23) -> 0 | L23: =SUMIFS(Tabla7[Monto],Tabla7[Moneda],$N$5,Tabla7[Mes],L$12,Tabla7[Cuenta asociada],$D23) -> 0 | M23: =SUMIFS(Tabla7[Monto],Tabla7[Moneda],$N$5,Tabla7[Mes],M$12,Tabla7[Cuenta asociada],$D23) -> 0 | N23: =SUMIFS(Tabla7[Monto],Tabla7[Moneda],$N$5,Tabla7[Mes],N$12,Tabla7[Cuenta asociada],$D23) -> 0 | ... R23: =SUMIFS(Tabla7[Monto],Tabla7[Moneda],$N$5,Tabla7[Mes],R$12,Tabla7[Cuenta asociada],$D23) -> 0
C24: 10 | D24: =IFERROR(INDEX(Tablas!$H$5:$H$1048576,MATCH(CONCATENATE(C14,".",$C24),Tablas!$L$5:$L$1048576,0),1),"") -> Tickets de alimentos | E24: =SUM(G24:R24) -> 1149 | F24: =IFERROR(E24/E14,"") -> 0.015211491 | G24: =SUMIFS(Tabla7[Monto],Tabla7[Moneda],$N$5,Tabla7[Mes],G$12,Tabla7[Cuenta asociada],$D24) -> 0 | H24: =SUMIFS(Tabla7[Monto],Tabla7[Moneda],$N$5,Tabla7[Mes],H$12,Tabla7[Cuenta asociada],$D24) -> 0 | I24: =SUMIFS(Tabla7[Monto],Tabla7[Moneda],$N$5,Tabla7[Mes],I$12,Tabla7[Cuenta asociada],$D24) -> 0 | J24: =SUMIFS(Tabla7[Monto],Tabla7[Moneda],$N$5,Tabla7[Mes],J$12,Tabla7[Cuenta asociada],$D24) -> 0 | K24: =SUMIFS(Tabla7[Monto],Tabla7[Moneda],$N$5,Tabla7[Mes],K$12,Tabla7[Cuenta asociada],$D24) -> 1149 | L24: =SUMIFS(Tabla7[Monto],Tabla7[Moneda],$N$5,Tabla7[Mes],L$12,Tabla7[Cuenta asociada],$D24) -> 0 | M24: =SUMIFS(Tabla7[Monto],Tabla7[Moneda],$N$5,Tabla7[Mes],M$12,Tabla7[Cuenta asociada],$D24) -> 0 | N24: =SUMIFS(Tabla7[Monto],Tabla7[Moneda],$N$5,Tabla7[Mes],N$12,Tabla7[Cuenta asociada],$D24) -> 0 | ... R24: =SUMIFS(Tabla7[Monto],Tabla7[Moneda],$N$5,Tabla7[Mes],R$12,Tabla7[Cuenta asociada],$D24) -> 0
C25: 11 | D25: =IFERROR(INDEX(Tablas!$H$5:$H$1048576,MATCH(CONCATENATE(C14,".",$C25),Tablas!$L$5:$L$1048576,0),1),"") -> ESSALUD-RÚgimen de prestaciones de salud | E25: =SUM(G25:R25) -> 1096 | F25: =IFERROR(E25/E14,"") -> 0.01450983 | G25: =SUMIFS(Tabla7[Monto],Tabla7[Moneda],$N$5,Tabla7[Mes],G$12,Tabla7[Cuenta asociada],$D25) -> 0 | H25: =SUMIFS(Tabla7[Monto],Tabla7[Moneda],$N$5,Tabla7[Mes],H$12,Tabla7[Cuenta asociada],$D25) -> 1096 | I25: =SUMIFS(Tabla7[Monto],Tabla7[Moneda],$N$5,Tabla7[Mes],I$12,Tabla7[Cuenta asociada],$D25) -> 0 | J25: =SUMIFS(Tabla7[Monto],Tabla7[Moneda],$N$5,Tabla7[Mes],J$12,Tabla7[Cuenta asociada],$D25) -> 0 | K25: =SUMIFS(Tabla7[Monto],Tabla7[Moneda],$N$5,Tabla7[Mes],K$12,Tabla7[Cuenta asociada],$D25) -> 0 | L25: =SUMIFS(Tabla7[Monto],Tabla7[Moneda],$N$5,Tabla7[Mes],L$12,Tabla7[Cuenta asociada],$D25) -> 0 | M25: =SUMIFS(Tabla7[Monto],Tabla7[Moneda],$N$5,Tabla7[Mes],M$12,Tabla7[Cuenta asociada],$D25) -> 0 | N25: =SUMIFS(Tabla7[Monto],Tabla7[Moneda],$N$5,Tabla7[Mes],N$12,Tabla7[Cuenta asociada],$D25) -> 0 | ... R25: =SUMIFS(Tabla7[Monto],Tabla7[Moneda],$N$5,Tabla7[Mes],R$12,Tabla7[Cuenta asociada],$D25) -> 0
C26: 12 | D26: =IFERROR(INDEX(Tablas!$H$5:$H$1048576,MATCH(CONCATENATE(C14,".",$C26),Tablas!$L$5:$L$1048576,0),1),"") -> SCTR-Seg complemntario trabajo de riesgo | E26: =SUM(G26:R26) -> 7236 | F26: =IFERROR(E26/E14,"") -> 0.095796651 | G26: =SUMIFS(Tabla7[Monto],Tabla7[Moneda],$N$5,Tabla7[Mes],G$12,Tabla7[Cuenta asociada],$D26) -> 0 | H26: =SUMIFS(Tabla7[Monto],Tabla7[Moneda],$N$5,Tabla7[Mes],H$12,Tabla7[Cuenta asociada],$D26) -> 0 | I26: =SUMIFS(Tabla7[Monto],Tabla7[Moneda],$N$5,Tabla7[Mes],I$12,Tabla7[Cuenta asociada],$D26) -> 0 | J26: =SUMIFS(Tabla7[Monto],Tabla7[Moneda],$N$5,Tabla7[Mes],J$12,Tabla7[Cuenta asociada],$D26) -> 7236 | K26: =SUMIFS(Tabla7[Monto],Tabla7[Moneda],$N$5,Tabla7[Mes],K$12,Tabla7[Cuenta asociada],$D26) -> 0 | L26: =SUMIFS(Tabla7[Monto],Tabla7[Moneda],$N$5,Tabla7[Mes],L$12,Tabla7[Cuenta asociada],$D26) -> 0 | M26: =SUMIFS(Tabla7[Monto],Tabla7[Moneda],$N$5,Tabla7[Mes],M$12,Tabla7[Cuenta asociada],$D26) -> 0 | N26: =SUMIFS(Tabla7[Monto],Tabla7[Moneda],$N$5,Tabla7[Mes],N$12,Tabla7[Cuenta asociada],$D26) -> 0 | ... R26: =SUMIFS(Tabla7[Monto],Tabla7[Moneda],$N$5,Tabla7[Mes],R$12,Tabla7[Cuenta asociada],$D26) -> 0
C27: 13 | D27: =IFERROR(INDEX(Tablas!$H$5:$H$1048576,MATCH(CONCATENATE(C14,".",$C27),Tablas!$L$5:$L$1048576,0),1),"") -> Seguro de vida | E27: =SUM(G27:R27) -> 2913 | F27: =IFERROR(E27/E14,"") -> 0.038564904 | G27: =SUMIFS(Tabla7[Monto],Tabla7[Moneda],$N$5,Tabla7[Mes],G$12,Tabla7[Cuenta asociada],$D27) -> 0 | H27: =SUMIFS(Tabla7[Monto],Tabla7[Moneda],$N$5,Tabla7[Mes],H$12,Tabla7[Cuenta asociada],$D27) -> 0 | I27: =SUMIFS(Tabla7[Monto],Tabla7[Moneda],$N$5,Tabla7[Mes],I$12,Tabla7[Cuenta asociada],$D27) -> 0 | J27: =SUMIFS(Tabla7[Monto],Tabla7[Moneda],$N$5,Tabla7[Mes],J$12,Tabla7[Cuenta asociada],$D27) -> 0 | K27: =SUMIFS(Tabla7[Monto],Tabla7[Moneda],$N$5,Tabla7[Mes],K$12,Tabla7[Cuenta asociada],$D27) -> 2913 | L27: =SUMIFS(Tabla7[Monto],Tabla7[Moneda],$N$5,Tabla7[Mes],L$12,Tabla7[Cuenta asociada],$D27) -> 0 | M27: =SUMIFS(Tabla7[Monto],Tabla7[Moneda],$N$5,Tabla7[Mes],M$12,Tabla7[Cuenta asociada],$D27) -> 0 | N27: =SUMIFS(Tabla7[Monto],Tabla7[Moneda],$N$5,Tabla7[Mes],N$12,Tabla7[Cuenta asociada],$D27) -> 0 | ... R27: =SUMIFS(Tabla7[Monto],Tabla7[Moneda],$N$5,Tabla7[Mes],R$12,Tabla7[Cuenta asociada],$D27) -> 0
C28: 14 | D28: =IFERROR(INDEX(Tablas!$H$5:$H$1048576,MATCH(CONCATENATE(C14,".",$C28),Tablas!$L$5:$L$1048576,0),1),"") -> Participacion de utilidades | E28: =SUM(G28:R28) -> 7971 | F28: =IFERROR(E28/E14,"") -> 0.10552724 | G28: =SUMIFS(Tabla7[Monto],Tabla7[Moneda],$N$5,Tabla7[Mes],G$12,Tabla7[Cuenta asociada],$D28) -> 0 | H28: =SUMIFS(Tabla7[Monto],Tabla7[Moneda],$N$5,Tabla7[Mes],H$12,Tabla7[Cuenta asociada],$D28) -> 0 | I28: =SUMIFS(Tabla7[Monto],Tabla7[Moneda],$N$5,Tabla7[Mes],I$12,Tabla7[Cuenta asociada],$D28) -> 0 | J28: =SUMIFS(Tabla7[Monto],Tabla7[Moneda],$N$5,Tabla7[Mes],J$12,Tabla7[Cuenta asociada],$D28) -> 0 | K28: =SUMIFS(Tabla7[Monto],Tabla7[Moneda],$N$5,Tabla7[Mes],K$12,Tabla7[Cuenta asociada],$D28) -> 7971 | L28: =SUMIFS(Tabla7[Monto],Tabla7[Moneda],$N$5,Tabla7[Mes],L$12,Tabla7[Cuenta asociada],$D28) -> 0 | M28: =SUMIFS(Tabla7[Monto],Tabla7[Moneda],$N$5,Tabla7[Mes],M$12,Tabla7[Cuenta asociada],$D28) -> 0 | N28: =SUMIFS(Tabla7[Monto],Tabla7[Moneda],$N$5,Tabla7[Mes],N$12,Tabla7[Cuenta asociada],$D28) -> 0 | ... R28: =SUMIFS(Tabla7[Monto],Tabla7[Moneda],$N$5,Tabla7[Mes],R$12,Tabla7[Cuenta asociada],$D28) -> 0
C29: 15 | D29: =IFERROR(INDEX(Tablas!$H$5:$H$1048576,MATCH(CONCATENATE(C14,".",$C29),Tablas!$L$5:$L$1048576,0),1),"") -> Incentivo por cese | E29: =SUM(G29:R29) -> 4945 | F29: =IFERROR(E29/E14,"") -> 0.06546634 | G29: =SUMIFS(Tabla7[Monto],Tabla7[Moneda],$N$5,Tabla7[Mes],G$12,Tabla7[Cuenta asociada],$D29) -> 4945 | H29: =SUMIFS(Tabla7[Monto],Tabla7[Moneda],$N$5,Tabla7[Mes],H$12,Tabla7[Cuenta asociada],$D29) -> 0 | I29: =SUMIFS(Tabla7[Monto],Tabla7[Moneda],$N$5,Tabla7[Mes],I$12,Tabla7[Cuenta asociada],$D29) -> 0 | J29: =SUMIFS(Tabla7[Monto],Tabla7[Moneda],$N$5,Tabla7[Mes],J$12,Tabla7[Cuenta asociada],$D29) -> 0 | K29: =SUMIFS(Tabla7[Monto],Tabla7[Moneda],$N$5,Tabla7[Mes],K$12,Tabla7[Cuenta asociada],$D29) -> 0 | L29: =SUMIFS(Tabla7[Monto],Tabla7[Moneda],$N$5,Tabla7[Mes],L$12,Tabla7[Cuenta asociada],$D29) -> 0 | M29: =SUMIFS(Tabla7[Monto],Tabla7[Moneda],$N$5,Tabla7[Mes],M$12,Tabla7[Cuenta asociada],$D29) -> 0 | N29: =SUMIFS(Tabla7[Monto],Tabla7[Moneda],$N$5,Tabla7[Mes],N$12,Tabla7[Cuenta asociada],$D29) -> 0 | ... R29: =SUMIFS(Tabla7[Monto],Tabla7[Moneda],$N$5,Tabla7[Mes],R$12,Tabla7[Cuenta asociada],$D29) -> 0
C30: 16 | D30: =IFERROR(INDEX(Tablas!$H$5:$H$1048576,MATCH(CONCATENATE(C14,".",$C30),Tablas!$L$5:$L$1048576,0),1),"") -> Indemnizacion Despido Arbitrario | E30: =SUM(G30:R30) -> 8891 | F30: =IFERROR(E30/E14,"") -> 0.11770702 | G30: =SUMIFS(Tabla7[Monto],Tabla7[Moneda],$N$5,Tabla7[Mes],G$12,Tabla7[Cuenta asociada],$D30) -> 0 | H30: =SUMIFS(Tabla7[Monto],Tabla7[Moneda],$N$5,Tabla7[Mes],H$12,Tabla7[Cuenta asociada],$D30) -> 0 | I30: =SUMIFS(Tabla7[Monto],Tabla7[Moneda],$N$5,Tabla7[Mes],I$12,Tabla7[Cuenta asociada],$D30) -> 0 | J30: =SUMIFS(Tabla7[Monto],Tabla7[Moneda],$N$5,Tabla7[Mes],J$12,Tabla7[Cuenta asociada],$D30) -> 0 | K30: =SUMIFS(Tabla7[Monto],Tabla7[Moneda],$N$5,Tabla7[Mes],K$12,Tabla7[Cuenta asociada],$D30) -> 0 | L30: =SUMIFS(Tabla7[Monto],Tabla7[Moneda],$N$5,Tabla7[Mes],L$12,Tabla7[Cuenta asociada],$D30) -> 8891 | M30: =SUMIFS(Tabla7[Monto],Tabla7[Moneda],$N$5,Tabla7[Mes],M$12,Tabla7[Cuenta asociada],$D30) -> 0 | N30: =SUMIFS(Tabla7[Monto],Tabla7[Moneda],$N$5,Tabla7[Mes],N$12,Tabla7[Cuenta asociada],$D30) -> 0 | ... R30: =SUMIFS(Tabla7[Monto],Tabla7[Moneda],$N$5,Tabla7[Mes],R$12,Tabla7[Cuenta asociada],$D30) -> 0
C31: 17 | D31: =IFERROR(INDEX(Tablas!$H$5:$H$1048576,MATCH(CONCATENATE(C14,".",$C31),Tablas!$L$5:$L$1048576,0),1),"") -> CTS-Compensación por tiempo de servicio | E31: =SUM(G31:R31) -> 3999 | F31: =IFERROR(E31/E14,"") -> 0.052942345 | G31: =SUMIFS(Tabla7[Monto],Tabla7[Moneda],$N$5,Tabla7[Mes],G$12,Tabla7[Cuenta asociada],$D31) -> 3999 | H31: =SUMIFS(Tabla7[Monto],Tabla7[Moneda],$N$5,Tabla7[Mes],H$12,Tabla7[Cuenta asociada],$D31) -> 0 | I31: =SUMIFS(Tabla7[Monto],Tabla7[Moneda],$N$5,Tabla7[Mes],I$12,Tabla7[Cuenta asociada],$D31) -> 0 | J31: =SUMIFS(Tabla7[Monto],Tabla7[Moneda],$N$5,Tabla7[Mes],J$12,Tabla7[Cuenta asociada],$D31) -> 0 | K31: =SUMIFS(Tabla7[Monto],Tabla7[Moneda],$N$5,Tabla7[Mes],K$12,Tabla7[Cuenta asociada],$D31) -> 0 | L31: =SUMIFS(Tabla7[Monto],Tabla7[Moneda],$N$5,Tabla7[Mes],L$12,Tabla7[Cuenta asociada],$D31) -> 0 | M31: =SUMIFS(Tabla7[Monto],Tabla7[Moneda],$N$5,Tabla7[Mes],M$12,Tabla7[Cuenta asociada],$D31) -> 0 | N31: =SUMIFS(Tabla7[Monto],Tabla7[Moneda],$N$5,Tabla7[Mes],N$12,Tabla7[Cuenta asociada],$D31) -> 0 | ... R31: =SUMIFS(Tabla7[Monto],Tabla7[Moneda],$N$5,Tabla7[Mes],R$12,Tabla7[Cuenta asociada],$D31) -> 0
C32: 18 | D32: =IFERROR(INDEX(Tablas!$H$5:$H$1048576,MATCH(CONCATENATE(C14,".",$C32),Tablas!$L$5:$L$1048576,0),1),"") | E32: =SUM(G32:R32) -> 0 | F32: =IFERROR(E32/E14,"") -> 0 | G32: =SUMIFS(Tabla7[Monto],Tabla7[Moneda],$N$5,Tabla7[Mes],G$12,Tabla7[Cuenta asociada],$D32) -> 0 | H32: =SUMIFS(Tabla7[Monto],Tabla7[Moneda],$N$5,Tabla7[Mes],H$12,Tabla7[Cuenta asociada],$D32) -> 0 | I32: =SUMIFS(Tabla7[Monto],Tabla7[Moneda],$N$5,Tabla7[Mes],I$12,Tabla7[Cuenta asociada],$D32) -> 0 | J32: =SUMIFS(Tabla7[Monto],Tabla7[Moneda],$N$5,Tabla7[Mes],J$12,Tabla7[Cuenta asociada],$D32) -> 0 | K32: =SUMIFS(Tabla7[Monto],Tabla7[Moneda],$N$5,Tabla7[Mes],K$12,Tabla7[Cuenta asociada],$D32) -> 0 | L32: =SUMIFS(Tabla7[Monto],Tabla7[Moneda],$N$5,Tabla7[Mes],L$12,Tabla7[Cuenta asociada],$D32) -> 0 | M32: =SUMIFS(Tabla7[Monto],Tabla7[Moneda],$N$5,Tabla7[Mes],M$12,Tabla7[Cuenta asociada],$D32) -> 0 | N32: =SUMIFS(Tabla7[Monto],Tabla7[Moneda],$N$5,Tabla7[Mes],N$12,Tabla7[Cuenta asociada],$D32) -> 0 | ... R32: =SUMIFS(Tabla7[Monto],Tabla7[Moneda],$N$5,Tabla7[Mes],R$12,Tabla7[Cuenta asociada],$D32) -> 0
C33: 19 | D33: =IFERROR(INDEX(Tablas!$H$5:$H$1048576,MATCH(CONCATENATE(C14,".",$C33),Tablas!$L$5:$L$1048576,0),1),"") | E33: =SUM(G33:R33) -> 0 | F33: =IFERROR(E33/E14,"") -> 0 | G33: =SUMIFS(Tabla7[Monto],Tabla7[Moneda],$N$5,Tabla7[Mes],G$12,Tabla7[Cuenta asociada],$D33) -> 0 | H33: =SUMIFS(Tabla7[Monto],Tabla7[Moneda],$N$5,Tabla7[Mes],H$12,Tabla7[Cuenta asociada],$D33) -> 0 | I33: =SUMIFS(Tabla7[Monto],Tabla7[Moneda],$N$5,Tabla7[Mes],I$12,Tabla7[Cuenta asociada],$D33) -> 0 | J33: =SUMIFS(Tabla7[Monto],Tabla7[Moneda],$N$5,Tabla7[Mes],J$12,Tabla7[Cuenta asociada],$D33) -> 0 | K33: =SUMIFS(Tabla7[Monto],Tabla7[Moneda],$N$5,Tabla7[Mes],K$12,Tabla7[Cuenta asociada],$D33) -> 0 | L33: =SUMIFS(Tabla7[Monto],Tabla7[Moneda],$N$5,Tabla7[Mes],L$12,Tabla7[Cuenta asociada],$D33) -> 0 | M33: =SUMIFS(Tabla7[Monto],Tabla7[Moneda],$N$5,Tabla7[Mes],M$12,Tabla7[Cuenta asociada],$D33) -> 0 | N33: =SUMIFS(Tabla7[Monto],Tabla7[Moneda],$N$5,Tabla7[Mes],N$12,Tabla7[Cuenta asociada],$D33) -> 0 | ... R33: =SUMIFS(Tabla7[Monto],Tabla7[Moneda],$N$5,Tabla7[Mes],R$12,Tabla7[Cuenta asociada],$D33) -> 0
C34: 20 | D34: =IFERROR(INDEX(Tablas!$H$5:$H$1048576,MATCH(CONCATENATE(C14,".",$C34),Tablas!$L$5:$L$1048576,0),1),"") | E34: =SUM(G34:R34) -> 0 | F34: =IFERROR(E34/E14,"") -> 0 | G34: =SUMIFS(Tabla7[Monto],Tabla7[Moneda],$N$5,Tabla7[Mes],G$12,Tabla7[Cuenta asociada],$D34) -> 0 | H34: =SUMIFS(Tabla7[Monto],Tabla7[Moneda],$N$5,Tabla7[Mes],H$12,Tabla7[Cuenta asociada],$D34) -> 0 | I34: =SUMIFS(Tabla7[Monto],Tabla7[Moneda],$N$5,Tabla7[Mes],I$12,Tabla7[Cuenta asociada],$D34) -> 0 | J34: =SUMIFS(Tabla7[Monto],Tabla7[Moneda],$N$5,Tabla7[Mes],J$12,Tabla7[Cuenta asociada],$D34) -> 0 | K34: =SUMIFS(Tabla7[Monto],Tabla7[Moneda],$N$5,Tabla7[Mes],K$12,Tabla7[Cuenta asociada],$D34) -> 0 | L34: =SUMIFS(Tabla7[Monto],Tabla7[Moneda],$N$5,Tabla7[Mes],L$12,Tabla7[Cuenta asociada],$D34) -> 0 | M34: =SUMIFS(Tabla7[Monto],Tabla7[Moneda],$N$5,Tabla7[Mes],M$12,Tabla7[Cuenta asociada],$D34) -> 0 | N34: =SUMIFS(Tabla7[Monto],Tabla7[Moneda],$N$5,Tabla7[Mes],N$12,Tabla7[Cuenta asociada],$D34) -> 0 | ... R34: =SUMIFS(Tabla7[Monto],Tabla7[Moneda],$N$5,Tabla7[Mes],R$12,Tabla7[Cuenta asociada],$D34) -> 0
C35: 21 | D35: =IFERROR(INDEX(Tablas!$H$5:$H$1048576,MATCH(CONCATENATE(C14,".",$C35),Tablas!$L$5:$L$1048576,0),1),"") | E35: =SUM(G35:R35) -> 0 | F35: =IFERROR(E35/E14,"") -> 0 | G35: =SUMIFS(Tabla7[Monto],Tabla7[Moneda],$N$5,Tabla7[Mes],G$12,Tabla7[Cuenta asociada],$D35) -> 0 | H35: =SUMIFS(Tabla7[Monto],Tabla7[Moneda],$N$5,Tabla7[Mes],H$12,Tabla7[Cuenta asociada],$D35) -> 0 | I35: =SUMIFS(Tabla7[Monto],Tabla7[Moneda],$N$5,Tabla7[Mes],I$12,Tabla7[Cuenta asociada],$D35) -> 0 | J35: =SUMIFS(Tabla7[Monto],Tabla7[Moneda],$N$5,Tabla7[Mes],J$12,Tabla7[Cuenta asociada],$D35) -> 0 | K35: =SUMIFS(Tabla7[Monto],Tabla7[Moneda],$N$5,Tabla7[Mes],K$12,Tabla7[Cuenta asociada],$D35) -> 0 | L35: =SUMIFS(Tabla7[Monto],Tabla7[Moneda],$N$5,Tabla7[Mes],L$12,Tabla7[Cuenta asociada],$D35) -> 0 | M35: =SUMIFS(Tabla7[Monto],Tabla7[Moneda],$N$5,Tabla7[Mes],M$12,Tabla7[Cuenta asociada],$D35) -> 0 | N35: =SUMIFS(Tabla7[Monto],Tabla7[Moneda],$N$5,Tabla7[Mes],N$12,Tabla7[Cuenta asociada],$D35) -> 0 | ... R35: =SUMIFS(Tabla7[Monto],Tabla7[Moneda],$N$5,Tabla7[Mes],R$12,Tabla7[Cuenta asociada],$D35) -> 0
C36: 22 | D36: =IFERROR(INDEX(Tablas!$H$5:$H$1048576,MATCH(CONCATENATE(C14,".",$C36),Tablas!$L$5:$L$1048576,0),1),"") | E36: =SUM(G36:R36) -> 0 | F36: =IFERROR(E36/E14,"") -> 0 | G36: =SUMIFS(Tabla7[Monto],Tabla7[Moneda],$N$5,Tabla7[Mes],G$12,Tabla7[Cuenta asociada],$D36) -> 0 | H36: =SUMIFS(Tabla7[Monto],Tabla7[Moneda],$N$5,Tabla7[Mes],H$12,Tabla7[Cuenta asociada],$D36) -> 0 | I36: =SUMIFS(Tabla7[Monto],Tabla7[Moneda],$N$5,Tabla7[Mes],I$12,Tabla7[Cuenta asociada],$D36) -> 0 | J36: =SUMIFS(Tabla7[Monto],Tabla7[Moneda],$N$5,Tabla7[Mes],J$12,Tabla7[Cuenta asociada],$D36) -> 0 | K36: =SUMIFS(Tabla7[Monto],Tabla7[Moneda],$N$5,Tabla7[Mes],K$12,Tabla7[Cuenta asociada],$D36) -> 0 | L36: =SUMIFS(Tabla7[Monto],Tabla7[Moneda],$N$5,Tabla7[Mes],L$12,Tabla7[Cuenta asociada],$D36) -> 0 | M36: =SUMIFS(Tabla7[Monto],Tabla7[Moneda],$N$5,Tabla7[Mes],M$12,Tabla7[Cuenta asociada],$D36) -> 0 | N36: =SUMIFS(Tabla7[Monto],Tabla7[Moneda],$N$5,Tabla7[Mes],N$12,Tabla7[Cuenta asociada],$D36) -> 0 | ... R36: =SUMIFS(Tabla7[Monto],Tabla7[Moneda],$N$5,Tabla7[Mes],R$12,Tabla7[Cuenta asociada],$D36) -> 0
C37: 23 | D37: =IFERROR(INDEX(Tablas!$H$5:$H$1048576,MATCH(CONCATENATE(C14,".",$C37),Tablas!$L$5:$L$1048576,0),1),"") | E37: =SUM(G37:R37) -> 0 | F37: =IFERROR(E37/E14,"") -> 0 | G37: =SUMIFS(Tabla7[Monto],Tabla7[Moneda],$N$5,Tabla7[Mes],G$12,Tabla7[Cuenta asociada],$D37) -> 0 | H37: =SUMIFS(Tabla7[Monto],Tabla7[Moneda],$N$5,Tabla7[Mes],H$12,Tabla7[Cuenta asociada],$D37) -> 0 | I37: =SUMIFS(Tabla7[Monto],Tabla7[Moneda],$N$5,Tabla7[Mes],I$12,Tabla7[Cuenta asociada],$D37) -> 0 | J37: =SUMIFS(Tabla7[Monto],Tabla7[Moneda],$N$5,Tabla7[Mes],J$12,Tabla7[Cuenta asociada],$D37) -> 0 | K37: =SUMIFS(Tabla7[Monto],Tabla7[Moneda],$N$5,Tabla7[Mes],K$12,Tabla7[Cuenta asociada],$D37) -> 0 | L37: =SUMIFS(Tabla7[Monto],Tabla7[Moneda],$N$5,Tabla7[Mes],L$12,Tabla7[Cuenta asociada],$D37) -> 0 | M37: =SUMIFS(Tabla7[Monto],Tabla7[Moneda],$N$5,Tabla7[Mes],M$12,Tabla7[Cuenta asociada],$D37) -> 0 | N37: =SUMIFS(Tabla7[Monto],Tabla7[Moneda],$N$5,Tabla7[Mes],N$12,Tabla7[Cuenta asociada],$D37) -> 0 | ... R37: =SUMIFS(Tabla7[Monto],Tabla7[Moneda],$N$5,Tabla7[Mes],R$12,Tabla7[Cuenta asociada],$D37) -> 0
C38: 24 | D38: =IFERROR(INDEX(Tablas!$H$5:$H$1048576,MATCH(CONCATENATE(C14,".",$C38),Tablas!$L$5:$L$1048576,0),1),"") | E38: =SUM(G38:R38) -> 0 | F38: =IFERROR(E38/E14,"") -> 0 | G38: =SUMIFS(Tabla7[Monto],Tabla7[Moneda],$N$5,Tabla7[Mes],G$12,Tabla7[Cuenta asociada],$D38) -> 0 | H38: =SUMIFS(Tabla7[Monto],Tabla7[Moneda],$N$5,Tabla7[Mes],H$12,Tabla7[Cuenta asociada],$D38) -> 0 | I38: =SUMIFS(Tabla7[Monto],Tabla7[Moneda],$N$5,Tabla7[Mes],I$12,Tabla7[Cuenta asociada],$D38) -> 0 | J38: =SUMIFS(Tabla7[Monto],Tabla7[Moneda],$N$5,Tabla7[Mes],J$12,Tabla7[Cuenta asociada],$D38) -> 0 | K38: =SUMIFS(Tabla7[Monto],Tabla7[Moneda],$N$5,Tabla7[Mes],K$12,Tabla7[Cuenta asociada],$D38) -> 0 | L38: =SUMIFS(Tabla7[Monto],Tabla7[Moneda],$N$5,Tabla7[Mes],L$12,Tabla7[Cuenta asociada],$D38) -> 0 | M38: =SUMIFS(Tabla7[Monto],Tabla7[Moneda],$N$5,Tabla7[Mes],M$12,Tabla7[Cuenta asociada],$D38) -> 0 | N38: =SUMIFS(Tabla7[Monto],Tabla7[Moneda],$N$5,Tabla7[Mes],N$12,Tabla7[Cuenta asociada],$D38) -> 0 | ... R38: =SUMIFS(Tabla7[Monto],Tabla7[Moneda],$N$5,Tabla7[Mes],R$12,Tabla7[Cuenta asociada],$D38) -> 0
C39: 25 | D39: =IFERROR(INDEX(Tablas!$H$5:$H$1048576,MATCH(CONCATENATE(C14,".",$C39),Tablas!$L$5:$L$1048576,0),1),"") | E39: =SUM(G39:R39) -> 0 | F39: =IFERROR(E39/E14,"") -> 0 | G39: =SUMIFS(Tabla7[Monto],Tabla7[Moneda],$N$5,Tabla7[Mes],G$12,Tabla7[Cuenta asociada],$D39) -> 0 | H39: =SUMIFS(Tabla7[Monto],Tabla7[Moneda],$N$5,Tabla7[Mes],H$12,Tabla7[Cuenta asociada],$D39) -> 0 | I39: =SUMIFS(Tabla7[Monto],Tabla7[Moneda],$N$5,Tabla7[Mes],I$12,Tabla7[Cuenta asociada],$D39) -> 0 | J39: =SUMIFS(Tabla7[Monto],Tabla7[Moneda],$N$5,Tabla7[Mes],J$12,Tabla7[Cuenta asociada],$D39) -> 0 | K39: =SUMIFS(Tabla7[Monto],Tabla7[Moneda],$N$5,Tabla7[Mes],K$12,Tabla7[Cuenta asociada],$D39) -> 0 | L39: =SUMIFS(Tabla7[Monto],Tabla7[Moneda],$N$5,Tabla7[Mes],L$12,Tabla7[Cuenta asociada],$D39) -> 0 | M39: =SUMIFS(Tabla7[Monto],Tabla7[Moneda],$N$5,Tabla7[Mes],M$12,Tabla7[Cuenta asociada],$D39) -> 0 | N39: =SUMIFS(Tabla7[Monto],Tabla7[Moneda],$N$5,Tabla7[Mes],N$12,Tabla7[Cuenta asociada],$D39) -> 0 | ... R39: =SUMIFS(Tabla7[Monto],Tabla7[Moneda],$N$5,Tabla7[Mes],R$12,Tabla7[Cuenta asociada],$D39) -> 0
C40: 26 | D40: =IFERROR(INDEX(Tablas!$H$5:$H$1048576,MATCH(CONCATENATE(C14,".",$C40),Tablas!$L$5:$L$1048576,0),1),"") | E40: =SUM(G40:R40) -> 0 | F40: =IFERROR(E40/E14,"") -> 0 | G40: =SUMIFS(Tabla7[Monto],Tabla7[Moneda],$N$5,Tabla7[Mes],G$12,Tabla7[Cuenta asociada],$D40) -> 0 | H40: =SUMIFS(Tabla7[Monto],Tabla7[Moneda],$N$5,Tabla7[Mes],H$12,Tabla7[Cuenta asociada],$D40) -> 0 | I40: =SUMIFS(Tabla7[Monto],Tabla7[Moneda],$N$5,Tabla7[Mes],I$12,Tabla7[Cuenta asociada],$D40) -> 0 | J40: =SUMIFS(Tabla7[Monto],Tabla7[Moneda],$N$5,Tabla7[Mes],J$12,Tabla7[Cuenta asociada],$D40) -> 0 | K40: =SUMIFS(Tabla7[Monto],Tabla7[Moneda],$N$5,Tabla7[Mes],K$12,Tabla7[Cuenta asociada],$D40) -> 0 | L40: =SUMIFS(Tabla7[Monto],Tabla7[Moneda],$N$5,Tabla7[Mes],L$12,Tabla7[Cuenta asociada],$D40) -> 0 | M40: =SUMIFS(Tabla7[Monto],Tabla7[Moneda],$N$5,Tabla7[Mes],M$12,Tabla7[Cuenta asociada],$D40) -> 0 | N40: =SUMIFS(Tabla7[Monto],Tabla7[Moneda],$N$5,Tabla7[Mes],N$12,Tabla7[Cuenta asociada],$D40) -> 0 | ... R40: =SUMIFS(Tabla7[Monto],Tabla7[Moneda],$N$5,Tabla7[Mes],R$12,Tabla7[Cuenta asociada],$D40) -> 0
C41: 27 | D41: =IFERROR(INDEX(Tablas!$H$5:$H$1048576,MATCH(CONCATENATE(C14,".",$C41),Tablas!$L$5:$L$1048576,0),1),"") | E41: =SUM(G41:R41) -> 0 | F41: =IFERROR(E41/E14,"") -> 0 | G41: =SUMIFS(Tabla7[Monto],Tabla7[Moneda],$N$5,Tabla7[Mes],G$12,Tabla7[Cuenta asociada],$D41) -> 0 | H41: =SUMIFS(Tabla7[Monto],Tabla7[Moneda],$N$5,Tabla7[Mes],H$12,Tabla7[Cuenta asociada],$D41) -> 0 | I41: =SUMIFS(Tabla7[Monto],Tabla7[Moneda],$N$5,Tabla7[Mes],I$12,Tabla7[Cuenta asociada],$D41) -> 0 | J41: =SUMIFS(Tabla7[Monto],Tabla7[Moneda],$N$5,Tabla7[Mes],J$12,Tabla7[Cuenta asociada],$D41) -> 0 | K41: =SUMIFS(Tabla7[Monto],Tabla7[Moneda],$N$5,Tabla7[Mes],K$12,Tabla7[Cuenta asociada],$D41) -> 0 | L41: =SUMIFS(Tabla7[Monto],Tabla7[Moneda],$N$5,Tabla7[Mes],L$12,Tabla7[Cuenta asociada],$D41) -> 0 | M41: =SUMIFS(Tabla7[Monto],Tabla7[Moneda],$N$5,Tabla7[Mes],M$12,Tabla7[Cuenta asociada],$D41) -> 0 | N41: =SUMIFS(Tabla7[Monto],Tabla7[Moneda],$N$5,Tabla7[Mes],N$12,Tabla7[Cuenta asociada],$D41) -> 0 | ... R41: =SUMIFS(Tabla7[Monto],Tabla7[Moneda],$N$5,Tabla7[Mes],R$12,Tabla7[Cuenta asociada],$D41) -> 0
C42: 28 | D42: =IFERROR(INDEX(Tablas!$H$5:$H$1048576,MATCH(CONCATENATE(C14,".",$C42),Tablas!$L$5:$L$1048576,0),1),"") | E42: =SUM(G42:R42) -> 0 | F42: =IFERROR(E42/E14,"") -> 0 | G42: =SUMIFS(Tabla7[Monto],Tabla7[Moneda],$N$5,Tabla7[Mes],G$12,Tabla7[Cuenta asociada],$D42) -> 0 | H42: =SUMIFS(Tabla7[Monto],Tabla7[Moneda],$N$5,Tabla7[Mes],H$12,Tabla7[Cuenta asociada],$D42) -> 0 | I42: =SUMIFS(Tabla7[Monto],Tabla7[Moneda],$N$5,Tabla7[Mes],I$12,Tabla7[Cuenta asociada],$D42) -> 0 | J42: =SUMIFS(Tabla7[Monto],Tabla7[Moneda],$N$5,Tabla7[Mes],J$12,Tabla7[Cuenta asociada],$D42) -> 0 | K42: =SUMIFS(Tabla7[Monto],Tabla7[Moneda],$N$5,Tabla7[Mes],K$12,Tabla7[Cuenta asociada],$D42) -> 0 | L42: =SUMIFS(Tabla7[Monto],Tabla7[Moneda],$N$5,Tabla7[Mes],L$12,Tabla7[Cuenta asociada],$D42) -> 0 | M42: =SUMIFS(Tabla7[Monto],Tabla7[Moneda],$N$5,Tabla7[Mes],M$12,Tabla7[Cuenta asociada],$D42) -> 0 | N42: =SUMIFS(Tabla7[Monto],Tabla7[Moneda],$N$5,Tabla7[Mes],N$12,Tabla7[Cuenta asociada],$D42) -> 0 | ... R42: =SUMIFS(Tabla7[Monto],Tabla7[Moneda],$N$5,Tabla7[Mes],R$12,Tabla7[Cuenta asociada],$D42) -> 0
C43: 29 | D43: =IFERROR(INDEX(Tablas!$H$5:$H$1048576,MATCH(CONCATENATE(C14,".",$C43),Tablas!$L$5:$L$1048576,0),1),"") | E43: =SUM(G43:R43) -> 0 | F43: =IFERROR(E43/E14,"") -> 0 | G43: =SUMIFS(Tabla7[Monto],Tabla7[Moneda],$N$5,Tabla7[Mes],G$12,Tabla7[Cuenta asociada],$D43) -> 0 | H43: =SUMIFS(Tabla7[Monto],Tabla7[Moneda],$N$5,Tabla7[Mes],H$12,Tabla7[Cuenta asociada],$D43) -> 0 | I43: =SUMIFS(Tabla7[Monto],Tabla7[Moneda],$N$5,Tabla7[Mes],I$12,Tabla7[Cuenta asociada],$D43) -> 0 | J43: =SUMIFS(Tabla7[Monto],Tabla7[Moneda],$N$5,Tabla7[Mes],J$12,Tabla7[Cuenta asociada],$D43) -> 0 | K43: =SUMIFS(Tabla7[Monto],Tabla7[Moneda],$N$5,Tabla7[Mes],K$12,Tabla7[Cuenta asociada],$D43) -> 0 | L43: =SUMIFS(Tabla7[Monto],Tabla7[Moneda],$N$5,Tabla7[Mes],L$12,Tabla7[Cuenta asociada],$D43) -> 0 | M43: =SUMIFS(Tabla7[Monto],Tabla7[Moneda],$N$5,Tabla7[Mes],M$12,Tabla7[Cuenta asociada],$D43) -> 0 | N43: =SUMIFS(Tabla7[Monto],Tabla7[Moneda],$N$5,Tabla7[Mes],N$12,Tabla7[Cuenta asociada],$D43) -> 0 | ... R43: =SUMIFS(Tabla7[Monto],Tabla7[Moneda],$N$5,Tabla7[Mes],R$12,Tabla7[Cuenta asociada],$D43) -> 0
C44: 30 | D44: =IFERROR(INDEX(Tablas!$H$5:$H$1048576,MATCH(CONCATENATE(C14,".",$C44),Tablas!$L$5:$L$1048576,0),1),"") | E44: =SUM(G44:R44) -> 0 | F44: =IFERROR(E44/E14,"") -> 0 | G44: =SUMIFS(Tabla7[Monto],Tabla7[Moneda],$N$5,Tabla7[Mes],G$12,Tabla7[Cuenta asociada],$D44) -> 0 | H44: =SUMIFS(Tabla7[Monto],Tabla7[Moneda],$N$5,Tabla7[Mes],H$12,Tabla7[Cuenta asociada],$D44) -> 0 | I44: =SUMIFS(Tabla7[Monto],Tabla7[Moneda],$N$5,Tabla7[Mes],I$12,Tabla7[Cuenta asociada],$D44) -> 0 | J44: =SUMIFS(Tabla7[Monto],Tabla7[Moneda],$N$5,Tabla7[Mes],J$12,Tabla7[Cuenta asociada],$D44) -> 0 | K44: =SUMIFS(Tabla7[Monto],Tabla7[Moneda],$N$5,Tabla7[Mes],K$12,Tabla7[Cuenta asociada],$D44) -> 0 | L44: =SUMIFS(Tabla7[Monto],Tabla7[Moneda],$N$5,Tabla7[Mes],L$12,Tabla7[Cuenta asociada],$D44) -> 0 | M44: =SUMIFS(Tabla7[Monto],Tabla7[Moneda],$N$5,Tabla7[Mes],M$12,Tabla7[Cuenta asociada],$D44) -> 0 | N44: =SUMIFS(Tabla7[Monto],Tabla7[Moneda],$N$5,Tabla7[Mes],N$12,Tabla7[Cuenta asociada],$D44) -> 0 | ... R44: =SUMIFS(Tabla7[Monto],Tabla7[Moneda],$N$5,Tabla7[Mes],R$12,Tabla7[Cuenta asociada],$D44) -> 0
C46: =+C14+1 -> 2 | D46: GASTOS DE SERVICIOS DE TERCEROS | E46: =SUM(E47:E76) -> 93214 | F46: =IFERROR(E46/$E$207,0) -> 0.33334883 | G46: =SUM(G47:G76) -> 28531 | H46: =SUM(H47:H76) -> 17997 | I46: =SUM(I47:I76) -> 26283 | J46: =SUM(J47:J76) -> 9620 | K46: =SUM(K47:K76) -> 3114 | L46: =SUM(L47:L76) -> 7669 | M46: =SUM(M47:M76) -> 0 | N46: =SUM(N47:N76) -> 0 | ... R46: =SUM(R47:R76) -> 0
C47: 1 | D47: =IFERROR(INDEX(Tablas!$H$5:$H$1048576,MATCH(CONCATENATE(C46,".",$C47),Tablas!$L$5:$L$1048576,0),1),"") -> Otros Fletes | E47: =SUM(G47:R47) -> 1446 | F47: =IFERROR(E47/E46,"") -> 0.015512691 | G47: =SUMIFS(Tabla7[Monto],Tabla7[Moneda],$N$5,Tabla7[Mes],G$12,Tabla7[Cuenta asociada],$D47) -> 0 | H47: =SUMIFS(Tabla7[Monto],Tabla7[Moneda],$N$5,Tabla7[Mes],H$12,Tabla7[Cuenta asociada],$D47) -> 0 | I47: =SUMIFS(Tabla7[Monto],Tabla7[Moneda],$N$5,Tabla7[Mes],I$12,Tabla7[Cuenta asociada],$D47) -> 1446 | J47: =SUMIFS(Tabla7[Monto],Tabla7[Moneda],$N$5,Tabla7[Mes],J$12,Tabla7[Cuenta asociada],$D47) -> 0 | K47: =SUMIFS(Tabla7[Monto],Tabla7[Moneda],$N$5,Tabla7[Mes],K$12,Tabla7[Cuenta asociada],$D47) -> 0 | L47: =SUMIFS(Tabla7[Monto],Tabla7[Moneda],$N$5,Tabla7[Mes],L$12,Tabla7[Cuenta asociada],$D47) -> 0 | M47: =SUMIFS(Tabla7[Monto],Tabla7[Moneda],$N$5,Tabla7[Mes],M$12,Tabla7[Cuenta asociada],$D47) -> 0 | N47: =SUMIFS(Tabla7[Monto],Tabla7[Moneda],$N$5,Tabla7[Mes],N$12,Tabla7[Cuenta asociada],$D47) -> 0 | ... R47: =SUMIFS(Tabla7[Monto],Tabla7[Moneda],$N$5,Tabla7[Mes],R$12,Tabla7[Cuenta asociada],$D47) -> 0
C48: 2 | D48: =IFERROR(INDEX(Tablas!$H$5:$H$1048576,MATCH(CONCATENATE(C46,".",$C48),Tablas!$L$5:$L$1048576,0),1),"") -> Estibas | E48: =SUM(G48:R48) -> 2193 | F48: =IFERROR(E48/E46,"") -> 0.023526509 | G48: =SUMIFS(Tabla7[Monto],Tabla7[Moneda],$N$5,Tabla7[Mes],G$12,Tabla7[Cuenta asociada],$D48) -> 0 | H48: =SUMIFS(Tabla7[Monto],Tabla7[Moneda],$N$5,Tabla7[Mes],H$12,Tabla7[Cuenta asociada],$D48) -> 0 | I48: =SUMIFS(Tabla7[Monto],Tabla7[Moneda],$N$5,Tabla7[Mes],I$12,Tabla7[Cuenta asociada],$D48) -> 2193 | J48: =SUMIFS(Tabla7[Monto],Tabla7[Moneda],$N$5,Tabla7[Mes],J$12,Tabla7[Cuenta asociada],$D48) -> 0 | K48: =SUMIFS(Tabla7[Monto],Tabla7[Moneda],$N$5,Tabla7[Mes],K$12,Tabla7[Cuenta asociada],$D48) -> 0 | L48: =SUMIFS(Tabla7[Monto],Tabla7[Moneda],$N$5,Tabla7[Mes],L$12,Tabla7[Cuenta asociada],$D48) -> 0 | M48: =SUMIFS(Tabla7[Monto],Tabla7[Moneda],$N$5,Tabla7[Mes],M$12,Tabla7[Cuenta asociada],$D48) -> 0 | N48: =SUMIFS(Tabla7[Monto],Tabla7[Moneda],$N$5,Tabla7[Mes],N$12,Tabla7[Cuenta asociada],$D48) -> 0 | ... R48: =SUMIFS(Tabla7[Monto],Tabla7[Moneda],$N$5,Tabla7[Mes],R$12,Tabla7[Cuenta asociada],$D48) -> 0
C49: 3 | D49: =IFERROR(INDEX(Tablas!$H$5:$H$1048576,MATCH(CONCATENATE(C46,".",$C49),Tablas!$L$5:$L$1048576,0),1),"") -> Flete Local | E49: =SUM(G49:R49) -> 3919 | F49: =IFERROR(E49/E46,"") -> 0.042043041 | G49: =SUMIFS(Tabla7[Monto],Tabla7[Moneda],$N$5,Tabla7[Mes],G$12,Tabla7[Cuenta asociada],$D49) -> 0 | H49: =SUMIFS(Tabla7[Monto],Tabla7[Moneda],$N$5,Tabla7[Mes],H$12,Tabla7[Cuenta asociada],$D49) -> 0 | I49: =SUMIFS(Tabla7[Monto],Tabla7[Moneda],$N$5,Tabla7[Mes],I$12,Tabla7[Cuenta asociada],$D49) -> 3919 | J49: =SUMIFS(Tabla7[Monto],Tabla7[Moneda],$N$5,Tabla7[Mes],J$12,Tabla7[Cuenta asociada],$D49) -> 0 | K49: =SUMIFS(Tabla7[Monto],Tabla7[Moneda],$N$5,Tabla7[Mes],K$12,Tabla7[Cuenta asociada],$D49) -> 0 | L49: =SUMIFS(Tabla7[Monto],Tabla7[Moneda],$N$5,Tabla7[Mes],L$12,Tabla7[Cuenta asociada],$D49) -> 0 | M49: =SUMIFS(Tabla7[Monto],Tabla7[Moneda],$N$5,Tabla7[Mes],M$12,Tabla7[Cuenta asociada],$D49) -> 0 | N49: =SUMIFS(Tabla7[Monto],Tabla7[Moneda],$N$5,Tabla7[Mes],N$12,Tabla7[Cuenta asociada],$D49) -> 0 | ... R49: =SUMIFS(Tabla7[Monto],Tabla7[Moneda],$N$5,Tabla7[Mes],R$12,Tabla7[Cuenta asociada],$D49) -> 0
C50: 4 | D50: =IFERROR(INDEX(Tablas!$H$5:$H$1048576,MATCH(CONCATENATE(C46,".",$C50),Tablas!$L$5:$L$1048576,0),1),"") -> Flete a Provincia | E50: =SUM(G50:R50) -> 8878 | F50: =IFERROR(E50/E46,"") -> 0.095243204 | G50: =SUMIFS(Tabla7[Monto],Tabla7[Moneda],$N$5,Tabla7[Mes],G$12,Tabla7[Cuenta asociada],$D50) -> 0 | H50: =SUMIFS(Tabla7[Monto],Tabla7[Moneda],$N$5,Tabla7[Mes],H$12,Tabla7[Cuenta asociada],$D50) -> 0 | I50: =SUMIFS(Tabla7[Monto],Tabla7[Moneda],$N$5,Tabla7[Mes],I$12,Tabla7[Cuenta asociada],$D50) -> 8878 | J50: =SUMIFS(Tabla7[Monto],Tabla7[Moneda],$N$5,Tabla7[Mes],J$12,Tabla7[Cuenta asociada],$D50) -> 0 | K50: =SUMIFS(Tabla7[Monto],Tabla7[Moneda],$N$5,Tabla7[Mes],K$12,Tabla7[Cuenta asociada],$D50) -> 0 | L50: =SUMIFS(Tabla7[Monto],Tabla7[Moneda],$N$5,Tabla7[Mes],L$12,Tabla7[Cuenta asociada],$D50) -> 0 | M50: =SUMIFS(Tabla7[Monto],Tabla7[Moneda],$N$5,Tabla7[Mes],M$12,Tabla7[Cuenta asociada],$D50) -> 0 | N50: =SUMIFS(Tabla7[Monto],Tabla7[Moneda],$N$5,Tabla7[Mes],N$12,Tabla7[Cuenta asociada],$D50) -> 0 | ... R50: =SUMIFS(Tabla7[Monto],Tabla7[Moneda],$N$5,Tabla7[Mes],R$12,Tabla7[Cuenta asociada],$D50) -> 0
C51: 5 | D51: =IFERROR(INDEX(Tablas!$H$5:$H$1048576,MATCH(CONCATENATE(C46,".",$C51),Tablas!$L$5:$L$1048576,0),1),"") -> Servicio de montacarga | E51: =SUM(G51:R51) -> 6150 | F51: =IFERROR(E51/E46,"") -> 0.065977214 | G51: =SUMIFS(Tabla7[Monto],Tabla7[Moneda],$N$5,Tabla7[Mes],G$12,Tabla7[Cuenta asociada],$D51) -> 0 | H51: =SUMIFS(Tabla7[Monto],Tabla7[Moneda],$N$5,Tabla7[Mes],H$12,Tabla7[Cuenta asociada],$D51) -> 0 | I51: =SUMIFS(Tabla7[Monto],Tabla7[Moneda],$N$5,Tabla7[Mes],I$12,Tabla7[Cuenta asociada],$D51) -> 6150 | J51: =SUMIFS(Tabla7[Monto],Tabla7[Moneda],$N$5,Tabla7[Mes],J$12,Tabla7[Cuenta asociada],$D51) -> 0 | K51: =SUMIFS(Tabla7[Monto],Tabla7[Moneda],$N$5,Tabla7[Mes],K$12,Tabla7[Cuenta asociada],$D51) -> 0 | L51: =SUMIFS(Tabla7[Monto],Tabla7[Moneda],$N$5,Tabla7[Mes],L$12,Tabla7[Cuenta asociada],$D51) -> 0 | M51: =SUMIFS(Tabla7[Monto],Tabla7[Moneda],$N$5,Tabla7[Mes],M$12,Tabla7[Cuenta asociada],$D51) -> 0 | N51: =SUMIFS(Tabla7[Monto],Tabla7[Moneda],$N$5,Tabla7[Mes],N$12,Tabla7[Cuenta asociada],$D51) -> 0 | ... R51: =SUMIFS(Tabla7[Monto],Tabla7[Moneda],$N$5,Tabla7[Mes],R$12,Tabla7[Cuenta asociada],$D51) -> 0
C52: 6 | D52: =IFERROR(INDEX(Tablas!$H$5:$H$1048576,MATCH(CONCATENATE(C46,".",$C52),Tablas!$L$5:$L$1048576,0),1),"") -> Gasto de viaje | E52: =SUM(G52:R52) -> 6839 | F52: =IFERROR(E52/E46,"") -> 0.073368807 | G52: =SUMIFS(Tabla7[Monto],Tabla7[Moneda],$N$5,Tabla7[Mes],G$12,Tabla7[Cuenta asociada],$D52) -> 6839 | H52: =SUMIFS(Tabla7[Monto],Tabla7[Moneda],$N$5,Tabla7[Mes],H$12,Tabla7[Cuenta asociada],$D52) -> 0 | I52: =SUMIFS(Tabla7[Monto],Tabla7[Moneda],$N$5,Tabla7[Mes],I$12,Tabla7[Cuenta asociada],$D52) -> 0 | J52: =SUMIFS(Tabla7[Monto],Tabla7[Moneda],$N$5,Tabla7[Mes],J$12,Tabla7[Cuenta asociada],$D52) -> 0 | K52: =SUMIFS(Tabla7[Monto],Tabla7[Moneda],$N$5,Tabla7[Mes],K$12,Tabla7[Cuenta asociada],$D52) -> 0 | L52: =SUMIFS(Tabla7[Monto],Tabla7[Moneda],$N$5,Tabla7[Mes],L$12,Tabla7[Cuenta asociada],$D52) -> 0 | M52: =SUMIFS(Tabla7[Monto],Tabla7[Moneda],$N$5,Tabla7[Mes],M$12,Tabla7[Cuenta asociada],$D52) -> 0 | N52: =SUMIFS(Tabla7[Monto],Tabla7[Moneda],$N$5,Tabla7[Mes],N$12,Tabla7[Cuenta asociada],$D52) -> 0 | ... R52: =SUMIFS(Tabla7[Monto],Tabla7[Moneda],$N$5,Tabla7[Mes],R$12,Tabla7[Cuenta asociada],$D52) -> 0
C53: 7 | D53: =IFERROR(INDEX(Tablas!$H$5:$H$1048576,MATCH(CONCATENATE(C46,".",$C53),Tablas!$L$5:$L$1048576,0),1),"") -> Consultorias | E53: =SUM(G53:R53) -> 8135 | F53: =IFERROR(E53/E46,"") -> 0.087272298 | G53: =SUMIFS(Tabla7[Monto],Tabla7[Moneda],$N$5,Tabla7[Mes],G$12,Tabla7[Cuenta asociada],$D53) -> 8135 | H53: =SUMIFS(Tabla7[Monto],Tabla7[Moneda],$N$5,Tabla7[Mes],H$12,Tabla7[Cuenta asociada],$D53) -> 0 | I53: =SUMIFS(Tabla7[Monto],Tabla7[Moneda],$N$5,Tabla7[Mes],I$12,Tabla7[Cuenta asociada],$D53) -> 0 | J53: =SUMIFS(Tabla7[Monto],Tabla7[Moneda],$N$5,Tabla7[Mes],J$12,Tabla7[Cuenta asociada],$D53) -> 0 | K53: =SUMIFS(Tabla7[Monto],Tabla7[Moneda],$N$5,Tabla7[Mes],K$12,Tabla7[Cuenta asociada],$D53) -> 0 | L53: =SUMIFS(Tabla7[Monto],Tabla7[Moneda],$N$5,Tabla7[Mes],L$12,Tabla7[Cuenta asociada],$D53) -> 0 | M53: =SUMIFS(Tabla7[Monto],Tabla7[Moneda],$N$5,Tabla7[Mes],M$12,Tabla7[Cuenta asociada],$D53) -> 0 | N53: =SUMIFS(Tabla7[Monto],Tabla7[Moneda],$N$5,Tabla7[Mes],N$12,Tabla7[Cuenta asociada],$D53) -> 0 | ... R53: =SUMIFS(Tabla7[Monto],Tabla7[Moneda],$N$5,Tabla7[Mes],R$12,Tabla7[Cuenta asociada],$D53) -> 0
C54: 8 | D54: =IFERROR(INDEX(Tablas!$H$5:$H$1048576,MATCH(CONCATENATE(C46,".",$C54),Tablas!$L$5:$L$1048576,0),1),"") -> Courier | E54: =SUM(G54:R54) -> 2455 | F54: =IFERROR(E54/E46,"") -> 0.026337245 | G54: =SUMIFS(Tabla7[Monto],Tabla7[Moneda],$N$5,Tabla7[Mes],G$12,Tabla7[Cuenta asociada],$D54) -> 0 | H54: =SUMIFS(Tabla7[Monto],Tabla7[Moneda],$N$5,Tabla7[Mes],H$12,Tabla7[Cuenta asociada],$D54) -> 2455 | I54: =SUMIFS(Tabla7[Monto],Tabla7[Moneda],$N$5,Tabla7[Mes],I$12,Tabla7[Cuenta asociada],$D54) -> 0 | J54: =SUMIFS(Tabla7[Monto],Tabla7[Moneda],$N$5,Tabla7[Mes],J$12,Tabla7[Cuenta asociada],$D54) -> 0 | K54: =SUMIFS(Tabla7[Monto],Tabla7[Moneda],$N$5,Tabla7[Mes],K$12,Tabla7[Cuenta asociada],$D54) -> 0 | L54: =SUMIFS(Tabla7[Monto],Tabla7[Moneda],$N$5,Tabla7[Mes],L$12,Tabla7[Cuenta asociada],$D54) -> 0 | M54: =SUMIFS(Tabla7[Monto],Tabla7[Moneda],$N$5,Tabla7[Mes],M$12,Tabla7[Cuenta asociada],$D54) -> 0 | N54: =SUMIFS(Tabla7[Monto],Tabla7[Moneda],$N$5,Tabla7[Mes],N$12,Tabla7[Cuenta asociada],$D54) -> 0 | ... R54: =SUMIFS(Tabla7[Monto],Tabla7[Moneda],$N$5,Tabla7[Mes],R$12,Tabla7[Cuenta asociada],$D54) -> 0
C55: 9 | D55: =IFERROR(INDEX(Tablas!$H$5:$H$1048576,MATCH(CONCATENATE(C46,".",$C55),Tablas!$L$5:$L$1048576,0),1),"") -> Mantenimiento / Reparaciones | E55: =SUM(G55:R55) -> 2103 | F55: =IFERROR(E55/E46,"") -> 0.022560989 | G55: =SUMIFS(Tabla7[Monto],Tabla7[Moneda],$N$5,Tabla7[Mes],G$12,Tabla7[Cuenta asociada],$D55) -> 0 | H55: =SUMIFS(Tabla7[Monto],Tabla7[Moneda],$N$5,Tabla7[Mes],H$12,Tabla7[Cuenta asociada],$D55) -> 2103 | I55: =SUMIFS(Tabla7[Monto],Tabla7[Moneda],$N$5,Tabla7[Mes],I$12,Tabla7[Cuenta asociada],$D55) -> 0 | J55: =SUMIFS(Tabla7[Monto],Tabla7[Moneda],$N$5,Tabla7[Mes],J$12,Tabla7[Cuenta asociada],$D55) -> 0 | K55: =SUMIFS(Tabla7[Monto],Tabla7[Moneda],$N$5,Tabla7[Mes],K$12,Tabla7[Cuenta asociada],$D55) -> 0 | L55: =SUMIFS(Tabla7[Monto],Tabla7[Moneda],$N$5,Tabla7[Mes],L$12,Tabla7[Cuenta asociada],$D55) -> 0 | M55: =SUMIFS(Tabla7[Monto],Tabla7[Moneda],$N$5,Tabla7[Mes],M$12,Tabla7[Cuenta asociada],$D55) -> 0 | N55: =SUMIFS(Tabla7[Monto],Tabla7[Moneda],$N$5,Tabla7[Mes],N$12,Tabla7[Cuenta asociada],$D55) -> 0 | ... R55: =SUMIFS(Tabla7[Monto],Tabla7[Moneda],$N$5,Tabla7[Mes],R$12,Tabla7[Cuenta asociada],$D55) -> 0
C56: 10 | D56: =IFERROR(INDEX(Tablas!$H$5:$H$1048576,MATCH(CONCATENATE(C46,".",$C56),Tablas!$L$5:$L$1048576,0),1),"") -> Reparaciones Vehiculos | E56: =SUM(G56:R56) -> 5126 | F56: =IFERROR(E56/E46,"") -> 0.054991739 | G56: =SUMIFS(Tabla7[Monto],Tabla7[Moneda],$N$5,Tabla7[Mes],G$12,Tabla7[Cuenta asociada],$D56) -> 0 | H56: =SUMIFS(Tabla7[Monto],Tabla7[Moneda],$N$5,Tabla7[Mes],H$12,Tabla7[Cuenta asociada],$D56) -> 0 | I56: =SUMIFS(Tabla7[Monto],Tabla7[Moneda],$N$5,Tabla7[Mes],I$12,Tabla7[Cuenta asociada],$D56) -> 0 | J56: =SUMIFS(Tabla7[Monto],Tabla7[Moneda],$N$5,Tabla7[Mes],J$12,Tabla7[Cuenta asociada],$D56) -> 0 | K56: =SUMIFS(Tabla7[Monto],Tabla7[Moneda],$N$5,Tabla7[Mes],K$12,Tabla7[Cuenta asociada],$D56) -> 0 | L56: =SUMIFS(Tabla7[Monto],Tabla7[Moneda],$N$5,Tabla7[Mes],L$12,Tabla7[Cuenta asociada],$D56) -> 5126 | M56: =SUMIFS(Tabla7[Monto],Tabla7[Moneda],$N$5,Tabla7[Mes],M$12,Tabla7[Cuenta asociada],$D56) -> 0 | N56: =SUMIFS(Tabla7[Monto],Tabla7[Moneda],$N$5,Tabla7[Mes],N$12,Tabla7[Cuenta asociada],$D56) -> 0 | ... R56: =SUMIFS(Tabla7[Monto],Tabla7[Moneda],$N$5,Tabla7[Mes],R$12,Tabla7[Cuenta asociada],$D56) -> 0
C57: 11 | D57: =IFERROR(INDEX(Tablas!$H$5:$H$1048576,MATCH(CONCATENATE(C46,".",$C57),Tablas!$L$5:$L$1048576,0),1),"") -> Alquileres | E57: =SUM(G57:R57) -> 591 | F57: =IFERROR(E57/E46,"") -> 0.0063402493 | G57: =SUMIFS(Tabla7[Monto],Tabla7[Moneda],$N$5,Tabla7[Mes],G$12,Tabla7[Cuenta asociada],$D57) -> 0 | H57: =SUMIFS(Tabla7[Monto],Tabla7[Moneda],$N$5,Tabla7[Mes],H$12,Tabla7[Cuenta asociada],$D57) -> 0 | I57: =SUMIFS(Tabla7[Monto],Tabla7[Moneda],$N$5,Tabla7[Mes],I$12,Tabla7[Cuenta asociada],$D57) -> 591 | J57: =SUMIFS(Tabla7[Monto],Tabla7[Moneda],$N$5,Tabla7[Mes],J$12,Tabla7[Cuenta asociada],$D57) -> 0 | K57: =SUMIFS(Tabla7[Monto],Tabla7[Moneda],$N$5,Tabla7[Mes],K$12,Tabla7[Cuenta asociada],$D57) -> 0 | L57: =SUMIFS(Tabla7[Monto],Tabla7[Moneda],$N$5,Tabla7[Mes],L$12,Tabla7[Cuenta asociada],$D57) -> 0 | M57: =SUMIFS(Tabla7[Monto],Tabla7[Moneda],$N$5,Tabla7[Mes],M$12,Tabla7[Cuenta asociada],$D57) -> 0 | N57: =SUMIFS(Tabla7[Monto],Tabla7[Moneda],$N$5,Tabla7[Mes],N$12,Tabla7[Cuenta asociada],$D57) -> 0 | ... R57: =SUMIFS(Tabla7[Monto],Tabla7[Moneda],$N$5,Tabla7[Mes],R$12,Tabla7[Cuenta asociada],$D57) -> 0
C58: 12 | D58: =IFERROR(INDEX(Tablas!$H$5:$H$1048576,MATCH(CONCATENATE(C46,".",$C58),Tablas!$L$5:$L$1048576,0),1),"") -> Energia Electrica | E58: =SUM(G58:R58) -> 3114 | F58: =IFERROR(E58/E46,"") -> 0.033406999 | G58: =SUMIFS(Tabla7[Monto],Tabla7[Moneda],$N$5,Tabla7[Mes],G$12,Tabla7[Cuenta asociada],$D58) -> 0 | H58: =SUMIFS(Tabla7[Monto],Tabla7[Moneda],$N$5,Tabla7[Mes],H$12,Tabla7[Cuenta asociada],$D58) -> 0 | I58: =SUMIFS(Tabla7[Monto],Tabla7[Moneda],$N$5,Tabla7[Mes],I$12,Tabla7[Cuenta asociada],$D58) -> 0 | J58: =SUMIFS(Tabla7[Monto],Tabla7[Moneda],$N$5,Tabla7[Mes],J$12,Tabla7[Cuenta asociada],$D58) -> 0 | K58: =SUMIFS(Tabla7[Monto],Tabla7[Moneda],$N$5,Tabla7[Mes],K$12,Tabla7[Cuenta asociada],$D58) -> 3114 | L58: =SUMIFS(Tabla7[Monto],Tabla7[Moneda],$N$5,Tabla7[Mes],L$12,Tabla7[Cuenta asociada],$D58) -> 0 | M58: =SUMIFS(Tabla7[Monto],Tabla7[Moneda],$N$5,Tabla7[Mes],M$12,Tabla7[Cuenta asociada],$D58) -> 0 | N58: =SUMIFS(Tabla7[Monto],Tabla7[Moneda],$N$5,Tabla7[Mes],N$12,Tabla7[Cuenta asociada],$D58) -> 0 | ... R58: =SUMIFS(Tabla7[Monto],Tabla7[Moneda],$N$5,Tabla7[Mes],R$12,Tabla7[Cuenta asociada],$D58) -> 0
C59: 13 | D59: =IFERROR(INDEX(Tablas!$H$5:$H$1048576,MATCH(CONCATENATE(C46,".",$C59),Tablas!$L$5:$L$1048576,0),1),"") -> Agua | E59: =SUM(G59:R59) -> 8425 | F59: =IFERROR(E59/E46,"") -> 0.090383419 | G59: =SUMIFS(Tabla7[Monto],Tabla7[Moneda],$N$5,Tabla7[Mes],G$12,Tabla7[Cuenta asociada],$D59) -> 8425 | H59: =SUMIFS(Tabla7[Monto],Tabla7[Moneda],$N$5,Tabla7[Mes],H$12,Tabla7[Cuenta asociada],$D59) -> 0 | I59: =SUMIFS(Tabla7[Monto],Tabla7[Moneda],$N$5,Tabla7[Mes],I$12,Tabla7[Cuenta asociada],$D59) -> 0 | J59: =SUMIFS(Tabla7[Monto],Tabla7[Moneda],$N$5,Tabla7[Mes],J$12,Tabla7[Cuenta asociada],$D59) -> 0 | K59: =SUMIFS(Tabla7[Monto],Tabla7[Moneda],$N$5,Tabla7[Mes],K$12,Tabla7[Cuenta asociada],$D59) -> 0 | L59: =SUMIFS(Tabla7[Monto],Tabla7[Moneda],$N$5,Tabla7[Mes],L$12,Tabla7[Cuenta asociada],$D59) -> 0 | M59: =SUMIFS(Tabla7[Monto],Tabla7[Moneda],$N$5,Tabla7[Mes],M$12,Tabla7[Cuenta asociada],$D59) -> 0 | N59: =SUMIFS(Tabla7[Monto],Tabla7[Moneda],$N$5,Tabla7[Mes],N$12,Tabla7[Cuenta asociada],$D59) -> 0 | ... R59: =SUMIFS(Tabla7[Monto],Tabla7[Moneda],$N$5,Tabla7[Mes],R$12,Tabla7[Cuenta asociada],$D59) -> 0
C60: 14 | D60: =IFERROR(INDEX(Tablas!$H$5:$H$1048576,MATCH(CONCATENATE(C46,".",$C60),Tablas!$L$5:$L$1048576,0),1),"") -> Selección Y Eval. Pe | E60: =SUM(G60:R60) -> 5277 | F60: =IFERROR(E60/E46,"") -> 0.056611668 | G60: =SUMIFS(Tabla7[Monto],Tabla7[Moneda],$N$5,Tabla7[Mes],G$12,Tabla7[Cuenta asociada],$D60) -> 0 | H60: =SUMIFS(Tabla7[Monto],Tabla7[Moneda],$N$5,Tabla7[Mes],H$12,Tabla7[Cuenta asociada],$D60) -> 5277 | I60: =SUMIFS(Tabla7[Monto],Tabla7[Moneda],$N$5,Tabla7[Mes],I$12,Tabla7[Cuenta asociada],$D60) -> 0 | J60: =SUMIFS(Tabla7[Monto],Tabla7[Moneda],$N$5,Tabla7[Mes],J$12,Tabla7[Cuenta asociada],$D60) -> 0 | K60: =SUMIFS(Tabla7[Monto],Tabla7[Moneda],$N$5,Tabla7[Mes],K$12,Tabla7[Cuenta asociada],$D60) -> 0 | L60: =SUMIFS(Tabla7[Monto],Tabla7[Moneda],$N$5,Tabla7[Mes],L$12,Tabla7[Cuenta asociada],$D60) -> 0 | M60: =SUMIFS(Tabla7[Monto],Tabla7[Moneda],$N$5,Tabla7[Mes],M$12,Tabla7[Cuenta asociada],$D60) -> 0 | N60: =SUMIFS(Tabla7[Monto],Tabla7[Moneda],$N$5,Tabla7[Mes],N$12,Tabla7[Cuenta asociada],$D60) -> 0 | ... R60: =SUMIFS(Tabla7[Monto],Tabla7[Moneda],$N$5,Tabla7[Mes],R$12,Tabla7[Cuenta asociada],$D60) -> 0
C61: 15 | D61: =IFERROR(INDEX(Tablas!$H$5:$H$1048576,MATCH(CONCATENATE(C46,".",$C61),Tablas!$L$5:$L$1048576,0),1),"") -> Servicios p·blicos | E61: =SUM(G61:R61) -> 4935 | F61: =IFERROR(E61/E46,"") -> 0.052942691 | G61: =SUMIFS(Tabla7[Monto],Tabla7[Moneda],$N$5,Tabla7[Mes],G$12,Tabla7[Cuenta asociada],$D61) -> 0 | H61: =SUMIFS(Tabla7[Monto],Tabla7[Moneda],$N$5,Tabla7[Mes],H$12,Tabla7[Cuenta asociada],$D61) -> 0 | I61: =SUMIFS(Tabla7[Monto],Tabla7[Moneda],$N$5,Tabla7[Mes],I$12,Tabla7[Cuenta asociada],$D61) -> 0 | J61: =SUMIFS(Tabla7[Monto],Tabla7[Moneda],$N$5,Tabla7[Mes],J$12,Tabla7[Cuenta asociada],$D61) -> 4935 | K61: =SUMIFS(Tabla7[Monto],Tabla7[Moneda],$N$5,Tabla7[Mes],K$12,Tabla7[Cuenta asociada],$D61) -> 0 | L61: =SUMIFS(Tabla7[Monto],Tabla7[Moneda],$N$5,Tabla7[Mes],L$12,Tabla7[Cuenta asociada],$D61) -> 0 | M61: =SUMIFS(Tabla7[Monto],Tabla7[Moneda],$N$5,Tabla7[Mes],M$12,Tabla7[Cuenta asociada],$D61) -> 0 | N61: =SUMIFS(Tabla7[Monto],Tabla7[Moneda],$N$5,Tabla7[Mes],N$12,Tabla7[Cuenta asociada],$D61) -> 0 | ... R61: =SUMIFS(Tabla7[Monto],Tabla7[Moneda],$N$5,Tabla7[Mes],R$12,Tabla7[Cuenta asociada],$D61) -> 0
C62: 16 | D62: =IFERROR(INDEX(Tablas!$H$5:$H$1048576,MATCH(CONCATENATE(C46,".",$C62),Tablas!$L$5:$L$1048576,0),1),"") -> Aporte Publicitario | E62: =SUM(G62:R62) -> 5132 | F62: =IFERROR(E62/E46,"") -> 0.055056107 | G62: =SUMIFS(Tabla7[Monto],Tabla7[Moneda],$N$5,Tabla7[Mes],G$12,Tabla7[Cuenta asociada],$D62) -> 5132 | H62: =SUMIFS(Tabla7[Monto],Tabla7[Moneda],$N$5,Tabla7[Mes],H$12,Tabla7[Cuenta asociada],$D62) -> 0 | I62: =SUMIFS(Tabla7[Monto],Tabla7[Moneda],$N$5,Tabla7[Mes],I$12,Tabla7[Cuenta asociada],$D62) -> 0 | J62: =SUMIFS(Tabla7[Monto],Tabla7[Moneda],$N$5,Tabla7[Mes],J$12,Tabla7[Cuenta asociada],$D62) -> 0 | K62: =SUMIFS(Tabla7[Monto],Tabla7[Moneda],$N$5,Tabla7[Mes],K$12,Tabla7[Cuenta asociada],$D62) -> 0 | L62: =SUMIFS(Tabla7[Monto],Tabla7[Moneda],$N$5,Tabla7[Mes],L$12,Tabla7[Cuenta asociada],$D62) -> 0 | M62: =SUMIFS(Tabla7[Monto],Tabla7[Moneda],$N$5,Tabla7[Mes],M$12,Tabla7[Cuenta asociada],$D62) -> 0 | N62: =SUMIFS(Tabla7[Monto],Tabla7[Moneda],$N$5,Tabla7[Mes],N$12,Tabla7[Cuenta asociada],$D62) -> 0 | ... R62: =SUMIFS(Tabla7[Monto],Tabla7[Moneda],$N$5,Tabla7[Mes],R$12,Tabla7[Cuenta asociada],$D62) -> 0
C63: 17 | D63: =IFERROR(INDEX(Tablas!$H$5:$H$1048576,MATCH(CONCATENATE(C46,".",$C63),Tablas!$L$5:$L$1048576,0),1),"") -> Servicio de personal (service) | E63: =SUM(G63:R63) -> 8162 | F63: =IFERROR(E63/E46,"") -> 0.087561954 | G63: =SUMIFS(Tabla7[Monto],Tabla7[Moneda],$N$5,Tabla7[Mes],G$12,Tabla7[Cuenta asociada],$D63) -> 0 | H63: =SUMIFS(Tabla7[Monto],Tabla7[Moneda],$N$5,Tabla7[Mes],H$12,Tabla7[Cuenta asociada],$D63) -> 8162 | I63: =SUMIFS(Tabla7[Monto],Tabla7[Moneda],$N$5,Tabla7[Mes],I$12,Tabla7[Cuenta asociada],$D63) -> 0 | J63: =SUMIFS(Tabla7[Monto],Tabla7[Moneda],$N$5,Tabla7[Mes],J$12,Tabla7[Cuenta asociada],$D63) -> 0 | K63: =SUMIFS(Tabla7[Monto],Tabla7[Moneda],$N$5,Tabla7[Mes],K$12,Tabla7[Cuenta asociada],$D63) -> 0 | L63: =SUMIFS(Tabla7[Monto],Tabla7[Moneda],$N$5,Tabla7[Mes],L$12,Tabla7[Cuenta asociada],$D63) -> 0 | M63: =SUMIFS(Tabla7[Monto],Tabla7[Moneda],$N$5,Tabla7[Mes],M$12,Tabla7[Cuenta asociada],$D63) -> 0 | N63: =SUMIFS(Tabla7[Monto],Tabla7[Moneda],$N$5,Tabla7[Mes],N$12,Tabla7[Cuenta asociada],$D63) -> 0 | ... R63: =SUMIFS(Tabla7[Monto],Tabla7[Moneda],$N$5,Tabla7[Mes],R$12,Tabla7[Cuenta asociada],$D63) -> 0
C64: 18 | D64: =IFERROR(INDEX(Tablas!$H$5:$H$1048576,MATCH(CONCATENATE(C46,".",$C64),Tablas!$L$5:$L$1048576,0),1),"") -> Vigilancia | E64: =SUM(G64:R64) -> 2543 | F64: =IFERROR(E64/E46,"") -> 0.02728131 | G64: =SUMIFS(Tabla7[Monto],Tabla7[Moneda],$N$5,Tabla7[Mes],G$12,Tabla7[Cuenta asociada],$D64) -> 0 | H64: =SUMIFS(Tabla7[Monto],Tabla7[Moneda],$N$5,Tabla7[Mes],H$12,Tabla7[Cuenta asociada],$D64) -> 0 | I64: =SUMIFS(Tabla7[Monto],Tabla7[Moneda],$N$5,Tabla7[Mes],I$12,Tabla7[Cuenta asociada],$D64) -> 0 | J64: =SUMIFS(Tabla7[Monto],Tabla7[Moneda],$N$5,Tabla7[Mes],J$12,Tabla7[Cuenta asociada],$D64) -> 0 | K64: =SUMIFS(Tabla7[Monto],Tabla7[Moneda],$N$5,Tabla7[Mes],K$12,Tabla7[Cuenta asociada],$D64) -> 0 | L64: =SUMIFS(Tabla7[Monto],Tabla7[Moneda],$N$5,Tabla7[Mes],L$12,Tabla7[Cuenta asociada],$D64) -> 2543 | M64: =SUMIFS(Tabla7[Monto],Tabla7[Moneda],$N$5,Tabla7[Mes],M$12,Tabla7[Cuenta asociada],$D64) -> 0 | N64: =SUMIFS(Tabla7[Monto],Tabla7[Moneda],$N$5,Tabla7[Mes],N$12,Tabla7[Cuenta asociada],$D64) -> 0 | ... R64: =SUMIFS(Tabla7[Monto],Tabla7[Moneda],$N$5,Tabla7[Mes],R$12,Tabla7[Cuenta asociada],$D64) -> 0
C65: 19 | D65: =IFERROR(INDEX(Tablas!$H$5:$H$1048576,MATCH(CONCATENATE(C46,".",$C65),Tablas!$L$5:$L$1048576,0),1),"") -> Limpieza | E65: =SUM(G65:R65) -> 4685 | F65: =IFERROR(E65/E46,"") -> 0.05026069 | G65: =SUMIFS(Tabla7[Monto],Tabla7[Moneda],$N$5,Tabla7[Mes],G$12,Tabla7[Cuenta asociada],$D65) -> 0 | H65: =SUMIFS(Tabla7[Monto],Tabla7[Moneda],$N$5,Tabla7[Mes],H$12,Tabla7[Cuenta asociada],$D65) -> 0 | I65: =SUMIFS(Tabla7[Monto],Tabla7[Moneda],$N$5,Tabla7[Mes],I$12,Tabla7[Cuenta asociada],$D65) -> 0 | J65: =SUMIFS(Tabla7[Monto],Tabla7[Moneda],$N$5,Tabla7[Mes],J$12,Tabla7[Cuenta asociada],$D65) -> 4685 | K65: =SUMIFS(Tabla7[Monto],Tabla7[Moneda],$N$5,Tabla7[Mes],K$12,Tabla7[Cuenta asociada],$D65) -> 0 | L65: =SUMIFS(Tabla7[Monto],Tabla7[Moneda],$N$5,Tabla7[Mes],L$12,Tabla7[Cuenta asociada],$D65) -> 0 | M65: =SUMIFS(Tabla7[Monto],Tabla7[Moneda],$N$5,Tabla7[Mes],M$12,Tabla7[Cuenta asociada],$D65) -> 0 | N65: =SUMIFS(Tabla7[Monto],Tabla7[Moneda],$N$5,Tabla7[Mes],N$12,Tabla7[Cuenta asociada],$D65) -> 0 | ... R65: =SUMIFS(Tabla7[Monto],Tabla7[Moneda],$N$5,Tabla7[Mes],R$12,Tabla7[Cuenta asociada],$D65) -> 0
C66: 20 | D66: =IFERROR(INDEX(Tablas!$H$5:$H$1048576,MATCH(CONCATENATE(C46,".",$C66),Tablas!$L$5:$L$1048576,0),1),"") -> Gastos por almacenaje y/o embalaje | E66: =SUM(G66:R66) -> 2516 | F66: =IFERROR(E66/E46,"") -> 0.026991654 | G66: =SUMIFS(Tabla7[Monto],Tabla7[Moneda],$N$5,Tabla7[Mes],G$12,Tabla7[Cuenta asociada],$D66) -> 0 | H66: =SUMIFS(Tabla7[Monto],Tabla7[Moneda],$N$5,Tabla7[Mes],H$12,Tabla7[Cuenta asociada],$D66) -> 0 | I66: =SUMIFS(Tabla7[Monto],Tabla7[Moneda],$N$5,Tabla7[Mes],I$12,Tabla7[Cuenta asociada],$D66) -> 2516 | J66: =SUMIFS(Tabla7[Monto],Tabla7[Moneda],$N$5,Tabla7[Mes],J$12,Tabla7[Cuenta asociada],$D66) -> 0 | K66: =SUMIFS(Tabla7[Monto],Tabla7[Moneda],$N$5,Tabla7[Mes],K$12,Tabla7[Cuenta asociada],$D66) -> 0 | L66: =SUMIFS(Tabla7[Monto],Tabla7[Moneda],$N$5,Tabla7[Mes],L$12,Tabla7[Cuenta asociada],$D66) -> 0 | M66: =SUMIFS(Tabla7[Monto],Tabla7[Moneda],$N$5,Tabla7[Mes],M$12,Tabla7[Cuenta asociada],$D66) -> 0 | N66: =SUMIFS(Tabla7[Monto],Tabla7[Moneda],$N$5,Tabla7[Mes],N$12,Tabla7[Cuenta asociada],$D66) -> 0 | ... R66: =SUMIFS(Tabla7[Monto],Tabla7[Moneda],$N$5,Tabla7[Mes],R$12,Tabla7[Cuenta asociada],$D66) -> 0
C67: 21 | D67: =IFERROR(INDEX(Tablas!$H$5:$H$1048576,MATCH(CONCATENATE(C46,".",$C67),Tablas!$L$5:$L$1048576,0),1),"") -> Gtos.reclamos de clientes | E67: =SUM(G67:R67) -> 590 | F67: =IFERROR(E67/E46,"") -> 0.0063295213 | G67: =SUMIFS(Tabla7[Monto],Tabla7[Moneda],$N$5,Tabla7[Mes],G$12,Tabla7[Cuenta asociada],$D67) -> 0 | H67: =SUMIFS(Tabla7[Monto],Tabla7[Moneda],$N$5,Tabla7[Mes],H$12,Tabla7[Cuenta asociada],$D67) -> 0 | I67: =SUMIFS(Tabla7[Monto],Tabla7[Moneda],$N$5,Tabla7[Mes],I$12,Tabla7[Cuenta asociada],$D67) -> 590 | J67: =SUMIFS(Tabla7[Monto],Tabla7[Moneda],$N$5,Tabla7[Mes],J$12,Tabla7[Cuenta asociada],$D67) -> 0 | K67: =SUMIFS(Tabla7[Monto],Tabla7[Moneda],$N$5,Tabla7[Mes],K$12,Tabla7[Cuenta asociada],$D67) -> 0 | L67: =SUMIFS(Tabla7[Monto],Tabla7[Moneda],$N$5,Tabla7[Mes],L$12,Tabla7[Cuenta asociada],$D67) -> 0 | M67: =SUMIFS(Tabla7[Monto],Tabla7[Moneda],$N$5,Tabla7[Mes],M$12,Tabla7[Cuenta asociada],$D67) -> 0 | N67: =SUMIFS(Tabla7[Monto],Tabla7[Moneda],$N$5,Tabla7[Mes],N$12,Tabla7[Cuenta asociada],$D67) -> 0 | ... R67: =SUMIFS(Tabla7[Monto],Tabla7[Moneda],$N$5,Tabla7[Mes],R$12,Tabla7[Cuenta asociada],$D67) -> 0
C68: 22 | D68: =IFERROR(INDEX(Tablas!$H$5:$H$1048576,MATCH(CONCATENATE(C46,".",$C68),Tablas!$L$5:$L$1048576,0),1),"") | E68: =SUM(G68:R68) -> 0 | F68: =IFERROR(E68/E46,"") -> 0 | G68: =SUMIFS(Tabla7[Monto],Tabla7[Moneda],$N$5,Tabla7[Mes],G$12,Tabla7[Cuenta asociada],$D68) -> 0 | H68: =SUMIFS(Tabla7[Monto],Tabla7[Moneda],$N$5,Tabla7[Mes],H$12,Tabla7[Cuenta asociada],$D68) -> 0 | I68: =SUMIFS(Tabla7[Monto],Tabla7[Moneda],$N$5,Tabla7[Mes],I$12,Tabla7[Cuenta asociada],$D68) -> 0 | J68: =SUMIFS(Tabla7[Monto],Tabla7[Moneda],$N$5,Tabla7[Mes],J$12,Tabla7[Cuenta asociada],$D68) -> 0 | K68: =SUMIFS(Tabla7[Monto],Tabla7[Moneda],$N$5,Tabla7[Mes],K$12,Tabla7[Cuenta asociada],$D68) -> 0 | L68: =SUMIFS(Tabla7[Monto],Tabla7[Moneda],$N$5,Tabla7[Mes],L$12,Tabla7[Cuenta asociada],$D68) -> 0 | M68: =SUMIFS(Tabla7[Monto],Tabla7[Moneda],$N$5,Tabla7[Mes],M$12,Tabla7[Cuenta asociada],$D68) -> 0 | N68: =SUMIFS(Tabla7[Monto],Tabla7[Moneda],$N$5,Tabla7[Mes],N$12,Tabla7[Cuenta asociada],$D68) -> 0 | ... R68: =SUMIFS(Tabla7[Monto],Tabla7[Moneda],$N$5,Tabla7[Mes],R$12,Tabla7[Cuenta asociada],$D68) -> 0
C69: 23 | D69: =IFERROR(INDEX(Tablas!$H$5:$H$1048576,MATCH(CONCATENATE(C46,".",$C69),Tablas!$L$5:$L$1048576,0),1),"") | E69: =SUM(G69:R69) -> 0 | F69: =IFERROR(E69/E46,"") -> 0 | G69: =SUMIFS(Tabla7[Monto],Tabla7[Moneda],$N$5,Tabla7[Mes],G$12,Tabla7[Cuenta asociada],$D69) -> 0 | H69: =SUMIFS(Tabla7[Monto],Tabla7[Moneda],$N$5,Tabla7[Mes],H$12,Tabla7[Cuenta asociada],$D69) -> 0 | I69: =SUMIFS(Tabla7[Monto],Tabla7[Moneda],$N$5,Tabla7[Mes],I$12,Tabla7[Cuenta asociada],$D69) -> 0 | J69: =SUMIFS(Tabla7[Monto],Tabla7[Moneda],$N$5,Tabla7[Mes],J$12,Tabla7[Cuenta asociada],$D69) -> 0 | K69: =SUMIFS(Tabla7[Monto],Tabla7[Moneda],$N$5,Tabla7[Mes],K$12,Tabla7[Cuenta asociada],$D69) -> 0 | L69: =SUMIFS(Tabla7[Monto],Tabla7[Moneda],$N$5,Tabla7[Mes],L$12,Tabla7[Cuenta asociada],$D69) -> 0 | M69: =SUMIFS(Tabla7[Monto],Tabla7[Moneda],$N$5,Tabla7[Mes],M$12,Tabla7[Cuenta asociada],$D69) -> 0 | N69: =SUMIFS(Tabla7[Monto],Tabla7[Moneda],$N$5,Tabla7[Mes],N$12,Tabla7[Cuenta asociada],$D69) -> 0 | ... R69: =SUMIFS(Tabla7[Monto],Tabla7[Moneda],$N$5,Tabla7[Mes],R$12,Tabla7[Cuenta asociada],$D69) -> 0
C70: 24 | D70: =IFERROR(INDEX(Tablas!$H$5:$H$1048576,MATCH(CONCATENATE(C46,".",$C70),Tablas!$L$5:$L$1048576,0),1),"") | E70: =SUM(G70:R70) -> 0 | F70: =IFERROR(E70/E46,"") -> 0 | G70: =SUMIFS(Tabla7[Monto],Tabla7[Moneda],$N$5,Tabla7[Mes],G$12,Tabla7[Cuenta asociada],$D70) -> 0 | H70: =SUMIFS(Tabla7[Monto],Tabla7[Moneda],$N$5,Tabla7[Mes],H$12,Tabla7[Cuenta asociada],$D70) -> 0 | I70: =SUMIFS(Tabla7[Monto],Tabla7[Moneda],$N$5,Tabla7[Mes],I$12,Tabla7[Cuenta asociada],$D70) -> 0 | J70: =SUMIFS(Tabla7[Monto],Tabla7[Moneda],$N$5,Tabla7[Mes],J$12,Tabla7[Cuenta asociada],$D70) -> 0 | K70: =SUMIFS(Tabla7[Monto],Tabla7[Moneda],$N$5,Tabla7[Mes],K$12,Tabla7[Cuenta asociada],$D70) -> 0 | L70: =SUMIFS(Tabla7[Monto],Tabla7[Moneda],$N$5,Tabla7[Mes],L$12,Tabla7[Cuenta asociada],$D70) -> 0 | M70: =SUMIFS(Tabla7[Monto],Tabla7[Moneda],$N$5,Tabla7[Mes],M$12,Tabla7[Cuenta asociada],$D70) -> 0 | N70: =SUMIFS(Tabla7[Monto],Tabla7[Moneda],$N$5,Tabla7[Mes],N$12,Tabla7[Cuenta asociada],$D70) -> 0 | ... R70: =SUMIFS(Tabla7[Monto],Tabla7[Moneda],$N$5,Tabla7[Mes],R$12,Tabla7[Cuenta asociada],$D70) -> 0
C71: 25 | D71: =IFERROR(INDEX(Tablas!$H$5:$H$1048576,MATCH(CONCATENATE(C46,".",$C71),Tablas!$L$5:$L$1048576,0),1),"") | E71: =SUM(G71:R71) -> 0 | F71: =IFERROR(E71/E46,"") -> 0 | G71: =SUMIFS(Tabla7[Monto],Tabla7[Moneda],$N$5,Tabla7[Mes],G$12,Tabla7[Cuenta asociada],$D71) -> 0 | H71: =SUMIFS(Tabla7[Monto],Tabla7[Moneda],$N$5,Tabla7[Mes],H$12,Tabla7[Cuenta asociada],$D71) -> 0 | I71: =SUMIFS(Tabla7[Monto],Tabla7[Moneda],$N$5,Tabla7[Mes],I$12,Tabla7[Cuenta asociada],$D71) -> 0 | J71: =SUMIFS(Tabla7[Monto],Tabla7[Moneda],$N$5,Tabla7[Mes],J$12,Tabla7[Cuenta asociada],$D71) -> 0 | K71: =SUMIFS(Tabla7[Monto],Tabla7[Moneda],$N$5,Tabla7[Mes],K$12,Tabla7[Cuenta asociada],$D71) -> 0 | L71: =SUMIFS(Tabla7[Monto],Tabla7[Moneda],$N$5,Tabla7[Mes],L$12,Tabla7[Cuenta asociada],$D71) -> 0 | M71: =SUMIFS(Tabla7[Monto],Tabla7[Moneda],$N$5,Tabla7[Mes],M$12,Tabla7[Cuenta asociada],$D71) -> 0 | N71: =SUMIFS(Tabla7[Monto],Tabla7[Moneda],$N$5,Tabla7[Mes],N$12,Tabla7[Cuenta asociada],$D71) -> 0 | ... R71: =SUMIFS(Tabla7[Monto],Tabla7[Moneda],$N$5,Tabla7[Mes],R$12,Tabla7[Cuenta asociada],$D71) -> 0
C72: 26 | D72: =IFERROR(INDEX(Tablas!$H$5:$H$1048576,MATCH(CONCATENATE(C46,".",$C72),Tablas!$L$5:$L$1048576,0),1),"") | E72: =SUM(G72:R72) -> 0 | F72: =IFERROR(E72/E46,"") -> 0 | G72: =SUMIFS(Tabla7[Monto],Tabla7[Moneda],$N$5,Tabla7[Mes],G$12,Tabla7[Cuenta asociada],$D72) -> 0 | H72: =SUMIFS(Tabla7[Monto],Tabla7[Moneda],$N$5,Tabla7[Mes],H$12,Tabla7[Cuenta asociada],$D72) -> 0 | I72: =SUMIFS(Tabla7[Monto],Tabla7[Moneda],$N$5,Tabla7[Mes],I$12,Tabla7[Cuenta asociada],$D72) -> 0 | J72: =SUMIFS(Tabla7[Monto],Tabla7[Moneda],$N$5,Tabla7[Mes],J$12,Tabla7[Cuenta asociada],$D72) -> 0 | K72: =SUMIFS(Tabla7[Monto],Tabla7[Moneda],$N$5,Tabla7[Mes],K$12,Tabla7[Cuenta asociada],$D72) -> 0 | L72: =SUMIFS(Tabla7[Monto],Tabla7[Moneda],$N$5,Tabla7[Mes],L$12,Tabla7[Cuenta asociada],$D72) -> 0 | M72: =SUMIFS(Tabla7[Monto],Tabla7[Moneda],$N$5,Tabla7[Mes],M$12,Tabla7[Cuenta asociada],$D72) -> 0 | N72: =SUMIFS(Tabla7[Monto],Tabla7[Moneda],$N$5,Tabla7[Mes],N$12,Tabla7[Cuenta asociada],$D72) -> 0 | ... R72: =SUMIFS(Tabla7[Monto],Tabla7[Moneda],$N$5,Tabla7[Mes],R$12,Tabla7[Cuenta asociada],$D72) -> 0
C73: 27 | D73: =IFERROR(INDEX(Tablas!$H$5:$H$1048576,MATCH(CONCATENATE(C46,".",$C73),Tablas!$L$5:$L$1048576,0),1),"") | E73: =SUM(G73:R73) -> 0 | F73: =IFERROR(E73/E46,"") -> 0 | G73: =SUMIFS(Tabla7[Monto],Tabla7[Moneda],$N$5,Tabla7[Mes],G$12,Tabla7[Cuenta asociada],$D73) -> 0 | H73: =SUMIFS(Tabla7[Monto],Tabla7[Moneda],$N$5,Tabla7[Mes],H$12,Tabla7[Cuenta asociada],$D73) -> 0 | I73: =SUMIFS(Tabla7[Monto],Tabla7[Moneda],$N$5,Tabla7[Mes],I$12,Tabla7[Cuenta asociada],$D73) -> 0 | J73: =SUMIFS(Tabla7[Monto],Tabla7[Moneda],$N$5,Tabla7[Mes],J$12,Tabla7[Cuenta asociada],$D73) -> 0 | K73: =SUMIFS(Tabla7[Monto],Tabla7[Moneda],$N$5,Tabla7[Mes],K$12,Tabla7[Cuenta asociada],$D73) -> 0 | L73: =SUMIFS(Tabla7[Monto],Tabla7[Moneda],$N$5,Tabla7[Mes],L$12,Tabla7[Cuenta asociada],$D73) -> 0 | M73: =SUMIFS(Tabla7[Monto],Tabla7[Moneda],$N$5,Tabla7[Mes],M$12,Tabla7[Cuenta asociada],$D73) -> 0 | N73: =SUMIFS(Tabla7[Monto],Tabla7[Moneda],$N$5,Tabla7[Mes],N$12,Tabla7[Cuenta asociada],$D73) -> 0 | ... R73: =SUMIFS(Tabla7[Monto],Tabla7[Moneda],$N$5,Tabla7[Mes],R$12,Tabla7[Cuenta asociada],$D73) -> 0
C74: 28 | D74: =IFERROR(INDEX(Tablas!$H$5:$H$1048576,MATCH(CONCATENATE(C46,".",$C74),Tablas!$L$5:$L$1048576,0),1),"") | E74: =SUM(G74:R74) -> 0 | F74: =IFERROR(E74/E46,"") -> 0 | G74: =SUMIFS(Tabla7[Monto],Tabla7[Moneda],$N$5,Tabla7[Mes],G$12,Tabla7[Cuenta asociada],$D74) -> 0 | H74: =SUMIFS(Tabla7[Monto],Tabla7[Moneda],$N$5,Tabla7[Mes],H$12,Tabla7[Cuenta asociada],$D74) -> 0 | I74: =SUMIFS(Tabla7[Monto],Tabla7[Moneda],$N$5,Tabla7[Mes],I$12,Tabla7[Cuenta asociada],$D74) -> 0 | J74: =SUMIFS(Tabla7[Monto],Tabla7[Moneda],$N$5,Tabla7[Mes],J$12,Tabla7[Cuenta asociada],$D74) -> 0 | K74: =SUMIFS(Tabla7[Monto],Tabla7[Moneda],$N$5,Tabla7[Mes],K$12,Tabla7[Cuenta asociada],$D74) -> 0 | L74: =SUMIFS(Tabla7[Monto],Tabla7[Moneda],$N$5,Tabla7[Mes],L$12,Tabla7[Cuenta asociada],$D74) -> 0 | M74: =SUMIFS(Tabla7[Monto],Tabla7[Moneda],$N$5,Tabla7[Mes],M$12,Tabla7[Cuenta asociada],$D74) -> 0 | N74: =SUMIFS(Tabla7[Monto],Tabla7[Moneda],$N$5,Tabla7[Mes],N$12,Tabla7[Cuenta asociada],$D74) -> 0 | ... R74: =SUMIFS(Tabla7[Monto],Tabla7[Moneda],$N$5,Tabla7[Mes],R$12,Tabla7[Cuenta asociada],$D74) -> 0
C75: 29 | D75: =IFERROR(INDEX(Tablas!$H$5:$H$1048576,MATCH(CONCATENATE(C46,".",$C75),Tablas!$L$5:$L$1048576,0),1),"") | E75: =SUM(G75:R75) -> 0 | F75: =IFERROR(E75/E46,"") -> 0 | G75: =SUMIFS(Tabla7[Monto],Tabla7[Moneda],$N$5,Tabla7[Mes],G$12,Tabla7[Cuenta asociada],$D75) -> 0 | H75: =SUMIFS(Tabla7[Monto],Tabla7[Moneda],$N$5,Tabla7[Mes],H$12,Tabla7[Cuenta asociada],$D75) -> 0 | I75: =SUMIFS(Tabla7[Monto],Tabla7[Moneda],$N$5,Tabla7[Mes],I$12,Tabla7[Cuenta asociada],$D75) -> 0 | J75: =SUMIFS(Tabla7[Monto],Tabla7[Moneda],$N$5,Tabla7[Mes],J$12,Tabla7[Cuenta asociada],$D75) -> 0 | K75: =SUMIFS(Tabla7[Monto],Tabla7[Moneda],$N$5,Tabla7[Mes],K$12,Tabla7[Cuenta asociada],$D75) -> 0 | L75: =SUMIFS(Tabla7[Monto],Tabla7[Moneda],$N$5,Tabla7[Mes],L$12,Tabla7[Cuenta asociada],$D75) -> 0 | M75: =SUMIFS(Tabla7[Monto],Tabla7[Moneda],$N$5,Tabla7[Mes],M$12,Tabla7[Cuenta asociada],$D75) -> 0 | N75: =SUMIFS(Tabla7[Monto],Tabla7[Moneda],$N$5,Tabla7[Mes],N$12,Tabla7[Cuenta asociada],$D75) -> 0 | ... R75: =SUMIFS(Tabla7[Monto],Tabla7[Moneda],$N$5,Tabla7[Mes],R$12,Tabla7[Cuenta asociada],$D75) -> 0
C76: 30 | D76: =IFERROR(INDEX(Tablas!$H$5:$H$1048576,MATCH(CONCATENATE(C46,".",$C76),Tablas!$L$5:$L$1048576,0),1),"") | E76: =SUM(G76:R76) -> 0 | F76: =IFERROR(E76/E46,"") -> 0 | G76: =SUMIFS(Tabla7[Monto],Tabla7[Moneda],$N$5,Tabla7[Mes],G$12,Tabla7[Cuenta asociada],$D76) -> 0 | H76: =SUMIFS(Tabla7[Monto],Tabla7[Moneda],$N$5,Tabla7[Mes],H$12,Tabla7[Cuenta asociada],$D76) -> 0 | I76: =SUMIFS(Tabla7[Monto],Tabla7[Moneda],$N$5,Tabla7[Mes],I$12,Tabla7[Cuenta asociada],$D76) -> 0 | J76: =SUMIFS(Tabla7[Monto],Tabla7[Moneda],$N$5,Tabla7[Mes],J$12,Tabla7[Cuenta asociada],$D76) -> 0 | K76: =SUMIFS(Tabla7[Monto],Tabla7[Moneda],$N$5,Tabla7[Mes],K$12,Tabla7[Cuenta asociada],$D76) -> 0 | L76: =SUMIFS(Tabla7[Monto],Tabla7[Moneda],$N$5,Tabla7[Mes],L$12,Tabla7[Cuenta asociada],$D76) -> 0 | M76: =SUMIFS(Tabla7[Monto],Tabla7[Moneda],$N$5,Tabla7[Mes],M$12,Tabla7[Cuenta asociada],$D76) -> 0 | N76: =SUMIFS(Tabla7[Monto],Tabla7[Moneda],$N$5,Tabla7[Mes],N$12,Tabla7[Cuenta asociada],$D76) -> 0 | ... R76: =SUMIFS(Tabla7[Monto],Tabla7[Moneda],$N$5,Tabla7[Mes],R$12,Tabla7[Cuenta asociada],$D76) -> 0
C78: =+C46+1 -> 3 | D78: GASTOS DE GESTIÓN | E78: =SUM(E79:E108) -> 46354 | F78: =IFERROR(E78/$E$207,0) -> 0.16576964 | G78: =SUM(G79:G108) -> 6277 | H78: =SUM(H79:H108) -> 4961 | I78: =SUM(I79:I108) -> 9803 | J78: =SUM(J79:J108) -> 5548 | K78: =SUM(K79:K108) -> 7191 | L78: =SUM(L79:L108) -> 12574 | M78: =SUM(M79:M108) -> 0 | N78: =SUM(N79:N108) -> 0 | ... R78: =SUM(R79:R108) -> 0
C79: 1 | D79: =IFERROR(INDEX(Tablas!$H$5:$H$1048576,MATCH(CONCATENATE(C78,".",$C79),Tablas!$L$5:$L$1048576,0),1),"") -> Arbitrios municipales | E79: =SUM(G79:R79) -> 6277 | F79: =IFERROR(E79/E78,"") -> 0.13541442 | G79: =SUMIFS(Tabla7[Monto],Tabla7[Moneda],$N$5,Tabla7[Mes],G$12,Tabla7[Cuenta asociada],$D79) -> 6277 | H79: =SUMIFS(Tabla7[Monto],Tabla7[Moneda],$N$5,Tabla7[Mes],H$12,Tabla7[Cuenta asociada],$D79) -> 0 | I79: =SUMIFS(Tabla7[Monto],Tabla7[Moneda],$N$5,Tabla7[Mes],I$12,Tabla7[Cuenta asociada],$D79) -> 0 | J79: =SUMIFS(Tabla7[Monto],Tabla7[Moneda],$N$5,Tabla7[Mes],J$12,Tabla7[Cuenta asociada],$D79) -> 0 | K79: =SUMIFS(Tabla7[Monto],Tabla7[Moneda],$N$5,Tabla7[Mes],K$12,Tabla7[Cuenta asociada],$D79) -> 0 | L79: =SUMIFS(Tabla7[Monto],Tabla7[Moneda],$N$5,Tabla7[Mes],L$12,Tabla7[Cuenta asociada],$D79) -> 0 | M79: =SUMIFS(Tabla7[Monto],Tabla7[Moneda],$N$5,Tabla7[Mes],M$12,Tabla7[Cuenta asociada],$D79) -> 0 | N79: =SUMIFS(Tabla7[Monto],Tabla7[Moneda],$N$5,Tabla7[Mes],N$12,Tabla7[Cuenta asociada],$D79) -> 0 | ... R79: =SUMIFS(Tabla7[Monto],Tabla7[Moneda],$N$5,Tabla7[Mes],R$12,Tabla7[Cuenta asociada],$D79) -> 0
C80: 2 | D80: =IFERROR(INDEX(Tablas!$H$5:$H$1048576,MATCH(CONCATENATE(C78,".",$C80),Tablas!$L$5:$L$1048576,0),1),"") -> Seguros-vehiculos | E80: =SUM(G80:R80) -> 7191 | F80: =IFERROR(E80/E78,"") -> 0.15513224 | G80: =SUMIFS(Tabla7[Monto],Tabla7[Moneda],$N$5,Tabla7[Mes],G$12,Tabla7[Cuenta asociada],$D80) -> 0 | H80: =SUMIFS(Tabla7[Monto],Tabla7[Moneda],$N$5,Tabla7[Mes],H$12,Tabla7[Cuenta asociada],$D80) -> 0 | I80: =SUMIFS(Tabla7[Monto],Tabla7[Moneda],$N$5,Tabla7[Mes],I$12,Tabla7[Cuenta asociada],$D80) -> 0 | J80: =SUMIFS(Tabla7[Monto],Tabla7[Moneda],$N$5,Tabla7[Mes],J$12,Tabla7[Cuenta asociada],$D80) -> 0 | K80: =SUMIFS(Tabla7[Monto],Tabla7[Moneda],$N$5,Tabla7[Mes],K$12,Tabla7[Cuenta asociada],$D80) -> 7191 | L80: =SUMIFS(Tabla7[Monto],Tabla7[Moneda],$N$5,Tabla7[Mes],L$12,Tabla7[Cuenta asociada],$D80) -> 0 | M80: =SUMIFS(Tabla7[Monto],Tabla7[Moneda],$N$5,Tabla7[Mes],M$12,Tabla7[Cuenta asociada],$D80) -> 0 | N80: =SUMIFS(Tabla7[Monto],Tabla7[Moneda],$N$5,Tabla7[Mes],N$12,Tabla7[Cuenta asociada],$D80) -> 0 | ... R80: =SUMIFS(Tabla7[Monto],Tabla7[Moneda],$N$5,Tabla7[Mes],R$12,Tabla7[Cuenta asociada],$D80) -> 0
C81: 3 | D81: =IFERROR(INDEX(Tablas!$H$5:$H$1048576,MATCH(CONCATENATE(C78,".",$C81),Tablas!$L$5:$L$1048576,0),1),"") -> Licencias de Sistemas | E81: =SUM(G81:R81) -> 2288 | F81: =IFERROR(E81/E78,"") -> 0.049359279 | G81: =SUMIFS(Tabla7[Monto],Tabla7[Moneda],$N$5,Tabla7[Mes],G$12,Tabla7[Cuenta asociada],$D81) -> 0 | H81: =SUMIFS(Tabla7[Monto],Tabla7[Moneda],$N$5,Tabla7[Mes],H$12,Tabla7[Cuenta asociada],$D81) -> 0 | I81: =SUMIFS(Tabla7[Monto],Tabla7[Moneda],$N$5,Tabla7[Mes],I$12,Tabla7[Cuenta asociada],$D81) -> 0 | J81: =SUMIFS(Tabla7[Monto],Tabla7[Moneda],$N$5,Tabla7[Mes],J$12,Tabla7[Cuenta asociada],$D81) -> 0 | K81: =SUMIFS(Tabla7[Monto],Tabla7[Moneda],$N$5,Tabla7[Mes],K$12,Tabla7[Cuenta asociada],$D81) -> 0 | L81: =SUMIFS(Tabla7[Monto],Tabla7[Moneda],$N$5,Tabla7[Mes],L$12,Tabla7[Cuenta asociada],$D81) -> 2288 | M81: =SUMIFS(Tabla7[Monto],Tabla7[Moneda],$N$5,Tabla7[Mes],M$12,Tabla7[Cuenta asociada],$D81) -> 0 | N81: =SUMIFS(Tabla7[Monto],Tabla7[Moneda],$N$5,Tabla7[Mes],N$12,Tabla7[Cuenta asociada],$D81) -> 0 | ... R81: =SUMIFS(Tabla7[Monto],Tabla7[Moneda],$N$5,Tabla7[Mes],R$12,Tabla7[Cuenta asociada],$D81) -> 0
C82: 4 | D82: =IFERROR(INDEX(Tablas!$H$5:$H$1048576,MATCH(CONCATENATE(C78,".",$C82),Tablas!$L$5:$L$1048576,0),1),"") -> Seguros-Responsabilidad civil | E82: =SUM(G82:R82) -> 5548 | F82: =IFERROR(E82/E78,"") -> 0.11968762 | G82: =SUMIFS(Tabla7[Monto],Tabla7[Moneda],$N$5,Tabla7[Mes],G$12,Tabla7[Cuenta asociada],$D82) -> 0 | H82: =SUMIFS(Tabla7[Monto],Tabla7[Moneda],$N$5,Tabla7[Mes],H$12,Tabla7[Cuenta asociada],$D82) -> 0 | I82: =SUMIFS(Tabla7[Monto],Tabla7[Moneda],$N$5,Tabla7[Mes],I$12,Tabla7[Cuenta asociada],$D82) -> 0 | J82: =SUMIFS(Tabla7[Monto],Tabla7[Moneda],$N$5,Tabla7[Mes],J$12,Tabla7[Cuenta asociada],$D82) -> 5548 | K82: =SUMIFS(Tabla7[Monto],Tabla7[Moneda],$N$5,Tabla7[Mes],K$12,Tabla7[Cuenta asociada],$D82) -> 0 | L82: =SUMIFS(Tabla7[Monto],Tabla7[Moneda],$N$5,Tabla7[Mes],L$12,Tabla7[Cuenta asociada],$D82) -> 0 | M82: =SUMIFS(Tabla7[Monto],Tabla7[Moneda],$N$5,Tabla7[Mes],M$12,Tabla7[Cuenta asociada],$D82) -> 0 | N82: =SUMIFS(Tabla7[Monto],Tabla7[Moneda],$N$5,Tabla7[Mes],N$12,Tabla7[Cuenta asociada],$D82) -> 0 | ... R82: =SUMIFS(Tabla7[Monto],Tabla7[Moneda],$N$5,Tabla7[Mes],R$12,Tabla7[Cuenta asociada],$D82) -> 0
C83: 5 | D83: =IFERROR(INDEX(Tablas!$H$5:$H$1048576,MATCH(CONCATENATE(C78,".",$C83),Tablas!$L$5:$L$1048576,0),1),"") -> SOAT | E83: =SUM(G83:R83) -> 5915 | F83: =IFERROR(E83/E78,"") -> 0.12760495 | G83: =SUMIFS(Tabla7[Monto],Tabla7[Moneda],$N$5,Tabla7[Mes],G$12,Tabla7[Cuenta asociada],$D83) -> 0 | H83: =SUMIFS(Tabla7[Monto],Tabla7[Moneda],$N$5,Tabla7[Mes],H$12,Tabla7[Cuenta asociada],$D83) -> 0 | I83: =SUMIFS(Tabla7[Monto],Tabla7[Moneda],$N$5,Tabla7[Mes],I$12,Tabla7[Cuenta asociada],$D83) -> 5915 | J83: =SUMIFS(Tabla7[Monto],Tabla7[Moneda],$N$5,Tabla7[Mes],J$12,Tabla7[Cuenta asociada],$D83) -> 0 | K83: =SUMIFS(Tabla7[Monto],Tabla7[Moneda],$N$5,Tabla7[Mes],K$12,Tabla7[Cuenta asociada],$D83) -> 0 | L83: =SUMIFS(Tabla7[Monto],Tabla7[Moneda],$N$5,Tabla7[Mes],L$12,Tabla7[Cuenta asociada],$D83) -> 0 | M83: =SUMIFS(Tabla7[Monto],Tabla7[Moneda],$N$5,Tabla7[Mes],M$12,Tabla7[Cuenta asociada],$D83) -> 0 | N83: =SUMIFS(Tabla7[Monto],Tabla7[Moneda],$N$5,Tabla7[Mes],N$12,Tabla7[Cuenta asociada],$D83) -> 0 | ... R83: =SUMIFS(Tabla7[Monto],Tabla7[Moneda],$N$5,Tabla7[Mes],R$12,Tabla7[Cuenta asociada],$D83) -> 0
C84: 6 | D84: =IFERROR(INDEX(Tablas!$H$5:$H$1048576,MATCH(CONCATENATE(C78,".",$C84),Tablas!$L$5:$L$1048576,0),1),"") -> Costo neto enajenaci¾n | E84: =SUM(G84:R84) -> 140 | F84: =IFERROR(E84/E78,"") -> 0.0030202356 | G84: =SUMIFS(Tabla7[Monto],Tabla7[Moneda],$N$5,Tabla7[Mes],G$12,Tabla7[Cuenta asociada],$D84) -> 0 | H84: =SUMIFS(Tabla7[Monto],Tabla7[Moneda],$N$5,Tabla7[Mes],H$12,Tabla7[Cuenta asociada],$D84) -> 0 | I84: =SUMIFS(Tabla7[Monto],Tabla7[Moneda],$N$5,Tabla7[Mes],I$12,Tabla7[Cuenta asociada],$D84) -> 0 | J84: =SUMIFS(Tabla7[Monto],Tabla7[Moneda],$N$5,Tabla7[Mes],J$12,Tabla7[Cuenta asociada],$D84) -> 0 | K84: =SUMIFS(Tabla7[Monto],Tabla7[Moneda],$N$5,Tabla7[Mes],K$12,Tabla7[Cuenta asociada],$D84) -> 0 | L84: =SUMIFS(Tabla7[Monto],Tabla7[Moneda],$N$5,Tabla7[Mes],L$12,Tabla7[Cuenta asociada],$D84) -> 140 | M84: =SUMIFS(Tabla7[Monto],Tabla7[Moneda],$N$5,Tabla7[Mes],M$12,Tabla7[Cuenta asociada],$D84) -> 0 | N84: =SUMIFS(Tabla7[Monto],Tabla7[Moneda],$N$5,Tabla7[Mes],N$12,Tabla7[Cuenta asociada],$D84) -> 0 | ... R84: =SUMIFS(Tabla7[Monto],Tabla7[Moneda],$N$5,Tabla7[Mes],R$12,Tabla7[Cuenta asociada],$D84) -> 0
C85: 7 | D85: =IFERROR(INDEX(Tablas!$H$5:$H$1048576,MATCH(CONCATENATE(C78,".",$C85),Tablas!$L$5:$L$1048576,0),1),"") -> Suministros diversos | E85: =SUM(G85:R85) -> 2468 | F85: =IFERROR(E85/E78,"") -> 0.053242439 | G85: =SUMIFS(Tabla7[Monto],Tabla7[Moneda],$N$5,Tabla7[Mes],G$12,Tabla7[Cuenta asociada],$D85) -> 0 | H85: =SUMIFS(Tabla7[Monto],Tabla7[Moneda],$N$5,Tabla7[Mes],H$12,Tabla7[Cuenta asociada],$D85) -> 0 | I85: =SUMIFS(Tabla7[Monto],Tabla7[Moneda],$N$5,Tabla7[Mes],I$12,Tabla7[Cuenta asociada],$D85) -> 0 | J85: =SUMIFS(Tabla7[Monto],Tabla7[Moneda],$N$5,Tabla7[Mes],J$12,Tabla7[Cuenta asociada],$D85) -> 0 | K85: =SUMIFS(Tabla7[Monto],Tabla7[Moneda],$N$5,Tabla7[Mes],K$12,Tabla7[Cuenta asociada],$D85) -> 0 | L85: =SUMIFS(Tabla7[Monto],Tabla7[Moneda],$N$5,Tabla7[Mes],L$12,Tabla7[Cuenta asociada],$D85) -> 2468 | M85: =SUMIFS(Tabla7[Monto],Tabla7[Moneda],$N$5,Tabla7[Mes],M$12,Tabla7[Cuenta asociada],$D85) -> 0 | N85: =SUMIFS(Tabla7[Monto],Tabla7[Moneda],$N$5,Tabla7[Mes],N$12,Tabla7[Cuenta asociada],$D85) -> 0 | ... R85: =SUMIFS(Tabla7[Monto],Tabla7[Moneda],$N$5,Tabla7[Mes],R$12,Tabla7[Cuenta asociada],$D85) -> 0
C86: 8 | D86: =IFERROR(INDEX(Tablas!$H$5:$H$1048576,MATCH(CONCATENATE(C78,".",$C86),Tablas!$L$5:$L$1048576,0),1),"") -> comprobantes de pago | E86: =SUM(G86:R86) -> 3291 | F86: =IFERROR(E86/E78,"") -> 0.070997109 | G86: =SUMIFS(Tabla7[Monto],Tabla7[Moneda],$N$5,Tabla7[Mes],G$12,Tabla7[Cuenta asociada],$D86) -> 0 | H86: =SUMIFS(Tabla7[Monto],Tabla7[Moneda],$N$5,Tabla7[Mes],H$12,Tabla7[Cuenta asociada],$D86) -> 0 | I86: =SUMIFS(Tabla7[Monto],Tabla7[Moneda],$N$5,Tabla7[Mes],I$12,Tabla7[Cuenta asociada],$D86) -> 3291 | J86: =SUMIFS(Tabla7[Monto],Tabla7[Moneda],$N$5,Tabla7[Mes],J$12,Tabla7[Cuenta asociada],$D86) -> 0 | K86: =SUMIFS(Tabla7[Monto],Tabla7[Moneda],$N$5,Tabla7[Mes],K$12,Tabla7[Cuenta asociada],$D86) -> 0 | L86: =SUMIFS(Tabla7[Monto],Tabla7[Moneda],$N$5,Tabla7[Mes],L$12,Tabla7[Cuenta asociada],$D86) -> 0 | M86: =SUMIFS(Tabla7[Monto],Tabla7[Moneda],$N$5,Tabla7[Mes],M$12,Tabla7[Cuenta asociada],$D86) -> 0 | N86: =SUMIFS(Tabla7[Monto],Tabla7[Moneda],$N$5,Tabla7[Mes],N$12,Tabla7[Cuenta asociada],$D86) -> 0 | ... R86: =SUMIFS(Tabla7[Monto],Tabla7[Moneda],$N$5,Tabla7[Mes],R$12,Tabla7[Cuenta asociada],$D86) -> 0
C87: 9 | D87: =IFERROR(INDEX(Tablas!$H$5:$H$1048576,MATCH(CONCATENATE(C78,".",$C87),Tablas!$L$5:$L$1048576,0),1),"") -> Combustible | E87: =SUM(G87:R87) -> 1228 | F87: =IFERROR(E87/E78,"") -> 0.026491781 | G87: =SUMIFS(Tabla7[Monto],Tabla7[Moneda],$N$5,Tabla7[Mes],G$12,Tabla7[Cuenta asociada],$D87) -> 0 | H87: =SUMIFS(Tabla7[Monto],Tabla7[Moneda],$N$5,Tabla7[Mes],H$12,Tabla7[Cuenta asociada],$D87) -> 0 | I87: =SUMIFS(Tabla7[Monto],Tabla7[Moneda],$N$5,Tabla7[Mes],I$12,Tabla7[Cuenta asociada],$D87) -> 0 | J87: =SUMIFS(Tabla7[Monto],Tabla7[Moneda],$N$5,Tabla7[Mes],J$12,Tabla7[Cuenta asociada],$D87) -> 0 | K87: =SUMIFS(Tabla7[Monto],Tabla7[Moneda],$N$5,Tabla7[Mes],K$12,Tabla7[Cuenta asociada],$D87) -> 0 | L87: =SUMIFS(Tabla7[Monto],Tabla7[Moneda],$N$5,Tabla7[Mes],L$12,Tabla7[Cuenta asociada],$D87) -> 1228 | M87: =SUMIFS(Tabla7[Monto],Tabla7[Moneda],$N$5,Tabla7[Mes],M$12,Tabla7[Cuenta asociada],$D87) -> 0 | N87: =SUMIFS(Tabla7[Monto],Tabla7[Moneda],$N$5,Tabla7[Mes],N$12,Tabla7[Cuenta asociada],$D87) -> 0 | ... R87: =SUMIFS(Tabla7[Monto],Tabla7[Moneda],$N$5,Tabla7[Mes],R$12,Tabla7[Cuenta asociada],$D87) -> 0
C88: 10 | D88: =IFERROR(INDEX(Tablas!$H$5:$H$1048576,MATCH(CONCATENATE(C78,".",$C88),Tablas!$L$5:$L$1048576,0),1),"") -> Otros-Gastos Reparables | E88: =SUM(G88:R88) -> 6450 | F88: =IFERROR(E88/E78,"") -> 0.13914657 | G88: =SUMIFS(Tabla7[Monto],Tabla7[Moneda],$N$5,Tabla7[Mes],G$12,Tabla7[Cuenta asociada],$D88) -> 0 | H88: =SUMIFS(Tabla7[Monto],Tabla7[Moneda],$N$5,Tabla7[Mes],H$12,Tabla7[Cuenta asociada],$D88) -> 0 | I88: =SUMIFS(Tabla7[Monto],Tabla7[Moneda],$N$5,Tabla7[Mes],I$12,Tabla7[Cuenta asociada],$D88) -> 0 | J88: =SUMIFS(Tabla7[Monto],Tabla7[Moneda],$N$5,Tabla7[Mes],J$12,Tabla7[Cuenta asociada],$D88) -> 0 | K88: =SUMIFS(Tabla7[Monto],Tabla7[Moneda],$N$5,Tabla7[Mes],K$12,Tabla7[Cuenta asociada],$D88) -> 0 | L88: =SUMIFS(Tabla7[Monto],Tabla7[Moneda],$N$5,Tabla7[Mes],L$12,Tabla7[Cuenta asociada],$D88) -> 6450 | M88: =SUMIFS(Tabla7[Monto],Tabla7[Moneda],$N$5,Tabla7[Mes],M$12,Tabla7[Cuenta asociada],$D88) -> 0 | N88: =SUMIFS(Tabla7[Monto],Tabla7[Moneda],$N$5,Tabla7[Mes],N$12,Tabla7[Cuenta asociada],$D88) -> 0 | ... R88: =SUMIFS(Tabla7[Monto],Tabla7[Moneda],$N$5,Tabla7[Mes],R$12,Tabla7[Cuenta asociada],$D88) -> 0
C89: 11 | D89: =IFERROR(INDEX(Tablas!$H$5:$H$1048576,MATCH(CONCATENATE(C78,".",$C89),Tablas!$L$5:$L$1048576,0),1),"") -> Sanciones Administra | E89: =SUM(G89:R89) -> 597 | F89: =IFERROR(E89/E78,"") -> 0.012879147 | G89: =SUMIFS(Tabla7[Monto],Tabla7[Moneda],$N$5,Tabla7[Mes],G$12,Tabla7[Cuenta asociada],$D89) -> 0 | H89: =SUMIFS(Tabla7[Monto],Tabla7[Moneda],$N$5,Tabla7[Mes],H$12,Tabla7[Cuenta asociada],$D89) -> 0 | I89: =SUMIFS(Tabla7[Monto],Tabla7[Moneda],$N$5,Tabla7[Mes],I$12,Tabla7[Cuenta asociada],$D89) -> 597 | J89: =SUMIFS(Tabla7[Monto],Tabla7[Moneda],$N$5,Tabla7[Mes],J$12,Tabla7[Cuenta asociada],$D89) -> 0 | K89: =SUMIFS(Tabla7[Monto],Tabla7[Moneda],$N$5,Tabla7[Mes],K$12,Tabla7[Cuenta asociada],$D89) -> 0 | L89: =SUMIFS(Tabla7[Monto],Tabla7[Moneda],$N$5,Tabla7[Mes],L$12,Tabla7[Cuenta asociada],$D89) -> 0 | M89: =SUMIFS(Tabla7[Monto],Tabla7[Moneda],$N$5,Tabla7[Mes],M$12,Tabla7[Cuenta asociada],$D89) -> 0 | N89: =SUMIFS(Tabla7[Monto],Tabla7[Moneda],$N$5,Tabla7[Mes],N$12,Tabla7[Cuenta asociada],$D89) -> 0 | ... R89: =SUMIFS(Tabla7[Monto],Tabla7[Moneda],$N$5,Tabla7[Mes],R$12,Tabla7[Cuenta asociada],$D89) -> 0
C90: 12 | D90: =IFERROR(INDEX(Tablas!$H$5:$H$1048576,MATCH(CONCATENATE(C78,".",$C90),Tablas!$L$5:$L$1048576,0),1),"") -> Movilidad | E90: =SUM(G90:R90) -> 4961 | F90: =IFERROR(E90/E78,"") -> 0.10702421 | G90: =SUMIFS(Tabla7[Monto],Tabla7[Moneda],$N$5,Tabla7[Mes],G$12,Tabla7[Cuenta asociada],$D90) -> 0 | H90: =SUMIFS(Tabla7[Monto],Tabla7[Moneda],$N$5,Tabla7[Mes],H$12,Tabla7[Cuenta asociada],$D90) -> 4961 | I90: =SUMIFS(Tabla7[Monto],Tabla7[Moneda],$N$5,Tabla7[Mes],I$12,Tabla7[Cuenta asociada],$D90) -> 0 | J90: =SUMIFS(Tabla7[Monto],Tabla7[Moneda],$N$5,Tabla7[Mes],J$12,Tabla7[Cuenta asociada],$D90) -> 0 | K90: =SUMIFS(Tabla7[Monto],Tabla7[Moneda],$N$5,Tabla7[Mes],K$12,Tabla7[Cuenta asociada],$D90) -> 0 | L90: =SUMIFS(Tabla7[Monto],Tabla7[Moneda],$N$5,Tabla7[Mes],L$12,Tabla7[Cuenta asociada],$D90) -> 0 | M90: =SUMIFS(Tabla7[Monto],Tabla7[Moneda],$N$5,Tabla7[Mes],M$12,Tabla7[Cuenta asociada],$D90) -> 0 | N90: =SUMIFS(Tabla7[Monto],Tabla7[Moneda],$N$5,Tabla7[Mes],N$12,Tabla7[Cuenta asociada],$D90) -> 0 | ... R90: =SUMIFS(Tabla7[Monto],Tabla7[Moneda],$N$5,Tabla7[Mes],R$12,Tabla7[Cuenta asociada],$D90) -> 0
C91: 13 | D91: =IFERROR(INDEX(Tablas!$H$5:$H$1048576,MATCH(CONCATENATE(C78,".",$C91),Tablas!$L$5:$L$1048576,0),1),"") | E91: =SUM(G91:R91) -> 0 | F91: =IFERROR(E91/E78,"") -> 0 | G91: =SUMIFS(Tabla7[Monto],Tabla7[Moneda],$N$5,Tabla7[Mes],G$12,Tabla7[Cuenta asociada],$D91) -> 0 | H91: =SUMIFS(Tabla7[Monto],Tabla7[Moneda],$N$5,Tabla7[Mes],H$12,Tabla7[Cuenta asociada],$D91) -> 0 | I91: =SUMIFS(Tabla7[Monto],Tabla7[Moneda],$N$5,Tabla7[Mes],I$12,Tabla7[Cuenta asociada],$D91) -> 0 | J91: =SUMIFS(Tabla7[Monto],Tabla7[Moneda],$N$5,Tabla7[Mes],J$12,Tabla7[Cuenta asociada],$D91) -> 0 | K91: =SUMIFS(Tabla7[Monto],Tabla7[Moneda],$N$5,Tabla7[Mes],K$12,Tabla7[Cuenta asociada],$D91) -> 0 | L91: =SUMIFS(Tabla7[Monto],Tabla7[Moneda],$N$5,Tabla7[Mes],L$12,Tabla7[Cuenta asociada],$D91) -> 0 | M91: =SUMIFS(Tabla7[Monto],Tabla7[Moneda],$N$5,Tabla7[Mes],M$12,Tabla7[Cuenta asociada],$D91) -> 0 | N91: =SUMIFS(Tabla7[Monto],Tabla7[Moneda],$N$5,Tabla7[Mes],N$12,Tabla7[Cuenta asociada],$D91) -> 0 | ... R91: =SUMIFS(Tabla7[Monto],Tabla7[Moneda],$N$5,Tabla7[Mes],R$12,Tabla7[Cuenta asociada],$D91) -> 0
C92: 14 | D92: =IFERROR(INDEX(Tablas!$H$5:$H$1048576,MATCH(CONCATENATE(C78,".",$C92),Tablas!$L$5:$L$1048576,0),1),"") | E92: =SUM(G92:R92) -> 0 | F92: =IFERROR(E92/E78,"") -> 0 | G92: =SUMIFS(Tabla7[Monto],Tabla7[Moneda],$N$5,Tabla7[Mes],G$12,Tabla7[Cuenta asociada],$D92) -> 0 | H92: =SUMIFS(Tabla7[Monto],Tabla7[Moneda],$N$5,Tabla7[Mes],H$12,Tabla7[Cuenta asociada],$D92) -> 0 | I92: =SUMIFS(Tabla7[Monto],Tabla7[Moneda],$N$5,Tabla7[Mes],I$12,Tabla7[Cuenta asociada],$D92) -> 0 | J92: =SUMIFS(Tabla7[Monto],Tabla7[Moneda],$N$5,Tabla7[Mes],J$12,Tabla7[Cuenta asociada],$D92) -> 0 | K92: =SUMIFS(Tabla7[Monto],Tabla7[Moneda],$N$5,Tabla7[Mes],K$12,Tabla7[Cuenta asociada],$D92) -> 0 | L92: =SUMIFS(Tabla7[Monto],Tabla7[Moneda],$N$5,Tabla7[Mes],L$12,Tabla7[Cuenta asociada],$D92) -> 0 | M92: =SUMIFS(Tabla7[Monto],Tabla7[Moneda],$N$5,Tabla7[Mes],M$12,Tabla7[Cuenta asociada],$D92) -> 0 | N92: =SUMIFS(Tabla7[Monto],Tabla7[Moneda],$N$5,Tabla7[Mes],N$12,Tabla7[Cuenta asociada],$D92) -> 0 | ... R92: =SUMIFS(Tabla7[Monto],Tabla7[Moneda],$N$5,Tabla7[Mes],R$12,Tabla7[Cuenta asociada],$D92) -> 0
C93: 15 | D93: =IFERROR(INDEX(Tablas!$H$5:$H$1048576,MATCH(CONCATENATE(C78,".",$C93),Tablas!$L$5:$L$1048576,0),1),"") | E93: =SUM(G93:R93) -> 0 | F93: =IFERROR(E93/E78,"") -> 0 | G93: =SUMIFS(Tabla7[Monto],Tabla7[Moneda],$N$5,Tabla7[Mes],G$12,Tabla7[Cuenta asociada],$D93) -> 0 | H93: =SUMIFS(Tabla7[Monto],Tabla7[Moneda],$N$5,Tabla7[Mes],H$12,Tabla7[Cuenta asociada],$D93) -> 0 | I93: =SUMIFS(Tabla7[Monto],Tabla7[Moneda],$N$5,Tabla7[Mes],I$12,Tabla7[Cuenta asociada],$D93) -> 0 | J93: =SUMIFS(Tabla7[Monto],Tabla7[Moneda],$N$5,Tabla7[Mes],J$12,Tabla7[Cuenta asociada],$D93) -> 0 | K93: =SUMIFS(Tabla7[Monto],Tabla7[Moneda],$N$5,Tabla7[Mes],K$12,Tabla7[Cuenta asociada],$D93) -> 0 | L93: =SUMIFS(Tabla7[Monto],Tabla7[Moneda],$N$5,Tabla7[Mes],L$12,Tabla7[Cuenta asociada],$D93) -> 0 | M93: =SUMIFS(Tabla7[Monto],Tabla7[Moneda],$N$5,Tabla7[Mes],M$12,Tabla7[Cuenta asociada],$D93) -> 0 | N93: =SUMIFS(Tabla7[Monto],Tabla7[Moneda],$N$5,Tabla7[Mes],N$12,Tabla7[Cuenta asociada],$D93) -> 0 | ... R93: =SUMIFS(Tabla7[Monto],Tabla7[Moneda],$N$5,Tabla7[Mes],R$12,Tabla7[Cuenta asociada],$D93) -> 0
C94: 16 | D94: =IFERROR(INDEX(Tablas!$H$5:$H$1048576,MATCH(CONCATENATE(C78,".",$C94),Tablas!$L$5:$L$1048576,0),1),"") | E94: =SUM(G94:R94) -> 0 | F94: =IFERROR(E94/E78,"") -> 0 | G94: =SUMIFS(Tabla7[Monto],Tabla7[Moneda],$N$5,Tabla7[Mes],G$12,Tabla7[Cuenta asociada],$D94) -> 0 | H94: =SUMIFS(Tabla7[Monto],Tabla7[Moneda],$N$5,Tabla7[Mes],H$12,Tabla7[Cuenta asociada],$D94) -> 0 | I94: =SUMIFS(Tabla7[Monto],Tabla7[Moneda],$N$5,Tabla7[Mes],I$12,Tabla7[Cuenta asociada],$D94) -> 0 | J94: =SUMIFS(Tabla7[Monto],Tabla7[Moneda],$N$5,Tabla7[Mes],J$12,Tabla7[Cuenta asociada],$D94) -> 0 | K94: =SUMIFS(Tabla7[Monto],Tabla7[Moneda],$N$5,Tabla7[Mes],K$12,Tabla7[Cuenta asociada],$D94) -> 0 | L94: =SUMIFS(Tabla7[Monto],Tabla7[Moneda],$N$5,Tabla7[Mes],L$12,Tabla7[Cuenta asociada],$D94) -> 0 | M94: =SUMIFS(Tabla7[Monto],Tabla7[Moneda],$N$5,Tabla7[Mes],M$12,Tabla7[Cuenta asociada],$D94) -> 0 | N94: =SUMIFS(Tabla7[Monto],Tabla7[Moneda],$N$5,Tabla7[Mes],N$12,Tabla7[Cuenta asociada],$D94) -> 0 | ... R94: =SUMIFS(Tabla7[Monto],Tabla7[Moneda],$N$5,Tabla7[Mes],R$12,Tabla7[Cuenta asociada],$D94) -> 0
C95: 17 | D95: =IFERROR(INDEX(Tablas!$H$5:$H$1048576,MATCH(CONCATENATE(C78,".",$C95),Tablas!$L$5:$L$1048576,0),1),"") | E95: =SUM(G95:R95) -> 0 | F95: =IFERROR(E95/E78,"") -> 0 | G95: =SUMIFS(Tabla7[Monto],Tabla7[Moneda],$N$5,Tabla7[Mes],G$12,Tabla7[Cuenta asociada],$D95) -> 0 | H95: =SUMIFS(Tabla7[Monto],Tabla7[Moneda],$N$5,Tabla7[Mes],H$12,Tabla7[Cuenta asociada],$D95) -> 0 | I95: =SUMIFS(Tabla7[Monto],Tabla7[Moneda],$N$5,Tabla7[Mes],I$12,Tabla7[Cuenta asociada],$D95) -> 0 | J95: =SUMIFS(Tabla7[Monto],Tabla7[Moneda],$N$5,Tabla7[Mes],J$12,Tabla7[Cuenta asociada],$D95) -> 0 | K95: =SUMIFS(Tabla7[Monto],Tabla7[Moneda],$N$5,Tabla7[Mes],K$12,Tabla7[Cuenta asociada],$D95) -> 0 | L95: =SUMIFS(Tabla7[Monto],Tabla7[Moneda],$N$5,Tabla7[Mes],L$12,Tabla7[Cuenta asociada],$D95) -> 0 | M95: =SUMIFS(Tabla7[Monto],Tabla7[Moneda],$N$5,Tabla7[Mes],M$12,Tabla7[Cuenta asociada],$D95) -> 0 | N95: =SUMIFS(Tabla7[Monto],Tabla7[Moneda],$N$5,Tabla7[Mes],N$12,Tabla7[Cuenta asociada],$D95) -> 0 | ... R95: =SUMIFS(Tabla7[Monto],Tabla7[Moneda],$N$5,Tabla7[Mes],R$12,Tabla7[Cuenta asociada],$D95) -> 0
C96: 18 | D96: =IFERROR(INDEX(Tablas!$H$5:$H$1048576,MATCH(CONCATENATE(C78,".",$C96),Tablas!$L$5:$L$1048576,0),1),"") | E96: =SUM(G96:R96) -> 0 | F96: =IFERROR(E96/E78,"") -> 0 | G96: =SUMIFS(Tabla7[Monto],Tabla7[Moneda],$N$5,Tabla7[Mes],G$12,Tabla7[Cuenta asociada],$D96) -> 0 | H96: =SUMIFS(Tabla7[Monto],Tabla7[Moneda],$N$5,Tabla7[Mes],H$12,Tabla7[Cuenta asociada],$D96) -> 0 | I96: =SUMIFS(Tabla7[Monto],Tabla7[Moneda],$N$5,Tabla7[Mes],I$12,Tabla7[Cuenta asociada],$D96) -> 0 | J96: =SUMIFS(Tabla7[Monto],Tabla7[Moneda],$N$5,Tabla7[Mes],J$12,Tabla7[Cuenta asociada],$D96) -> 0 | K96: =SUMIFS(Tabla7[Monto],Tabla7[Moneda],$N$5,Tabla7[Mes],K$12,Tabla7[Cuenta asociada],$D96) -> 0 | L96: =SUMIFS(Tabla7[Monto],Tabla7[Moneda],$N$5,Tabla7[Mes],L$12,Tabla7[Cuenta asociada],$D96) -> 0 | M96: =SUMIFS(Tabla7[Monto],Tabla7[Moneda],$N$5,Tabla7[Mes],M$12,Tabla7[Cuenta asociada],$D96) -> 0 | N96: =SUMIFS(Tabla7[Monto],Tabla7[Moneda],$N$5,Tabla7[Mes],N$12,Tabla7[Cuenta asociada],$D96) -> 0 | ... R96: =SUMIFS(Tabla7[Monto],Tabla7[Moneda],$N$5,Tabla7[Mes],R$12,Tabla7[Cuenta asociada],$D96) -> 0
C97: 19 | D97: =IFERROR(INDEX(Tablas!$H$5:$H$1048576,MATCH(CONCATENATE(C78,".",$C97),Tablas!$L$5:$L$1048576,0),1),"") | E97: =SUM(G97:R97) -> 0 | F97: =IFERROR(E97/E78,"") -> 0 | G97: =SUMIFS(Tabla7[Monto],Tabla7[Moneda],$N$5,Tabla7[Mes],G$12,Tabla7[Cuenta asociada],$D97) -> 0 | H97: =SUMIFS(Tabla7[Monto],Tabla7[Moneda],$N$5,Tabla7[Mes],H$12,Tabla7[Cuenta asociada],$D97) -> 0 | I97: =SUMIFS(Tabla7[Monto],Tabla7[Moneda],$N$5,Tabla7[Mes],I$12,Tabla7[Cuenta asociada],$D97) -> 0 | J97: =SUMIFS(Tabla7[Monto],Tabla7[Moneda],$N$5,Tabla7[Mes],J$12,Tabla7[Cuenta asociada],$D97) -> 0 | K97: =SUMIFS(Tabla7[Monto],Tabla7[Moneda],$N$5,Tabla7[Mes],K$12,Tabla7[Cuenta asociada],$D97) -> 0 | L97: =SUMIFS(Tabla7[Monto],Tabla7[Moneda],$N$5,Tabla7[Mes],L$12,Tabla7[Cuenta asociada],$D97) -> 0 | M97: =SUMIFS(Tabla7[Monto],Tabla7[Moneda],$N$5,Tabla7[Mes],M$12,Tabla7[Cuenta asociada],$D97) -> 0 | N97: =SUMIFS(Tabla7[Monto],Tabla7[Moneda],$N$5,Tabla7[Mes],N$12,Tabla7[Cuenta asociada],$D97) -> 0 | ... R97: =SUMIFS(Tabla7[Monto],Tabla7[Moneda],$N$5,Tabla7[Mes],R$12,Tabla7[Cuenta asociada],$D97) -> 0
C98: 20 | D98: =IFERROR(INDEX(Tablas!$H$5:$H$1048576,MATCH(CONCATENATE(C78,".",$C98),Tablas!$L$5:$L$1048576,0),1),"") | E98: =SUM(G98:R98) -> 0 | F98: =IFERROR(E98/E78,"") -> 0 | G98: =SUMIFS(Tabla7[Monto],Tabla7[Moneda],$N$5,Tabla7[Mes],G$12,Tabla7[Cuenta asociada],$D98) -> 0 | H98: =SUMIFS(Tabla7[Monto],Tabla7[Moneda],$N$5,Tabla7[Mes],H$12,Tabla7[Cuenta asociada],$D98) -> 0 | I98: =SUMIFS(Tabla7[Monto],Tabla7[Moneda],$N$5,Tabla7[Mes],I$12,Tabla7[Cuenta asociada],$D98) -> 0 | J98: =SUMIFS(Tabla7[Monto],Tabla7[Moneda],$N$5,Tabla7[Mes],J$12,Tabla7[Cuenta asociada],$D98) -> 0 | K98: =SUMIFS(Tabla7[Monto],Tabla7[Moneda],$N$5,Tabla7[Mes],K$12,Tabla7[Cuenta asociada],$D98) -> 0 | L98: =SUMIFS(Tabla7[Monto],Tabla7[Moneda],$N$5,Tabla7[Mes],L$12,Tabla7[Cuenta asociada],$D98) -> 0 | M98: =SUMIFS(Tabla7[Monto],Tabla7[Moneda],$N$5,Tabla7[Mes],M$12,Tabla7[Cuenta asociada],$D98) -> 0 | N98: =SUMIFS(Tabla7[Monto],Tabla7[Moneda],$N$5,Tabla7[Mes],N$12,Tabla7[Cuenta asociada],$D98) -> 0 | ... R98: =SUMIFS(Tabla7[Monto],Tabla7[Moneda],$N$5,Tabla7[Mes],R$12,Tabla7[Cuenta asociada],$D98) -> 0
C99: 21 | D99: =IFERROR(INDEX(Tablas!$H$5:$H$1048576,MATCH(CONCATENATE(C78,".",$C99),Tablas!$L$5:$L$1048576,0),1),"") | E99: =SUM(G99:R99) -> 0 | F99: =IFERROR(E99/E78,"") -> 0 | G99: =SUMIFS(Tabla7[Monto],Tabla7[Moneda],$N$5,Tabla7[Mes],G$12,Tabla7[Cuenta asociada],$D99) -> 0 | H99: =SUMIFS(Tabla7[Monto],Tabla7[Moneda],$N$5,Tabla7[Mes],H$12,Tabla7[Cuenta asociada],$D99) -> 0 | I99: =SUMIFS(Tabla7[Monto],Tabla7[Moneda],$N$5,Tabla7[Mes],I$12,Tabla7[Cuenta asociada],$D99) -> 0 | J99: =SUMIFS(Tabla7[Monto],Tabla7[Moneda],$N$5,Tabla7[Mes],J$12,Tabla7[Cuenta asociada],$D99) -> 0 | K99: =SUMIFS(Tabla7[Monto],Tabla7[Moneda],$N$5,Tabla7[Mes],K$12,Tabla7[Cuenta asociada],$D99) -> 0 | L99: =SUMIFS(Tabla7[Monto],Tabla7[Moneda],$N$5,Tabla7[Mes],L$12,Tabla7[Cuenta asociada],$D99) -> 0 | M99: =SUMIFS(Tabla7[Monto],Tabla7[Moneda],$N$5,Tabla7[Mes],M$12,Tabla7[Cuenta asociada],$D99) -> 0 | N99: =SUMIFS(Tabla7[Monto],Tabla7[Moneda],$N$5,Tabla7[Mes],N$12,Tabla7[Cuenta asociada],$D99) -> 0 | ... R99: =SUMIFS(Tabla7[Monto],Tabla7[Moneda],$N$5,Tabla7[Mes],R$12,Tabla7[Cuenta asociada],$D99) -> 0
C100: 22 | D100: =IFERROR(INDEX(Tablas!$H$5:$H$1048576,MATCH(CONCATENATE(C78,".",$C100),Tablas!$L$5:$L$1048576,0),1),"") | E100: =SUM(G100:R100) -> 0 | F100: =IFERROR(E100/E78,"") -> 0 | G100: =SUMIFS(Tabla7[Monto],Tabla7[Moneda],$N$5,Tabla7[Mes],G$12,Tabla7[Cuenta asociada],$D100) -> 0 | H100: =SUMIFS(Tabla7[Monto],Tabla7[Moneda],$N$5,Tabla7[Mes],H$12,Tabla7[Cuenta asociada],$D100) -> 0 | I100: =SUMIFS(Tabla7[Monto],Tabla7[Moneda],$N$5,Tabla7[Mes],I$12,Tabla7[Cuenta asociada],$D100) -> 0 | J100: =SUMIFS(Tabla7[Monto],Tabla7[Moneda],$N$5,Tabla7[Mes],J$12,Tabla7[Cuenta asociada],$D100) -> 0 | K100: =SUMIFS(Tabla7[Monto],Tabla7[Moneda],$N$5,Tabla7[Mes],K$12,Tabla7[Cuenta asociada],$D100) -> 0 | L100: =SUMIFS(Tabla7[Monto],Tabla7[Moneda],$N$5,Tabla7[Mes],L$12,Tabla7[Cuenta asociada],$D100) -> 0 | M100: =SUMIFS(Tabla7[Monto],Tabla7[Moneda],$N$5,Tabla7[Mes],M$12,Tabla7[Cuenta asociada],$D100) -> 0 | N100: =SUMIFS(Tabla7[Monto],Tabla7[Moneda],$N$5,Tabla7[Mes],N$12,Tabla7[Cuenta asociada],$D100) -> 0 | ... R100: =SUMIFS(Tabla7[Monto],Tabla7[Moneda],$N$5,Tabla7[Mes],R$12,Tabla7[Cuenta asociada],$D100) -> 0
C101: 23 | D101: =IFERROR(INDEX(Tablas!$H$5:$H$1048576,MATCH(CONCATENATE(C78,".",$C101),Tablas!$L$5:$L$1048576,0),1),"") | E101: =SUM(G101:R101) -> 0 | F101: =IFERROR(E101/E78,"") -> 0 | G101: =SUMIFS(Tabla7[Monto],Tabla7[Moneda],$N$5,Tabla7[Mes],G$12,Tabla7[Cuenta asociada],$D101) -> 0 | H101: =SUMIFS(Tabla7[Monto],Tabla7[Moneda],$N$5,Tabla7[Mes],H$12,Tabla7[Cuenta asociada],$D101) -> 0 | I101: =SUMIFS(Tabla7[Monto],Tabla7[Moneda],$N$5,Tabla7[Mes],I$12,Tabla7[Cuenta asociada],$D101) -> 0 | J101: =SUMIFS(Tabla7[Monto],Tabla7[Moneda],$N$5,Tabla7[Mes],J$12,Tabla7[Cuenta asociada],$D101) -> 0 | K101: =SUMIFS(Tabla7[Monto],Tabla7[Moneda],$N$5,Tabla7[Mes],K$12,Tabla7[Cuenta asociada],$D101) -> 0 | L101: =SUMIFS(Tabla7[Monto],Tabla7[Moneda],$N$5,Tabla7[Mes],L$12,Tabla7[Cuenta asociada],$D101) -> 0 | M101: =SUMIFS(Tabla7[Monto],Tabla7[Moneda],$N$5,Tabla7[Mes],M$12,Tabla7[Cuenta asociada],$D101) -> 0 | N101: =SUMIFS(Tabla7[Monto],Tabla7[Moneda],$N$5,Tabla7[Mes],N$12,Tabla7[Cuenta asociada],$D101) -> 0 | ... R101: =SUMIFS(Tabla7[Monto],Tabla7[Moneda],$N$5,Tabla7[Mes],R$12,Tabla7[Cuenta asociada],$D101) -> 0
C102: 24 | D102: =IFERROR(INDEX(Tablas!$H$5:$H$1048576,MATCH(CONCATENATE(C78,".",$C102),Tablas!$L$5:$L$1048576,0),1),"") | E102: =SUM(G102:R102) -> 0 | F102: =IFERROR(E102/E78,"") -> 0 | G102: =SUMIFS(Tabla7[Monto],Tabla7[Moneda],$N$5,Tabla7[Mes],G$12,Tabla7[Cuenta asociada],$D102) -> 0 | H102: =SUMIFS(Tabla7[Monto],Tabla7[Moneda],$N$5,Tabla7[Mes],H$12,Tabla7[Cuenta asociada],$D102) -> 0 | I102: =SUMIFS(Tabla7[Monto],Tabla7[Moneda],$N$5,Tabla7[Mes],I$12,Tabla7[Cuenta asociada],$D102) -> 0 | J102: =SUMIFS(Tabla7[Monto],Tabla7[Moneda],$N$5,Tabla7[Mes],J$12,Tabla7[Cuenta asociada],$D102) -> 0 | K102: =SUMIFS(Tabla7[Monto],Tabla7[Moneda],$N$5,Tabla7[Mes],K$12,Tabla7[Cuenta asociada],$D102) -> 0 | L102: =SUMIFS(Tabla7[Monto],Tabla7[Moneda],$N$5,Tabla7[Mes],L$12,Tabla7[Cuenta asociada],$D102) -> 0 | M102: =SUMIFS(Tabla7[Monto],Tabla7[Moneda],$N$5,Tabla7[Mes],M$12,Tabla7[Cuenta asociada],$D102) -> 0 | N102: =SUMIFS(Tabla7[Monto],Tabla7[Moneda],$N$5,Tabla7[Mes],N$12,Tabla7[Cuenta asociada],$D102) -> 0 | ... R102: =SUMIFS(Tabla7[Monto],Tabla7[Moneda],$N$5,Tabla7[Mes],R$12,Tabla7[Cuenta asociada],$D102) -> 0
C103: 25 | D103: =IFERROR(INDEX(Tablas!$H$5:$H$1048576,MATCH(CONCATENATE(C78,".",$C103),Tablas!$L$5:$L$1048576,0),1),"") | E103: =SUM(G103:R103) -> 0 | F103: =IFERROR(E103/E78,"") -> 0 | G103: =SUMIFS(Tabla7[Monto],Tabla7[Moneda],$N$5,Tabla7[Mes],G$12,Tabla7[Cuenta asociada],$D103) -> 0 | H103: =SUMIFS(Tabla7[Monto],Tabla7[Moneda],$N$5,Tabla7[Mes],H$12,Tabla7[Cuenta asociada],$D103) -> 0 | I103: =SUMIFS(Tabla7[Monto],Tabla7[Moneda],$N$5,Tabla7[Mes],I$12,Tabla7[Cuenta asociada],$D103) -> 0 | J103: =SUMIFS(Tabla7[Monto],Tabla7[Moneda],$N$5,Tabla7[Mes],J$12,Tabla7[Cuenta asociada],$D103) -> 0 | K103: =SUMIFS(Tabla7[Monto],Tabla7[Moneda],$N$5,Tabla7[Mes],K$12,Tabla7[Cuenta asociada],$D103) -> 0 | L103: =SUMIFS(Tabla7[Monto],Tabla7[Moneda],$N$5,Tabla7[Mes],L$12,Tabla7[Cuenta asociada],$D103) -> 0 | M103: =SUMIFS(Tabla7[Monto],Tabla7[Moneda],$N$5,Tabla7[Mes],M$12,Tabla7[Cuenta asociada],$D103) -> 0 | N103: =SUMIFS(Tabla7[Monto],Tabla7[Moneda],$N$5,Tabla7[Mes],N$12,Tabla7[Cuenta asociada],$D103) -> 0 | ... R103: =SUMIFS(Tabla7[Monto],Tabla7[Moneda],$N$5,Tabla7[Mes],R$12,Tabla7[Cuenta asociada],$D103) -> 0
C104: 26 | D104: =IFERROR(INDEX(Tablas!$H$5:$H$1048576,MATCH(CONCATENATE(C78,".",$C104),Tablas!$L$5:$L$1048576,0),1),"") | E104: =SUM(G104:R104) -> 0 | F104: =IFERROR(E104/E78,"") -> 0 | G104: =SUMIFS(Tabla7[Monto],Tabla7[Moneda],$N$5,Tabla7[Mes],G$12,Tabla7[Cuenta asociada],$D104) -> 0 | H104: =SUMIFS(Tabla7[Monto],Tabla7[Moneda],$N$5,Tabla7[Mes],H$12,Tabla7[Cuenta asociada],$D104) -> 0 | I104: =SUMIFS(Tabla7[Monto],Tabla7[Moneda],$N$5,Tabla7[Mes],I$12,Tabla7[Cuenta asociada],$D104) -> 0 | J104: =SUMIFS(Tabla7[Monto],Tabla7[Moneda],$N$5,Tabla7[Mes],J$12,Tabla7[Cuenta asociada],$D104) -> 0 | K104: =SUMIFS(Tabla7[Monto],Tabla7[Moneda],$N$5,Tabla7[Mes],K$12,Tabla7[Cuenta asociada],$D104) -> 0 | L104: =SUMIFS(Tabla7[Monto],Tabla7[Moneda],$N$5,Tabla7[Mes],L$12,Tabla7[Cuenta asociada],$D104) -> 0 | M104: =SUMIFS(Tabla7[Monto],Tabla7[Moneda],$N$5,Tabla7[Mes],M$12,Tabla7[Cuenta asociada],$D104) -> 0 | N104: =SUMIFS(Tabla7[Monto],Tabla7[Moneda],$N$5,Tabla7[Mes],N$12,Tabla7[Cuenta asociada],$D104) -> 0 | ... R104: =SUMIFS(Tabla7[Monto],Tabla7[Moneda],$N$5,Tabla7[Mes],R$12,Tabla7[Cuenta asociada],$D104) -> 0
C105: 27 | D105: =IFERROR(INDEX(Tablas!$H$5:$H$1048576,MATCH(CONCATENATE(C78,".",$C105),Tablas!$L$5:$L$1048576,0),1),"") | E105: =SUM(G105:R105) -> 0 | F105: =IFERROR(E105/E78,"") -> 0 | G105: =SUMIFS(Tabla7[Monto],Tabla7[Moneda],$N$5,Tabla7[Mes],G$12,Tabla7[Cuenta asociada],$D105) -> 0 | H105: =SUMIFS(Tabla7[Monto],Tabla7[Moneda],$N$5,Tabla7[Mes],H$12,Tabla7[Cuenta asociada],$D105) -> 0 | I105: =SUMIFS(Tabla7[Monto],Tabla7[Moneda],$N$5,Tabla7[Mes],I$12,Tabla7[Cuenta asociada],$D105) -> 0 | J105: =SUMIFS(Tabla7[Monto],Tabla7[Moneda],$N$5,Tabla7[Mes],J$12,Tabla7[Cuenta asociada],$D105) -> 0 | K105: =SUMIFS(Tabla7[Monto],Tabla7[Moneda],$N$5,Tabla7[Mes],K$12,Tabla7[Cuenta asociada],$D105) -> 0 | L105: =SUMIFS(Tabla7[Monto],Tabla7[Moneda],$N$5,Tabla7[Mes],L$12,Tabla7[Cuenta asociada],$D105) -> 0 | M105: =SUMIFS(Tabla7[Monto],Tabla7[Moneda],$N$5,Tabla7[Mes],M$12,Tabla7[Cuenta asociada],$D105) -> 0 | N105: =SUMIFS(Tabla7[Monto],Tabla7[Moneda],$N$5,Tabla7[Mes],N$12,Tabla7[Cuenta asociada],$D105) -> 0 | ... R105: =SUMIFS(Tabla7[Monto],Tabla7[Moneda],$N$5,Tabla7[Mes],R$12,Tabla7[Cuenta asociada],$D105) -> 0
C106: 28 | D106: =IFERROR(INDEX(Tablas!$H$5:$H$1048576,MATCH(CONCATENATE(C78,".",$C106),Tablas!$L$5:$L$1048576,0),1),"") | E106: =SUM(G106:R106) -> 0 | F106: =IFERROR(E106/E78,"") -> 0 | G106: =SUMIFS(Tabla7[Monto],Tabla7[Moneda],$N$5,Tabla7[Mes],G$12,Tabla7[Cuenta asociada],$D106) -> 0 | H106: =SUMIFS(Tabla7[Monto],Tabla7[Moneda],$N$5,Tabla7[Mes],H$12,Tabla7[Cuenta asociada],$D106) -> 0 | I106: =SUMIFS(Tabla7[Monto],Tabla7[Moneda],$N$5,Tabla7[Mes],I$12,Tabla7[Cuenta asociada],$D106) -> 0 | J106: =SUMIFS(Tabla7[Monto],Tabla7[Moneda],$N$5,Tabla7[Mes],J$12,Tabla7[Cuenta asociada],$D106) -> 0 | K106: =SUMIFS(Tabla7[Monto],Tabla7[Moneda],$N$5,Tabla7[Mes],K$12,Tabla7[Cuenta asociada],$D106) -> 0 | L106: =SUMIFS(Tabla7[Monto],Tabla7[Moneda],$N$5,Tabla7[Mes],L$12,Tabla7[Cuenta asociada],$D106) -> 0 | M106: =SUMIFS(Tabla7[Monto],Tabla7[Moneda],$N$5,Tabla7[Mes],M$12,Tabla7[Cuenta asociada],$D106) -> 0 | N106: =SUMIFS(Tabla7[Monto],Tabla7[Moneda],$N$5,Tabla7[Mes],N$12,Tabla7[Cuenta asociada],$D106) -> 0 | ... R106: =SUMIFS(Tabla7[Monto],Tabla7[Moneda],$N$5,Tabla7[Mes],R$12,Tabla7[Cuenta asociada],$D106) -> 0
C107: 29 | D107: =IFERROR(INDEX(Tablas!$H$5:$H$1048576,MATCH(CONCATENATE(C78,".",$C107),Tablas!$L$5:$L$1048576,0),1),"") | E107: =SUM(G107:R107) -> 0 | F107: =IFERROR(E107/E78,"") -> 0 | G107: =SUMIFS(Tabla7[Monto],Tabla7[Moneda],$N$5,Tabla7[Mes],G$12,Tabla7[Cuenta asociada],$D107) -> 0 | H107: =SUMIFS(Tabla7[Monto],Tabla7[Moneda],$N$5,Tabla7[Mes],H$12,Tabla7[Cuenta asociada],$D107) -> 0 | I107: =SUMIFS(Tabla7[Monto],Tabla7[Moneda],$N$5,Tabla7[Mes],I$12,Tabla7[Cuenta asociada],$D107) -> 0 | J107: =SUMIFS(Tabla7[Monto],Tabla7[Moneda],$N$5,Tabla7[Mes],J$12,Tabla7[Cuenta asociada],$D107) -> 0 | K107: =SUMIFS(Tabla7[Monto],Tabla7[Moneda],$N$5,Tabla7[Mes],K$12,Tabla7[Cuenta asociada],$D107) -> 0 | L107: =SUMIFS(Tabla7[Monto],Tabla7[Moneda],$N$5,Tabla7[Mes],L$12,Tabla7[Cuenta asociada],$D107) -> 0 | M107: =SUMIFS(Tabla7[Monto],Tabla7[Moneda],$N$5,Tabla7[Mes],M$12,Tabla7[Cuenta asociada],$D107) -> 0 | N107: =SUMIFS(Tabla7[Monto],Tabla7[Moneda],$N$5,Tabla7[Mes],N$12,Tabla7[Cuenta asociada],$D107) -> 0 | ... R107: =SUMIFS(Tabla7[Monto],Tabla7[Moneda],$N$5,Tabla7[Mes],R$12,Tabla7[Cuenta asociada],$D107) -> 0
C108: 30 | D108: =IFERROR(INDEX(Tablas!$H$5:$H$1048576,MATCH(CONCATENATE(C78,".",$C108),Tablas!$L$5:$L$1048576,0),1),"") | E108: =SUM(G108:R108) -> 0 | F108: =IFERROR(E108/E78,"") -> 0 | G108: =SUMIFS(Tabla7[Monto],Tabla7[Moneda],$N$5,Tabla7[Mes],G$12,Tabla7[Cuenta asociada],$D108) -> 0 | H108: =SUMIFS(Tabla7[Monto],Tabla7[Moneda],$N$5,Tabla7[Mes],H$12,Tabla7[Cuenta asociada],$D108) -> 0 | I108: =SUMIFS(Tabla7[Monto],Tabla7[Moneda],$N$5,Tabla7[Mes],I$12,Tabla7[Cuenta asociada],$D108) -> 0 | J108: =SUMIFS(Tabla7[Monto],Tabla7[Moneda],$N$5,Tabla7[Mes],J$12,Tabla7[Cuenta asociada],$D108) -> 0 | K108: =SUMIFS(Tabla7[Monto],Tabla7[Moneda],$N$5,Tabla7[Mes],K$12,Tabla7[Cuenta asociada],$D108) -> 0 | L108: =SUMIFS(Tabla7[Monto],Tabla7[Moneda],$N$5,Tabla7[Mes],L$12,Tabla7[Cuenta asociada],$D108) -> 0 | M108: =SUMIFS(Tabla7[Monto],Tabla7[Moneda],$N$5,Tabla7[Mes],M$12,Tabla7[Cuenta asociada],$D108) -> 0 | N108: =SUMIFS(Tabla7[Monto],Tabla7[Moneda],$N$5,Tabla7[Mes],N$12,Tabla7[Cuenta asociada],$D108) -> 0 | ... R108: =SUMIFS(Tabla7[Monto],Tabla7[Moneda],$N$5,Tabla7[Mes],R$12,Tabla7[Cuenta asociada],$D108) -> 0
...

Sheet Registro de gastos
A1: Registro de Gastos
A3: Campos registrados por el usuario | G3: Campos salen automático
A4: Fecha | B4: Descripción del gasto | C4: Cuenta asociada | D4: Tipo de gasto (automático) | E4: Moneda | F4: Monto | G4: Mes | H4: Año
A5: =RANDBETWEEN(43101,43281) -> 43105 | B5: gasto xxxx | C5: Consumos | D5: =IFERROR(INDEX(Tablas!$I$5:$I$1048576,MATCH(Tabla7[[#This Row],[Cuenta asociada]],Tablas!$H$5:$H$1048576,0),1),"") -> GASTOS DE PERSONAL | E5: Soles | F5: =RANDBETWEEN(100,9000) -> 3153 | G5: =IF($A5="","",VLOOKUP(MONTH(A5),Tablas!$C$5:$D$16,2,0)) -> Enero | H5: =IF($A5="","",YEAR(A5)) -> 2018
A6: =RANDBETWEEN(43101,43281) -> 43142 | B6: gasto xxxx | C6: Sueldos | D6: =IFERROR(INDEX(Tablas!$I$5:$I$1048576,MATCH(Tabla7[[#This Row],[Cuenta asociada]],Tablas!$H$5:$H$1048576,0),1),"") -> GASTOS DE PERSONAL | E6: Soles | F6: =RANDBETWEEN(100,9000) -> 5203 | G6: =IF($A6="","",VLOOKUP(MONTH(A6),Tablas!$C$5:$D$16,2,0)) -> Febrero | H6: =IF($A6="","",YEAR(A6)) -> 2018
A7: =RANDBETWEEN(43101,43281) -> 43216 | B7: gasto xxxx | C7: Gratif. Ordinarias Empleados | D7: =IFERROR(INDEX(Tablas!$I$5:$I$1048576,MATCH(Tabla7[[#This Row],[Cuenta asociada]],Tablas!$H$5:$H$1048576,0),1),"") -> GASTOS DE PERSONAL | E7: Soles | F7: =RANDBETWEEN(100,9000) -> 8210 | G7: =IF($A7="","",VLOOKUP(MONTH(A7),Tablas!$C$5:$D$16,2,0)) -> Abril | H7: =IF($A7="","",YEAR(A7)) -> 2018
A8: =RANDBETWEEN(43101,43281) -> 43192 | B8: gasto xxxx | C8: Gratificaciones Extraordinarias Empleados | D8: =IFERROR(INDEX(Tablas!$I$5:$I$1048576,MATCH(Tabla7[[#This Row],[Cuenta asociada]],Tablas!$H$5:$H$1048576,0),1),"") -> GASTOS DE PERSONAL | E8: Soles | F8: =RANDBETWEEN(100,9000) -> 5992 | G8: =IF($A8="","",VLOOKUP(MONTH(A8),Tablas!$C$5:$D$16,2,0)) -> Abril | H8: =IF($A8="","",YEAR(A8)) -> 2018
A9: =RANDBETWEEN(43101,43281) -> 43126 | B9: gasto xxxx | C9: Vacaciones | D9: =IFERROR(INDEX(Tablas!$I$5:$I$1048576,MATCH(Tabla7[[#This Row],[Cuenta asociada]],Tablas!$H$5:$H$1048576,0),1),"") -> GASTOS DE PERSONAL | E9: Soles | F9: =RANDBETWEEN(100,9000) -> 5565 | G9: =IF($A9="","",VLOOKUP(MONTH(A9),Tablas!$C$5:$D$16,2,0)) -> Enero | H9: =IF($A9="","",YEAR(A9)) -> 2018
A10: =RANDBETWEEN(43101,43281) -> 43231 | B10: gasto xxxx | C10: Descanso medico | D10: =IFERROR(INDEX(Tablas!$I$5:$I$1048576,MATCH(Tabla7[[#This Row],[Cuenta asociada]],Tablas!$H$5:$H$1048576,0),1),"") -> GASTOS DE PERSONAL | E10: Soles | F10: =RANDBETWEEN(100,9000) -> 3394 | G10: =IF($A10="","",VLOOKUP(MONTH(A10),Tablas!$C$5:$D$16,2,0)) -> Mayo | H10: =IF($A10="","",YEAR(A10)) -> 2018
A11: =RANDBETWEEN(43101,43281) -> 43227 | B11: gasto xxxx | C11: Movilidad y/o servicio de Transporte | D11: =IFERROR(INDEX(Tablas!$I$5:$I$1048576,MATCH(Tabla7[[#This Row],[Cuenta asociada]],Tablas!$H$5:$H$1048576,0),1),"") -> GASTOS DE PERSONAL | E11: Soles | F11: =RANDBETWEEN(100,9000) -> 3248 | G11: =IF($A11="","",VLOOKUP(MONTH(A11),Tablas!$C$5:$D$16,2,0)) -> Mayo | H11: =IF($A11="","",YEAR(A11)) -> 2018
A12: =RANDBETWEEN(43101,43281) -> 43274 | B12: gasto xxxx | C12: Uniformes | D12: =IFERROR(INDEX(Tablas!$I$5:$I$1048576,MATCH(Tabla7[[#This Row],[Cuenta asociada]],Tablas!$H$5:$H$1048576,0),1),"") -> GASTOS DE PERSONAL | E12: Soles | F12: =RANDBETWEEN(100,9000) -> 928 | G12: =IF($A12="","",VLOOKUP(MONTH(A12),Tablas!$C$5:$D$16,2,0)) -> Junio | H12: =IF($A12="","",YEAR(A12)) -> 2018
A13: =RANDBETWEEN(43101,43281) -> 43204 | B13: gasto xxxx | C13: Atenciones y obsequios al personal | D13: =IFERROR(INDEX(Tablas!$I$5:$I$1048576,MATCH(Tabla7[[#This Row],[Cuenta asociada]],Tablas!$H$5:$H$1048576,0),1),"") -> GASTOS DE PERSONAL | E13: Soles | F13: =RANDBETWEEN(100,9000) -> 1642 | G13: =IF($A13="","",VLOOKUP(MONTH(A13),Tablas!$C$5:$D$16,2,0)) -> Abril | H13: =IF($A13="","",YEAR(A13)) -> 2018
A14: =RANDBETWEEN(43101,43281) -> 43222 | B14: gasto xxxx | C14: Tickets de alimentos | D14: =IFERROR(INDEX(Tablas!$I$5:$I$1048576,MATCH(Tabla7[[#This Row],[Cuenta asociada]],Tablas!$H$5:$H$1048576,0),1),"") -> GASTOS DE PERSONAL | E14: Soles | F14: =RANDBETWEEN(100,9000) -> 1149 | G14: =IF($A14="","",VLOOKUP(MONTH(A14),Tablas!$C$5:$D$16,2,0)) -> Mayo | H14: =IF($A14="","",YEAR(A14)) -> 2018
A15: =RANDBETWEEN(43101,43281) -> 43132 | B15: gasto xxxx | C15: ESSALUD-RÚgimen de prestaciones de salud | D15: =IFERROR(INDEX(Tablas!$I$5:$I$1048576,MATCH(Tabla7[[#This Row],[Cuenta asociada]],Tablas!$H$5:$H$1048576,0),1),"") -> GASTOS DE PERSONAL | E15: Soles | F15: =RANDBETWEEN(100,9000) -> 1096 | G15: =IF($A15="","",VLOOKUP(MONTH(A15),Tablas!$C$5:$D$16,2,0)) -> Febrero | H15: =IF($A15="","",YEAR(A15)) -> 2018
A16: =RANDBETWEEN(43101,43281) -> 43215 | B16: gasto xxxx | C16: SCTR-Seg complemntario trabajo de riesgo | D16: =IFERROR(INDEX(Tablas!$I$5:$I$1048576,MATCH(Tabla7[[#This Row],[Cuenta asociada]],Tablas!$H$5:$H$1048576,0),1),"") -> GASTOS DE PERSONAL | E16: Soles | F16: =RANDBETWEEN(100,9000) -> 7236 | G16: =IF($A16="","",VLOOKUP(MONTH(A16),Tablas!$C$5:$D$16,2,0)) -> Abril | H16: =IF($A16="","",YEAR(A16)) -> 2018
... A69: =RANDBETWEEN(43101,43281) -> 43184 | B69: gasto xxxx | C69: Amortiz.Software Costo | D69: =IFERROR(INDEX(Tablas!$I$5:$I$1048576,MATCH(Tabla7[[#This Row],[Cuenta asociada]],Tablas!$H$5:$H$1048576,0),1),"") -> GASTOS DE DEPRECIACIÓN, MAQ Y EQUIPOS | E69: Soles | F69: =RANDBETWEEN(100,9000) -> 5400 | G69: =IF($A69="","",VLOOKUP(MONTH(A69),Tablas!$C$5:$D$16,2,0)) -> Marzo | H69: =IF($A69="","",YEAR(A69)) -> 2018

Sheet Tablas
B3: Años | D3: Meses | F3: Tipo de gasto | H3: Cuenta | I3: Tipo de gasto | J3: CODIGO ID
B5: 2014 | C5: 1 | D5: Enero | E5: 1 | F5: GASTOS DE PERSONAL | H5: Consumos | I5: GASTOS DE PERSONAL | J5: =IFERROR(INDEX($E$5:$F$14,MATCH($I5,$F$5:$F$14,0),1),"") -> 1 | K5: =IF($H5="","",COUNTIFS($I$5:I5,$I5)) -> 1 | L5: =IF($H5="","",_xlfn.CONCAT(J5,".",K5)) -> 1.1
B6: 2015 | C6: 2 | D6: Febrero | E6: 2 | F6: GASTOS DE SERVICIOS DE TERCEROS | H6: Sueldos | I6: GASTOS DE PERSONAL | J6: =IFERROR(INDEX($E$5:$F$14,MATCH($I6,$F$5:$F$14,0),1),"") -> 1 | K6: =IF($H6="","",COUNTIFS($I$5:I6,$I6)) -> 2 | L6: =IF($H6="","",_xlfn.CONCAT(J6,".",K6)) -> 1.2
B7: 2016 | C7: 3 | D7: Marzo | E7: 3 | F7: GASTOS DE GESTIÓN | H7: Gratif. Ordinarias Empleados | I7: GASTOS DE PERSONAL | J7: =IFERROR(INDEX($E$5:$F$14,MATCH($I7,$F$5:$F$14,0),1),"") -> 1 | K7: =IF($H7="","",COUNTIFS($I$5:I7,$I7)) -> 3 | L7: =IF($H7="","",_xlfn.CONCAT(J7,".",K7)) -> 1.3
B8: 2017 | C8: 4 | D8: Abril | E8: 4 | F8: GASTOS DE DEPRECIACIÓN, MAQ Y EQUIPOS | H8: Gratificaciones Extraordinarias Empleados | I8: GASTOS DE PERSONAL | J8: =IFERROR(INDEX($E$5:$F$14,MATCH($I8,$F$5:$F$14,0),1),"") -> 1 | K8: =IF($H8="","",COUNTIFS($I$5:I8,$I8)) -> 4 | L8: =IF($H8="","",_xlfn.CONCAT(J8,".",K8)) -> 1.4
B9: 2018 | C9: 5 | D9: Mayo | E9: 5 | F9: TIPO 5 | H9: Vacaciones | I9: GASTOS DE PERSONAL | J9: =IFERROR(INDEX($E$5:$F$14,MATCH($I9,$F$5:$F$14,0),1),"") -> 1 | K9: =IF($H9="","",COUNTIFS($I$5:I9,$I9)) -> 5 | L9: =IF($H9="","",_xlfn.CONCAT(J9,".",K9)) -> 1.5
B10: 2019 | C10: 6 | D10: Junio | E10: 6 | F10: TIPO 6 | H10: Descanso medico | I10: GASTOS DE PERSONAL | J10: =IFERROR(INDEX($E$5:$F$14,MATCH($I10,$F$5:$F$14,0),1),"") -> 1 | K10: =IF($H10="","",COUNTIFS($I$5:I10,$I10)) -> 6 | L10: =IF($H10="","",_xlfn.CONCAT(J10,".",K10)) -> 1.6
B11: 2020 | C11: 7 | D11: Julio | H11: Movilidad y/o servicio de Transporte | I11: GASTOS DE PERSONAL | J11: =IFERROR(INDEX($E$5:$F$14,MATCH($I11,$F$5:$F$14,0),1),"") -> 1 | K11: =IF($H11="","",COUNTIFS($I$5:I11,$I11)) -> 7 | L11: =IF($H11="","",_xlfn.CONCAT(J11,".",K11)) -> 1.7
B12: 2021 | C12: 8 | D12: Agosto | H12: Uniformes | I12: GASTOS DE PERSONAL | J12: =IFERROR(INDEX($E$5:$F$14,MATCH($I12,$F$5:$F$14,0),1),"") -> 1 | K12: =IF($H12="","",COUNTIFS($I$5:I12,$I12)) -> 8 | L12: =IF($H12="","",_xlfn.CONCAT(J12,".",K12)) -> 1.8
B13: 2022 | C13: 9 | D13: Septiembre | H13: Atenciones y obsequios al personal | I13: GASTOS DE PERSONAL | J13: =IFERROR(INDEX($E$5:$F$14,MATCH($I13,$F$5:$F$14,0),1),"") -> 1 | K13: =IF($H13="","",COUNTIFS($I$5:I13,$I13)) -> 9 | L13: =IF($H13="","",_xlfn.CONCAT(J13,".",K13)) -> 1.9
B14: 2023 | C14: 10 | D14: Octubre | H14: Tickets de alimentos | I14: GASTOS DE PERSONAL | J14: =IFERROR(INDEX($E$5:$F$14,MATCH($I14,$F$5:$F$14,0),1),"") -> 1 | K14: =IF($H14="","",COUNTIFS($I$5:I14,$I14)) -> 10 | L14: =IF($H14="","",_xlfn.CONCAT(J14,".",K14)) -> 1.10
B15: 2024 | C15: 11 | D15: Noviembre | H15: ESSALUD-RÚgimen de prestaciones de salud | I15: GASTOS DE PERSONAL | J15: =IFERROR(INDEX($E$5:$F$14,MATCH($I15,$F$5:$F$14,0),1),"") -> 1 | K15: =IF($H15="","",COUNTIFS($I$5:I15,$I15)) -> 11 | L15: =IF($H15="","",_xlfn.CONCAT(J15,".",K15)) -> 1.11
B16: 2025 | C16: 12 | D16: Diciembre | H16: SCTR-Seg complemntario trabajo de riesgo | I16: GASTOS DE PERSONAL | J16: =IFERROR(INDEX($E$5:$F$14,MATCH($I16,$F$5:$F$14,0),1),"") -> 1 | K16: =IF($H16="","",COUNTIFS($I$5:I16,$I16)) -> 12 | L16: =IF($H16="","",_xlfn.CONCAT(J16,".",K16)) -> 1.12
B17: 2026 | H17: Seguro de vida | I17: GASTOS DE PERSONAL | J17: =IFERROR(INDEX($E$5:$F$14,MATCH($I17,$F$5:$F$14,0),1),"") -> 1 | K17: =IF($H17="","",COUNTIFS($I$5:I17,$I17)) -> 13 | L17: =IF($H17="","",_xlfn.CONCAT(J17,".",K17)) -> 1.13
B18: 2027 | H18: Participacion de utilidades | I18: GASTOS DE PERSONAL | J18: =IFERROR(INDEX($E$5:$F$14,MATCH($I18,$F$5:$F$14,0),1),"") -> 1 | K18: =IF($H18="","",COUNTIFS($I$5:I18,$I18)) -> 14 | L18: =IF($H18="","",_xlfn.CONCAT(J18,".",K18)) -> 1.14
B19: 2028 | H19: Incentivo por cese | I19: GASTOS DE PERSONAL | J19: =IFERROR(INDEX($E$5:$F$14,MATCH($I19,$F$5:$F$14,0),1),"") -> 1 | K19: =IF($H19="","",COUNTIFS($I$5:I19,$I19)) -> 15 | L19: =IF($H19="","",_xlfn.CONCAT(J19,".",K19)) -> 1.15
B20: 2029 | H20: Indemnizacion Despido Arbitrario | I20: GASTOS DE PERSONAL | J20: =IFERROR(INDEX($E$5:$F$14,MATCH($I20,$F$5:$F$14,0),1),"") -> 1 | K20: =IF($H20="","",COUNTIFS($I$5:I20,$I20)) -> 16 | L20: =IF($H20="","",_xlfn.CONCAT(J20,".",K20)) -> 1.16
B21: 2030 | H21: CTS-Compensación por tiempo de servicio | I21: GASTOS DE PERSONAL | J21: =IFERROR(INDEX($E$5:$F$14,MATCH($I21,$F$5:$F$14,0),1),"") -> 1 | K21: =IF($H21="","",COUNTIFS($I$5:I21,$I21)) -> 17 | L21: =IF($H21="","",_xlfn.CONCAT(J21,".",K21)) -> 1.17
H22: Otros Fletes | I22: GASTOS DE SERVICIOS DE TERCEROS | J22: =IFERROR(INDEX($E$5:$F$14,MATCH($I22,$F$5:$F$14,0),1),"") -> 2 | K22: =IF($H22="","",COUNTIFS($I$5:I22,$I22)) -> 1 | L22: =IF($H22="","",_xlfn.CONCAT(J22,".",K22)) -> 2.1
H23: Estibas | I23: GASTOS DE SERVICIOS DE TERCEROS | J23: =IFERROR(INDEX($E$5:$F$14,MATCH($I23,$F$5:$F$14,0),1),"") -> 2 | K23: =IF($H23="","",COUNTIFS($I$5:I23,$I23)) -> 2 | L23: =IF($H23="","",_xlfn.CONCAT(J23,".",K23)) -> 2.2
H24: Flete Local | I24: GASTOS DE SERVICIOS DE TERCEROS | J24: =IFERROR(INDEX($E$5:$F$14,MATCH($I24,$F$5:$F$14,0),1),"") -> 2 | K24: =IF($H24="","",COUNTIFS($I$5:I24,$I24)) -> 3 | L24: =IF($H24="","",_xlfn.CONCAT(J24,".",K24)) -> 2.3
H25: Flete a Provincia | I25: GASTOS DE SERVICIOS DE TERCEROS | J25: =IFERROR(INDEX($E$5:$F$14,MATCH($I25,$F$5:$F$14,0),1),"") -> 2 | K25: =IF($H25="","",COUNTIFS($I$5:I25,$I25)) -> 4 | L25: =IF($H25="","",_xlfn.CONCAT(J25,".",K25)) -> 2.4
H26: Servicio de montacarga | I26: GASTOS DE SERVICIOS DE TERCEROS | J26: =IFERROR(INDEX($E$5:$F$14,MATCH($I26,$F$5:$F$14,0),1),"") -> 2 | K26: =IF($H26="","",COUNTIFS($I$5:I26,$I26)) -> 5 | L26: =IF($H26="","",_xlfn.CONCAT(J26,".",K26)) -> 2.5
H27: Gasto de viaje | I27: GASTOS DE SERVICIOS DE TERCEROS | J27: =IFERROR(INDEX($E$5:$F$14,MATCH($I27,$F$5:$F$14,0),1),"") -> 2 | K27: =IF($H27="","",COUNTIFS($I$5:I27,$I27)) -> 6 | L27: =IF($H27="","",_xlfn.CONCAT(J27,".",K27)) -> 2.6
H28: Consultorias | I28: GASTOS DE SERVICIOS DE TERCEROS | J28: =IFERROR(INDEX($E$5:$F$14,MATCH($I28,$F$5:$F$14,0),1),"") -> 2 | K28: =IF($H28="","",COUNTIFS($I$5:I28,$I28)) -> 7 | L28: =IF($H28="","",_xlfn.CONCAT(J28,".",K28)) -> 2.7
H29: Courier | I29: GASTOS DE SERVICIOS DE TERCEROS | J29: =IFERROR(INDEX($E$5:$F$14,MATCH($I29,$F$5:$F$14,0),1),"") -> 2 | K29: =IF($H29="","",COUNTIFS($I$5:I29,$I29)) -> 8 | L29: =IF($H29="","",_xlfn.CONCAT(J29,".",K29)) -> 2.8
H30: Mantenimiento / Reparaciones | I30: GASTOS DE SERVICIOS DE TERCEROS | J30: =IFERROR(INDEX($E$5:$F$14,MATCH($I30,$F$5:$F$14,0),1),"") -> 2 | K30: =IF($H30="","",COUNTIFS($I$5:I30,$I30)) -> 9 | L30: =IF($H30="","",_xlfn.CONCAT(J30,".",K30)) -> 2.9
H31: Reparaciones Vehiculos | I31: GASTOS DE SERVICIOS DE TERCEROS | J31: =IFERROR(INDEX($E$5:$F$14,MATCH($I31,$F$5:$F$14,0),1),"") -> 2 | K31: =IF($H31="","",COUNTIFS($I$5:I31,$I31)) -> 10 | L31: =IF($H31="","",_xlfn.CONCAT(J31,".",K31)) -> 2.10
H32: Alquileres | I32: GASTOS DE SERVICIOS DE TERCEROS | J32: =IFERROR(INDEX($E$5:$F$14,MATCH($I32,$F$5:$F$14,0),1),"") -> 2 | K32: =IF($H32="","",COUNTIFS($I$5:I32,$I32)) -> 11 | L32: =IF($H32="","",_xlfn.CONCAT(J32,".",K32)) -> 2.11
H33: Energia Electrica | I33: GASTOS DE SERVICIOS DE TERCEROS | J33: =IFERROR(INDEX($E$5:$F$14,MATCH($I33,$F$5:$F$14,0),1),"") -> 2 | K33: =IF($H33="","",COUNTIFS($I$5:I33,$I33)) -> 12 | L33: =IF($H33="","",_xlfn.CONCAT(J33,".",K33)) -> 2.12
... H69: Amortiz.Software Costo | I69: GASTOS DE DEPRECIACIÓN, MAQ Y EQUIPOS | J69: =IFERROR(INDEX($E$5:$F$14,MATCH($I69,$F$5:$F$14,0),1),"") -> 4 | K69: =IF($H69="","",COUNTIFS($I$5:I69,$I69)) -> 15 | L69: =IF($H69="","",_xlfn.CONCAT(J69,".",K69)) -> 4.15
J70: =IFERROR(INDEX($E$5:$F$14,MATCH($I70,$F$5:$F$14,0),1),"") | K70: =IF($H70="","",COUNTIFS($I$5:I70,$I70)) | L70: =IF($H70="","",_xlfn.CONCAT(J70,".",K70))
J71: =IFERROR(INDEX($E$5:$F$14,MATCH($I71,$F$5:$F$14,0),1),"") | K71: =IF($H71="","",COUNTIFS($I$5:I71,$I71)) | L71: =IF($H71="","",_xlfn.CONCAT(J71,".",K71))
J72: =IFERROR(INDEX($E$5:$F$14,MATCH($I72,$F$5:$F$14,0),1),"") | K72: =IF($H72="","",COUNTIFS($I$5:I72,$I72)) | L72: =IF($H72="","",_xlfn.CONCAT(J72,".",K72))
J73: =IFERROR(INDEX($E$5:$F$14,MATCH($I73,$F$5:$F$14,0),1),"") | K73: =IF($H73="","",COUNTIFS($I$5:I73,$I73)) | L73: =IF($H73="","",_xlfn.CONCAT(J73,".",K73))
J74: =IFERROR(INDEX($E$5:$F$14,MATCH($I74,$F$5:$F$14,0),1),"") | K74: =IF($H74="","",COUNTIFS($I$5:I74,$I74)) | L74: =IF($H74="","",_xlfn.CONCAT(J74,".",K74))
J75: =IFERROR(INDEX($E$5:$F$14,MATCH($I75,$F$5:$F$14,0),1),"") | K75: =IF($H75="","",COUNTIFS($I$5:I75,$I75)) | L75: =IF($H75="","",_xlfn.CONCAT(J75,".",K75))
J76: =IFERROR(INDEX($E$5:$F$14,MATCH($I76,$F$5:$F$14,0),1),"") | K76: =IF($H76="","",COUNTIFS($I$5:I76,$I76)) | L76: =IF($H76="","",_xlfn.CONCAT(J76,".",K76))
J77: =IFERROR(INDEX($E$5:$F$14,MATCH($I77,$F$5:$F$14,0),1),"") | K77: =IF($H77="","",COUNTIFS($I$5:I77,$I77)) | L77: =IF($H77="","",_xlfn.CONCAT(J77,".",K77))
J78: =IFERROR(INDEX($E$5:$F$14,MATCH($I78,$F$5:$F$14,0),1),"") | K78: =IF($H78="","",COUNTIFS($I$5:I78,$I78)) | L78: =IF($H78="","",_xlfn.CONCAT(J78,".",K78))
J79: =IFERROR(INDEX($E$5:$F$14,MATCH($I79,$F$5:$F$14,0),1),"") | K79: =IF($H79="","",COUNTIFS($I$5:I79,$I79)) | L79: =IF($H79="","",_xlfn.CONCAT(J79,".",K79))
J80: =IFERROR(INDEX($E$5:$F$14,MATCH($I80,$F$5:$F$14,0),1),"") | K80: =IF($H80="","",COUNTIFS($I$5:I80,$I80)) | L80: =IF($H80="","",_xlfn.CONCAT(J80,".",K80))
J81: =IFERROR(INDEX($E$5:$F$14,MATCH($I81,$F$5:$F$14,0),1),"") | K81: =IF($H81="","",COUNTIFS($I$5:I81,$I81)) | L81: =IF($H81="","",_xlfn.CONCAT(J81,".",K81))
... J158: =IFERROR(INDEX($E$5:$F$14,MATCH($I158,$F$5:$F$14,0),1),"") | K158: =IF($H158="","",COUNTIFS($I$5:I158,$I158)) | L158: =IF($H158="","",_xlfn.CONCAT(J158,".",K158))
